Workbook
Name Anlage_dBIR: Anlage_dBIR!$B$1:$D$2554
Name ANT_datum: Antrag!$D$103
Name ANT_unterschrift: Antrag!$F$103
Name erg_budgets: Antragsteller!$H$5
Name ID_antrag: Antrag!$F$9
Name Kontrollkästchen10: Antrag!#REF!
Name Kontrollkästchen7: Antrag!$K$9
Name md_zupruefen: Maßnahmendurchführung!$S$1
Name mdm: [1]Maßnahmenplanung!#REF!
Name mdm: Maßnahmendurchführung!#REF!
Name mdm: MUSTERBEFÜLLUNG!#REF!
Name mdm: [2]Maßnahmenplanung!#REF!
Name mdm: Maßnahmenplanung!#REF!
Name mp_zupruefen: Maßnahmenplanung!$M$1
Name Rechnungsdatum_max: Diverses!$G$18
Name Rechnungsdatum_min: Diverses!$G$16
Name SAT_anz: Antragsteller!$I$6
Name SCH_anz: Antragsteller!$A$2
Name schulen: [1]SCHULEN!#REF!
Name schulen: [2]SCHULEN!#REF!
Name schulen_allgbild: [1]SCHULEN!#REF!
Name schulen_allgbild: [2]SCHULEN!#REF!
Name SCHULLISTE: SCHULLISTE!$A$1:$U$6317
Name schulzahl: [1]SCHULEN!#REF!
Name schulzahl: [2]SCHULEN!#REF!
Name schulzahl_allgbild: [1]SCHULEN!#REF!
Name schulzahl_allgbild: [2]SCHULEN!#REF!
Name server: [1]Maßnahmenplanung!#REF!
Name server: Maßnahmendurchführung!#REF!
Name server: [2]Maßnahmenplanung!#REF!
Name SuS_anz: Antragsteller!$A$3
Name teil1_aus: ABRECHNUNG!$C$26
Name teil2_aus: ABRECHNUNG!$C$27
Name teil3_aus: ABRECHNUNG!$C$28
Name Text26: Antrag!$K$10
Name Text3: Antrag!$D$27
Name Text5: Antrag!$D$71
Name zahl_antragsteller: Diverses!$G$12
Name zahl_massnahmen: Diverses!$G$13
Name zuw_bew_1: ABRECHNUNG!$C$20
Name zuw_bew_2: ABRECHNUNG!$C$21
Name zuw_bew_3: ABRECHNUNG!$C$22
Name zuw_bew_4: ABRECHNUNG!$C$23
Name zuw_nach: ABRECHNUNG!$C$25

Sheet Maßnahmendurchführung
A1: =Maßnahmenplanung!A1 -> 10 | B1: Fördergegenstand gem. dBIR Nr. 2 | C1: Spezifizierung der Maßnahme | D1: ggf. weitere Spezifizierung der Maßnahme | E1: Ort der Maßnahmen-umsetzung | F1: pädagogisch-technischer Einsatzzweck: konkrete Beschreibung der Nutzung durch die Schulen für unterrichtsbezogene Zwecke | G1: geprüfte zuwendungs-fähige Gesamt-kosten laut Planung | H1: Auftragsdatum (bei Rahmen-verträgen Tag des Abrufs) | I1: Rechnungs- datum (bei mehreren Rechnungen spätestes Datum) | J1: Bisherige Gesamtkosten (geleistete Zahlungen) | K1: … davon zuwendungs-fähige bisherige Gesamtkosten | L1: zukünftig anfallende Miet-/ Leasing-/ Lizenzausgaben | M1: … davon zuwendungs-fähige zukünftig anfallende Ausgaben | N1: Dem Grunde nach zuwendungs-fähig? | O1: zuwendungs- fähige Gesamtkosten (ohne Beachtung von Höchstbeträgen) | P1: … davon bereits angefallen | Q1: … davon zukünftig anfallend | R1: Begründung bei Minderung oder Streichung | S1: =COUNTIFS(tab_MD[md_prf],"=FALSCH") -> 0 | T1: Zur Weiterverarbeitung…
A2: md_nr | B2: md_gegenstand | C2: md_kategorie | D2: md_subkategorie | E2: md_ort | F2: md_beschreibung | G2: md_bew | H2: md_auftragsdatum | I2: md_rechnungsdatum | J2: md_kosten_bisher | K2: md_zuwf_bisher | L2: md_kosten_zukunft | M2: md_zuwf_zukunft | N2: md_prf_erg | O2: md_prf_ges | P2: md_prf_bisher | Q2: md_prf_zukunft | R2: md_prf_begr | S2: md_prf | T2: umgesetzt
A3: =ROW()-2 -> 1 | B3: =IFERROR(IF(tab_MP[[#This Row],[mp_gegenstand]]<>"",tab_MP[[#This Row],[mp_gegenstand]],""),"") | C3: =IFERROR(IF(tab_MP[[#This Row],[mp_kategorie]]<>"",tab_MP[[#This Row],[mp_kategorie]],""),"") | D3: =IFERROR(IF(tab_MP[[#This Row],[mp_subkategorie]]<>"",tab_MP[[#This Row],[mp_subkategorie]],""),"") | E3: =IFERROR(IF(tab_MP[[#This Row],[mp_ort]]<>"",tab_MP[[#This Row],[mp_ort]],""),"") | F3: =IFERROR(IF(tab_MP[[#This Row],[mp_beschreibung]]<>"",tab_MP[[#This Row],[mp_beschreibung]],""),"") | G3: =IFERROR(IF(tab_MP[[#This Row],[prf_mp_ges]]<>"",tab_MP[[#This Row],[prf_mp_ges]],""),"") | O3: =IF(AND(tab_MD[[#This Row],[md_prf_erg]]<>"",tab_MD[[#This Row],[md_prf_bisher]]>=0,tab_MD[[#This Row],[md_prf_zukunft]]>=0),tab_MD[[#This Row],[md_prf_bisher]]+tab_MD[[#This Row],[md_prf_zukunft]],"") | P3: =IF(tab_MD[[#This Row],[md_prf_erg]]="ja",tab_MD[[#This Row],[md_zuwf_bisher]],IF(tab_MD[[#This Row],[md_prf_erg]]="nein",0,IF(tab_MD[[#This Row],[md_prf_erg]]="teilweise",-1,""))) | Q3: =IF(tab_MD[[#This Row],[md_prf_erg]]="ja",tab_MD[[#This Row],[md_zuwf_zukunft]],IF(tab_MD[[#This Row],[md_prf_erg]]="nein",0,IF(tab_MD[[#This Row],[md_prf_erg]]="teilweise",-1,""))) | S3: =AND(OR(AND(tab_MD[[#This Row],[md_zuwf_bisher]]="",tab_MD[[#This Row],[md_zuwf_zukunft]]=""),AND(OR(tab_MD[[#This Row],[md_zuwf_bisher]]<>"",tab_MD[[#This Row],[md_zuwf_zukunft]]<>""),tab_MD[[#This Row],[md_prf_erg]]<>"")),tab_MD[[#This Row],[md_prf_bisher]]<>-1,tab_MD[[#This Row],[md_prf_zukunft]]<>-1) -> TRUE | T3: =IF(tab_MD[[#This Row],[md_gegenstand]]<>"",IF(SUM(tab_MD[[#This Row],[md_kosten_bisher]:[md_zuwf_zukunft]])>0,"ja","nein"),"")
A4: =ROW()-2 -> 2 | B4: =IFERROR(IF(tab_MP[[#This Row],[mp_gegenstand]]<>"",tab_MP[[#This Row],[mp_gegenstand]],""),"") | C4: =IFERROR(IF(tab_MP[[#This Row],[mp_kategorie]]<>"",tab_MP[[#This Row],[mp_kategorie]],""),"") | D4: =IFERROR(IF(tab_MP[[#This Row],[mp_subkategorie]]<>"",tab_MP[[#This Row],[mp_subkategorie]],""),"") | E4: =IFERROR(IF(tab_MP[[#This Row],[mp_ort]]<>"",tab_MP[[#This Row],[mp_ort]],""),"") | F4: =IFERROR(IF(tab_MP[[#This Row],[mp_beschreibung]]<>"",tab_MP[[#This Row],[mp_beschreibung]],""),"") | G4: =IFERROR(IF(tab_MP[[#This Row],[prf_mp_ges]]<>"",tab_MP[[#This Row],[prf_mp_ges]],""),"") | O4: =IF(AND(tab_MD[[#This Row],[md_prf_erg]]<>"",tab_MD[[#This Row],[md_prf_bisher]]>=0,tab_MD[[#This Row],[md_prf_zukunft]]>=0),tab_MD[[#This Row],[md_prf_bisher]]+tab_MD[[#This Row],[md_prf_zukunft]],"") | P4: =IF(tab_MD[[#This Row],[md_prf_erg]]="ja",tab_MD[[#This Row],[md_zuwf_bisher]],IF(tab_MD[[#This Row],[md_prf_erg]]="nein",0,IF(tab_MD[[#This Row],[md_prf_erg]]="teilweise",-1,""))) | Q4: =IF(tab_MD[[#This Row],[md_prf_erg]]="ja",tab_MD[[#This Row],[md_zuwf_zukunft]],IF(tab_MD[[#This Row],[md_prf_erg]]="nein",0,IF(tab_MD[[#This Row],[md_prf_erg]]="teilweise",-1,""))) | S4: =AND(OR(AND(tab_MD[[#This Row],[md_zuwf_bisher]]="",tab_MD[[#This Row],[md_zuwf_zukunft]]=""),AND(OR(tab_MD[[#This Row],[md_zuwf_bisher]]<>"",tab_MD[[#This Row],[md_zuwf_zukunft]]<>""),tab_MD[[#This Row],[md_prf_erg]]<>"")),tab_MD[[#This Row],[md_prf_bisher]]<>-1,tab_MD[[#This Row],[md_prf_zukunft]]<>-1) -> TRUE | T4: =IF(tab_MD[[#This Row],[md_gegenstand]]<>"",IF(SUM(tab_MD[[#This Row],[md_kosten_bisher]:[md_zuwf_zukunft]])>0,"ja","nein"),"")
A5: =ROW()-2 -> 3 | B5: =IFERROR(IF(tab_MP[[#This Row],[mp_gegenstand]]<>"",tab_MP[[#This Row],[mp_gegenstand]],""),"") | C5: =IFERROR(IF(tab_MP[[#This Row],[mp_kategorie]]<>"",tab_MP[[#This Row],[mp_kategorie]],""),"") | D5: =IFERROR(IF(tab_MP[[#This Row],[mp_subkategorie]]<>"",tab_MP[[#This Row],[mp_subkategorie]],""),"") | E5: =IFERROR(IF(tab_MP[[#This Row],[mp_ort]]<>"",tab_MP[[#This Row],[mp_ort]],""),"") | F5: =IFERROR(IF(tab_MP[[#This Row],[mp_beschreibung]]<>"",tab_MP[[#This Row],[mp_beschreibung]],""),"") | G5: =IFERROR(IF(tab_MP[[#This Row],[prf_mp_ges]]<>"",tab_MP[[#This Row],[prf_mp_ges]],""),"") | O5: =IF(AND(tab_MD[[#This Row],[md_prf_erg]]<>"",tab_MD[[#This Row],[md_prf_bisher]]>=0,tab_MD[[#This Row],[md_prf_zukunft]]>=0),tab_MD[[#This Row],[md_prf_bisher]]+tab_MD[[#This Row],[md_prf_zukunft]],"") | P5: =IF(tab_MD[[#This Row],[md_prf_erg]]="ja",tab_MD[[#This Row],[md_zuwf_bisher]],IF(tab_MD[[#This Row],[md_prf_erg]]="nein",0,IF(tab_MD[[#This Row],[md_prf_erg]]="teilweise",-1,""))) | Q5: =IF(tab_MD[[#This Row],[md_prf_erg]]="ja",tab_MD[[#This Row],[md_zuwf_zukunft]],IF(tab_MD[[#This Row],[md_prf_erg]]="nein",0,IF(tab_MD[[#This Row],[md_prf_erg]]="teilweise",-1,""))) | S5: =AND(OR(AND(tab_MD[[#This Row],[md_zuwf_bisher]]="",tab_MD[[#This Row],[md_zuwf_zukunft]]=""),AND(OR(tab_MD[[#This Row],[md_zuwf_bisher]]<>"",tab_MD[[#This Row],[md_zuwf_zukunft]]<>""),tab_MD[[#This Row],[md_prf_erg]]<>"")),tab_MD[[#This Row],[md_prf_bisher]]<>-1,tab_MD[[#This Row],[md_prf_zukunft]]<>-1) -> TRUE | T5: =IF(tab_MD[[#This Row],[md_gegenstand]]<>"",IF(SUM(tab_MD[[#This Row],[md_kosten_bisher]:[md_zuwf_zukunft]])>0,"ja","nein"),"")
A6: =ROW()-2 -> 4 | B6: =IFERROR(IF(tab_MP[[#This Row],[mp_gegenstand]]<>"",tab_MP[[#This Row],[mp_gegenstand]],""),"") | C6: =IFERROR(IF(tab_MP[[#This Row],[mp_kategorie]]<>"",tab_MP[[#This Row],[mp_kategorie]],""),"") | D6: =IFERROR(IF(tab_MP[[#This Row],[mp_subkategorie]]<>"",tab_MP[[#This Row],[mp_subkategorie]],""),"") | E6: =IFERROR(IF(tab_MP[[#This Row],[mp_ort]]<>"",tab_MP[[#This Row],[mp_ort]],""),"") | F6: =IFERROR(IF(tab_MP[[#This Row],[mp_beschreibung]]<>"",tab_MP[[#This Row],[mp_beschreibung]],""),"") | G6: =IFERROR(IF(tab_MP[[#This Row],[prf_mp_ges]]<>"",tab_MP[[#This Row],[prf_mp_ges]],""),"") | O6: =IF(AND(tab_MD[[#This Row],[md_prf_erg]]<>"",tab_MD[[#This Row],[md_prf_bisher]]>=0,tab_MD[[#This Row],[md_prf_zukunft]]>=0),tab_MD[[#This Row],[md_prf_bisher]]+tab_MD[[#This Row],[md_prf_zukunft]],"") | P6: =IF(tab_MD[[#This Row],[md_prf_erg]]="ja",tab_MD[[#This Row],[md_zuwf_bisher]],IF(tab_MD[[#This Row],[md_prf_erg]]="nein",0,IF(tab_MD[[#This Row],[md_prf_erg]]="teilweise",-1,""))) | Q6: =IF(tab_MD[[#This Row],[md_prf_erg]]="ja",tab_MD[[#This Row],[md_zuwf_zukunft]],IF(tab_MD[[#This Row],[md_prf_erg]]="nein",0,IF(tab_MD[[#This Row],[md_prf_erg]]="teilweise",-1,""))) | S6: =AND(OR(AND(tab_MD[[#This Row],[md_zuwf_bisher]]="",tab_MD[[#This Row],[md_zuwf_zukunft]]=""),AND(OR(tab_MD[[#This Row],[md_zuwf_bisher]]<>"",tab_MD[[#This Row],[md_zuwf_zukunft]]<>""),tab_MD[[#This Row],[md_prf_erg]]<>"")),tab_MD[[#This Row],[md_prf_bisher]]<>-1,tab_MD[[#This Row],[md_prf_zukunft]]<>-1) -> TRUE | T6: =IF(tab_MD[[#This Row],[md_gegenstand]]<>"",IF(SUM(tab_MD[[#This Row],[md_kosten_bisher]:[md_zuwf_zukunft]])>0,"ja","nein"),"")
A7: =ROW()-2 -> 5 | B7: =IFERROR(IF(tab_MP[[#This Row],[mp_gegenstand]]<>"",tab_MP[[#This Row],[mp_gegenstand]],""),"") | C7: =IFERROR(IF(tab_MP[[#This Row],[mp_kategorie]]<>"",tab_MP[[#This Row],[mp_kategorie]],""),"") | D7: =IFERROR(IF(tab_MP[[#This Row],[mp_subkategorie]]<>"",tab_MP[[#This Row],[mp_subkategorie]],""),"") | E7: =IFERROR(IF(tab_MP[[#This Row],[mp_ort]]<>"",tab_MP[[#This Row],[mp_ort]],""),"") | F7: =IFERROR(IF(tab_MP[[#This Row],[mp_beschreibung]]<>"",tab_MP[[#This Row],[mp_beschreibung]],""),"") | G7: =IFERROR(IF(tab_MP[[#This Row],[prf_mp_ges]]<>"",tab_MP[[#This Row],[prf_mp_ges]],""),"") | O7: =IF(AND(tab_MD[[#This Row],[md_prf_erg]]<>"",tab_MD[[#This Row],[md_prf_bisher]]>=0,tab_MD[[#This Row],[md_prf_zukunft]]>=0),tab_MD[[#This Row],[md_prf_bisher]]+tab_MD[[#This Row],[md_prf_zukunft]],"") | P7: =IF(tab_MD[[#This Row],[md_prf_erg]]="ja",tab_MD[[#This Row],[md_zuwf_bisher]],IF(tab_MD[[#This Row],[md_prf_erg]]="nein",0,IF(tab_MD[[#This Row],[md_prf_erg]]="teilweise",-1,""))) | Q7: =IF(tab_MD[[#This Row],[md_prf_erg]]="ja",tab_MD[[#This Row],[md_zuwf_zukunft]],IF(tab_MD[[#This Row],[md_prf_erg]]="nein",0,IF(tab_MD[[#This Row],[md_prf_erg]]="teilweise",-1,""))) | S7: =AND(OR(AND(tab_MD[[#This Row],[md_zuwf_bisher]]="",tab_MD[[#This Row],[md_zuwf_zukunft]]=""),AND(OR(tab_MD[[#This Row],[md_zuwf_bisher]]<>"",tab_MD[[#This Row],[md_zuwf_zukunft]]<>""),tab_MD[[#This Row],[md_prf_erg]]<>"")),tab_MD[[#This Row],[md_prf_bisher]]<>-1,tab_MD[[#This Row],[md_prf_zukunft]]<>-1) -> TRUE | T7: =IF(tab_MD[[#This Row],[md_gegenstand]]<>"",IF(SUM(tab_MD[[#This Row],[md_kosten_bisher]:[md_zuwf_zukunft]])>0,"ja","nein"),"")
A8: =ROW()-2 -> 6 | B8: =IFERROR(IF(tab_MP[[#This Row],[mp_gegenstand]]<>"",tab_MP[[#This Row],[mp_gegenstand]],""),"") | C8: =IFERROR(IF(tab_MP[[#This Row],[mp_kategorie]]<>"",tab_MP[[#This Row],[mp_kategorie]],""),"") | D8: =IFERROR(IF(tab_MP[[#This Row],[mp_subkategorie]]<>"",tab_MP[[#This Row],[mp_subkategorie]],""),"") | E8: =IFERROR(IF(tab_MP[[#This Row],[mp_ort]]<>"",tab_MP[[#This Row],[mp_ort]],""),"") | F8: =IFERROR(IF(tab_MP[[#This Row],[mp_beschreibung]]<>"",tab_MP[[#This Row],[mp_beschreibung]],""),"") | G8: =IFERROR(IF(tab_MP[[#This Row],[prf_mp_ges]]<>"",tab_MP[[#This Row],[prf_mp_ges]],""),"") | O8: =IF(AND(tab_MD[[#This Row],[md_prf_erg]]<>"",tab_MD[[#This Row],[md_prf_bisher]]>=0,tab_MD[[#This Row],[md_prf_zukunft]]>=0),tab_MD[[#This Row],[md_prf_bisher]]+tab_MD[[#This Row],[md_prf_zukunft]],"") | P8: =IF(tab_MD[[#This Row],[md_prf_erg]]="ja",tab_MD[[#This Row],[md_zuwf_bisher]],IF(tab_MD[[#This Row],[md_prf_erg]]="nein",0,IF(tab_MD[[#This Row],[md_prf_erg]]="teilweise",-1,""))) | Q8: =IF(tab_MD[[#This Row],[md_prf_erg]]="ja",tab_MD[[#This Row],[md_zuwf_zukunft]],IF(tab_MD[[#This Row],[md_prf_erg]]="nein",0,IF(tab_MD[[#This Row],[md_prf_erg]]="teilweise",-1,""))) | S8: =AND(OR(AND(tab_MD[[#This Row],[md_zuwf_bisher]]="",tab_MD[[#This Row],[md_zuwf_zukunft]]=""),AND(OR(tab_MD[[#This Row],[md_zuwf_bisher]]<>"",tab_MD[[#This Row],[md_zuwf_zukunft]]<>""),tab_MD[[#This Row],[md_prf_erg]]<>"")),tab_MD[[#This Row],[md_prf_bisher]]<>-1,tab_MD[[#This Row],[md_prf_zukunft]]<>-1) -> TRUE | T8: =IF(tab_MD[[#This Row],[md_gegenstand]]<>"",IF(SUM(tab_MD[[#This Row],[md_kosten_bisher]:[md_zuwf_zukunft]])>0,"ja","nein"),"")
A9: =ROW()-2 -> 7 | B9: =IFERROR(IF(tab_MP[[#This Row],[mp_gegenstand]]<>"",tab_MP[[#This Row],[mp_gegenstand]],""),"") | C9: =IFERROR(IF(tab_MP[[#This Row],[mp_kategorie]]<>"",tab_MP[[#This Row],[mp_kategorie]],""),"") | D9: =IFERROR(IF(tab_MP[[#This Row],[mp_subkategorie]]<>"",tab_MP[[#This Row],[mp_subkategorie]],""),"") | E9: =IFERROR(IF(tab_MP[[#This Row],[mp_ort]]<>"",tab_MP[[#This Row],[mp_ort]],""),"") | F9: =IFERROR(IF(tab_MP[[#This Row],[mp_beschreibung]]<>"",tab_MP[[#This Row],[mp_beschreibung]],""),"") | G9: =IFERROR(IF(tab_MP[[#This Row],[prf_mp_ges]]<>"",tab_MP[[#This Row],[prf_mp_ges]],""),"") | O9: =IF(AND(tab_MD[[#This Row],[md_prf_erg]]<>"",tab_MD[[#This Row],[md_prf_bisher]]>=0,tab_MD[[#This Row],[md_prf_zukunft]]>=0),tab_MD[[#This Row],[md_prf_bisher]]+tab_MD[[#This Row],[md_prf_zukunft]],"") | P9: =IF(tab_MD[[#This Row],[md_prf_erg]]="ja",tab_MD[[#This Row],[md_zuwf_bisher]],IF(tab_MD[[#This Row],[md_prf_erg]]="nein",0,IF(tab_MD[[#This Row],[md_prf_erg]]="teilweise",-1,""))) | Q9: =IF(tab_MD[[#This Row],[md_prf_erg]]="ja",tab_MD[[#This Row],[md_zuwf_zukunft]],IF(tab_MD[[#This Row],[md_prf_erg]]="nein",0,IF(tab_MD[[#This Row],[md_prf_erg]]="teilweise",-1,""))) | S9: =AND(OR(AND(tab_MD[[#This Row],[md_zuwf_bisher]]="",tab_MD[[#This Row],[md_zuwf_zukunft]]=""),AND(OR(tab_MD[[#This Row],[md_zuwf_bisher]]<>"",tab_MD[[#This Row],[md_zuwf_zukunft]]<>""),tab_MD[[#This Row],[md_prf_erg]]<>"")),tab_MD[[#This Row],[md_prf_bisher]]<>-1,tab_MD[[#This Row],[md_prf_zukunft]]<>-1) -> TRUE | T9: =IF(tab_MD[[#This Row],[md_gegenstand]]<>"",IF(SUM(tab_MD[[#This Row],[md_kosten_bisher]:[md_zuwf_zukunft]])>0,"ja","nein"),"")
A10: =ROW()-2 -> 8 | B10: =IFERROR(IF(tab_MP[[#This Row],[mp_gegenstand]]<>"",tab_MP[[#This Row],[mp_gegenstand]],""),"") | C10: =IFERROR(IF(tab_MP[[#This Row],[mp_kategorie]]<>"",tab_MP[[#This Row],[mp_kategorie]],""),"") | D10: =IFERROR(IF(tab_MP[[#This Row],[mp_subkategorie]]<>"",tab_MP[[#This Row],[mp_subkategorie]],""),"") | E10: =IFERROR(IF(tab_MP[[#This Row],[mp_ort]]<>"",tab_MP[[#This Row],[mp_ort]],""),"") | F10: =IFERROR(IF(tab_MP[[#This Row],[mp_beschreibung]]<>"",tab_MP[[#This Row],[mp_beschreibung]],""),"") | G10: =IFERROR(IF(tab_MP[[#This Row],[prf_mp_ges]]<>"",tab_MP[[#This Row],[prf_mp_ges]],""),"") | O10: =IF(AND(tab_MD[[#This Row],[md_prf_erg]]<>"",tab_MD[[#This Row],[md_prf_bisher]]>=0,tab_MD[[#This Row],[md_prf_zukunft]]>=0),tab_MD[[#This Row],[md_prf_bisher]]+tab_MD[[#This Row],[md_prf_zukunft]],"") | P10: =IF(tab_MD[[#This Row],[md_prf_erg]]="ja",tab_MD[[#This Row],[md_zuwf_bisher]],IF(tab_MD[[#This Row],[md_prf_erg]]="nein",0,IF(tab_MD[[#This Row],[md_prf_erg]]="teilweise",-1,""))) | Q10: =IF(tab_MD[[#This Row],[md_prf_erg]]="ja",tab_MD[[#This Row],[md_zuwf_zukunft]],IF(tab_MD[[#This Row],[md_prf_erg]]="nein",0,IF(tab_MD[[#This Row],[md_prf_erg]]="teilweise",-1,""))) | S10: =AND(OR(AND(tab_MD[[#This Row],[md_zuwf_bisher]]="",tab_MD[[#This Row],[md_zuwf_zukunft]]=""),AND(OR(tab_MD[[#This Row],[md_zuwf_bisher]]<>"",tab_MD[[#This Row],[md_zuwf_zukunft]]<>""),tab_MD[[#This Row],[md_prf_erg]]<>"")),tab_MD[[#This Row],[md_prf_bisher]]<>-1,tab_MD[[#This Row],[md_prf_zukunft]]<>-1) -> TRUE | T10: =IF(tab_MD[[#This Row],[md_gegenstand]]<>"",IF(SUM(tab_MD[[#This Row],[md_kosten_bisher]:[md_zuwf_zukunft]])>0,"ja","nein"),"")
A11: =ROW()-2 -> 9 | B11: =IFERROR(IF(tab_MP[[#This Row],[mp_gegenstand]]<>"",tab_MP[[#This Row],[mp_gegenstand]],""),"") | C11: =IFERROR(IF(tab_MP[[#This Row],[mp_kategorie]]<>"",tab_MP[[#This Row],[mp_kategorie]],""),"") | D11: =IFERROR(IF(tab_MP[[#This Row],[mp_subkategorie]]<>"",tab_MP[[#This Row],[mp_subkategorie]],""),"") | E11: =IFERROR(IF(tab_MP[[#This Row],[mp_ort]]<>"",tab_MP[[#This Row],[mp_ort]],""),"") | F11: =IFERROR(IF(tab_MP[[#This Row],[mp_beschreibung]]<>"",tab_MP[[#This Row],[mp_beschreibung]],""),"") | G11: =IFERROR(IF(tab_MP[[#This Row],[prf_mp_ges]]<>"",tab_MP[[#This Row],[prf_mp_ges]],""),"") | O11: =IF(AND(tab_MD[[#This Row],[md_prf_erg]]<>"",tab_MD[[#This Row],[md_prf_bisher]]>=0,tab_MD[[#This Row],[md_prf_zukunft]]>=0),tab_MD[[#This Row],[md_prf_bisher]]+tab_MD[[#This Row],[md_prf_zukunft]],"") | P11: =IF(tab_MD[[#This Row],[md_prf_erg]]="ja",tab_MD[[#This Row],[md_zuwf_bisher]],IF(tab_MD[[#This Row],[md_prf_erg]]="nein",0,IF(tab_MD[[#This Row],[md_prf_erg]]="teilweise",-1,""))) | Q11: =IF(tab_MD[[#This Row],[md_prf_erg]]="ja",tab_MD[[#This Row],[md_zuwf_zukunft]],IF(tab_MD[[#This Row],[md_prf_erg]]="nein",0,IF(tab_MD[[#This Row],[md_prf_erg]]="teilweise",-1,""))) | S11: =AND(OR(AND(tab_MD[[#This Row],[md_zuwf_bisher]]="",tab_MD[[#This Row],[md_zuwf_zukunft]]=""),AND(OR(tab_MD[[#This Row],[md_zuwf_bisher]]<>"",tab_MD[[#This Row],[md_zuwf_zukunft]]<>""),tab_MD[[#This Row],[md_prf_erg]]<>"")),tab_MD[[#This Row],[md_prf_bisher]]<>-1,tab_MD[[#This Row],[md_prf_zukunft]]<>-1) -> TRUE | T11: =IF(tab_MD[[#This Row],[md_gegenstand]]<>"",IF(SUM(tab_MD[[#This Row],[md_kosten_bisher]:[md_zuwf_zukunft]])>0,"ja","nein"),"")
A12: =ROW()-2 -> 10 | B12: =IFERROR(IF(tab_MP[[#This Row],[mp_gegenstand]]<>"",tab_MP[[#This Row],[mp_gegenstand]],""),"") | C12: =IFERROR(IF(tab_MP[[#This Row],[mp_kategorie]]<>"",tab_MP[[#This Row],[mp_kategorie]],""),"") | D12: =IFERROR(IF(tab_MP[[#This Row],[mp_subkategorie]]<>"",tab_MP[[#This Row],[mp_subkategorie]],""),"") | E12: =IFERROR(IF(tab_MP[[#This Row],[mp_ort]]<>"",tab_MP[[#This Row],[mp_ort]],""),"") | F12: =IFERROR(IF(tab_MP[[#This Row],[mp_beschreibung]]<>"",tab_MP[[#This Row],[mp_beschreibung]],""),"") | G12: =IFERROR(IF(tab_MP[[#This Row],[prf_mp_ges]]<>"",tab_MP[[#This Row],[prf_mp_ges]],""),"") | O12: =IF(AND(tab_MD[[#This Row],[md_prf_erg]]<>"",tab_MD[[#This Row],[md_prf_bisher]]>=0,tab_MD[[#This Row],[md_prf_zukunft]]>=0),tab_MD[[#This Row],[md_prf_bisher]]+tab_MD[[#This Row],[md_prf_zukunft]],"") | P12: =IF(tab_MD[[#This Row],[md_prf_erg]]="ja",tab_MD[[#This Row],[md_zuwf_bisher]],IF(tab_MD[[#This Row],[md_prf_erg]]="nein",0,IF(tab_MD[[#This Row],[md_prf_erg]]="teilweise",-1,""))) | Q12: =IF(tab_MD[[#This Row],[md_prf_erg]]="ja",tab_MD[[#This Row],[md_zuwf_zukunft]],IF(tab_MD[[#This Row],[md_prf_erg]]="nein",0,IF(tab_MD[[#This Row],[md_prf_erg]]="teilweise",-1,""))) | S12: =AND(OR(AND(tab_MD[[#This Row],[md_zuwf_bisher]]="",tab_MD[[#This Row],[md_zuwf_zukunft]]=""),AND(OR(tab_MD[[#This Row],[md_zuwf_bisher]]<>"",tab_MD[[#This Row],[md_zuwf_zukunft]]<>""),tab_MD[[#This Row],[md_prf_erg]]<>"")),tab_MD[[#This Row],[md_prf_bisher]]<>-1,tab_MD[[#This Row],[md_prf_zukunft]]<>-1) -> TRUE | T12: =IF(tab_MD[[#This Row],[md_gegenstand]]<>"",IF(SUM(tab_MD[[#This Row],[md_kosten_bisher]:[md_zuwf_zukunft]])>0,"ja","nein"),"")
A13: =ROW()-2 -> 11 | B13: =IFERROR(IF(tab_MP[[#This Row],[mp_gegenstand]]<>"",tab_MP[[#This Row],[mp_gegenstand]],""),"") | C13: =IFERROR(IF(tab_MP[[#This Row],[mp_kategorie]]<>"",tab_MP[[#This Row],[mp_kategorie]],""),"") | D13: =IFERROR(IF(tab_MP[[#This Row],[mp_subkategorie]]<>"",tab_MP[[#This Row],[mp_subkategorie]],""),"") | E13: =IFERROR(IF(tab_MP[[#This Row],[mp_ort]]<>"",tab_MP[[#This Row],[mp_ort]],""),"") | F13: =IFERROR(IF(tab_MP[[#This Row],[mp_beschreibung]]<>"",tab_MP[[#This Row],[mp_beschreibung]],""),"") | G13: =IFERROR(IF(tab_MP[[#This Row],[prf_mp_ges]]<>"",tab_MP[[#This Row],[prf_mp_ges]],""),"") | O13: =IF(AND(tab_MD[[#This Row],[md_prf_erg]]<>"",tab_MD[[#This Row],[md_prf_bisher]]>=0,tab_MD[[#This Row],[md_prf_zukunft]]>=0),tab_MD[[#This Row],[md_prf_bisher]]+tab_MD[[#This Row],[md_prf_zukunft]],"") | P13: =IF(tab_MD[[#This Row],[md_prf_erg]]="ja",tab_MD[[#This Row],[md_zuwf_bisher]],IF(tab_MD[[#This Row],[md_prf_erg]]="nein",0,IF(tab_MD[[#This Row],[md_prf_erg]]="teilweise",-1,""))) | Q13: =IF(tab_MD[[#This Row],[md_prf_erg]]="ja",tab_MD[[#This Row],[md_zuwf_zukunft]],IF(tab_MD[[#This Row],[md_prf_erg]]="nein",0,IF(tab_MD[[#This Row],[md_prf_erg]]="teilweise",-1,""))) | S13: =AND(OR(AND(tab_MD[[#This Row],[md_zuwf_bisher]]="",tab_MD[[#This Row],[md_zuwf_zukunft]]=""),AND(OR(tab_MD[[#This Row],[md_zuwf_bisher]]<>"",tab_MD[[#This Row],[md_zuwf_zukunft]]<>""),tab_MD[[#This Row],[md_prf_erg]]<>"")),tab_MD[[#This Row],[md_prf_bisher]]<>-1,tab_MD[[#This Row],[md_prf_zukunft]]<>-1) -> TRUE | T13: =IF(tab_MD[[#This Row],[md_gegenstand]]<>"",IF(SUM(tab_MD[[#This Row],[md_kosten_bisher]:[md_zuwf_zukunft]])>0,"ja","nein"),"")
A14: =ROW()-2 -> 12 | B14: =IFERROR(IF(tab_MP[[#This Row],[mp_gegenstand]]<>"",tab_MP[[#This Row],[mp_gegenstand]],""),"") | C14: =IFERROR(IF(tab_MP[[#This Row],[mp_kategorie]]<>"",tab_MP[[#This Row],[mp_kategorie]],""),"") | D14: =IFERROR(IF(tab_MP[[#This Row],[mp_subkategorie]]<>"",tab_MP[[#This Row],[mp_subkategorie]],""),"") | E14: =IFERROR(IF(tab_MP[[#This Row],[mp_ort]]<>"",tab_MP[[#This Row],[mp_ort]],""),"") | F14: =IFERROR(IF(tab_MP[[#This Row],[mp_beschreibung]]<>"",tab_MP[[#This Row],[mp_beschreibung]],""),"") | G14: =IFERROR(IF(tab_MP[[#This Row],[prf_mp_ges]]<>"",tab_MP[[#This Row],[prf_mp_ges]],""),"") | O14: =IF(AND(tab_MD[[#This Row],[md_prf_erg]]<>"",tab_MD[[#This Row],[md_prf_bisher]]>=0,tab_MD[[#This Row],[md_prf_zukunft]]>=0),tab_MD[[#This Row],[md_prf_bisher]]+tab_MD[[#This Row],[md_prf_zukunft]],"") | P14: =IF(tab_MD[[#This Row],[md_prf_erg]]="ja",tab_MD[[#This Row],[md_zuwf_bisher]],IF(tab_MD[[#This Row],[md_prf_erg]]="nein",0,IF(tab_MD[[#This Row],[md_prf_erg]]="teilweise",-1,""))) | Q14: =IF(tab_MD[[#This Row],[md_prf_erg]]="ja",tab_MD[[#This Row],[md_zuwf_zukunft]],IF(tab_MD[[#This Row],[md_prf_erg]]="nein",0,IF(tab_MD[[#This Row],[md_prf_erg]]="teilweise",-1,""))) | S14: =AND(OR(AND(tab_MD[[#This Row],[md_zuwf_bisher]]="",tab_MD[[#This Row],[md_zuwf_zukunft]]=""),AND(OR(tab_MD[[#This Row],[md_zuwf_bisher]]<>"",tab_MD[[#This Row],[md_zuwf_zukunft]]<>""),tab_MD[[#This Row],[md_prf_erg]]<>"")),tab_MD[[#This Row],[md_prf_bisher]]<>-1,tab_MD[[#This Row],[md_prf_zukunft]]<>-1) -> TRUE | T14: =IF(tab_MD[[#This Row],[md_gegenstand]]<>"",IF(SUM(tab_MD[[#This Row],[md_kosten_bisher]:[md_zuwf_zukunft]])>0,"ja","nein"),"")
... A502: =ROW()-2 -> 500 | B502: =IFERROR(IF(tab_MP[[#This Row],[mp_gegenstand]]<>"",tab_MP[[#This Row],[mp_gegenstand]],""),"") | C502: =IFERROR(IF(tab_MP[[#This Row],[mp_kategorie]]<>"",tab_MP[[#This Row],[mp_kategorie]],""),"") | D502: =IFERROR(IF(tab_MP[[#This Row],[mp_subkategorie]]<>"",tab_MP[[#This Row],[mp_subkategorie]],""),"") | E502: =IFERROR(IF(tab_MP[[#This Row],[mp_ort]]<>"",tab_MP[[#This Row],[mp_ort]],""),"") | F502: =IFERROR(IF(tab_MP[[#This Row],[mp_beschreibung]]<>"",tab_MP[[#This Row],[mp_beschreibung]],""),"") | G502: =IFERROR(IF(tab_MP[[#This Row],[prf_mp_ges]]<>"",tab_MP[[#This Row],[prf_mp_ges]],""),"") | O502: =IF(AND(tab_MD[[#This Row],[md_prf_erg]]<>"",tab_MD[[#This Row],[md_prf_bisher]]>=0,tab_MD[[#This Row],[md_prf_zukunft]]>=0),tab_MD[[#This Row],[md_prf_bisher]]+tab_MD[[#This Row],[md_prf_zukunft]],"") | P502: =IF(tab_MD[[#This Row],[md_prf_erg]]="ja",tab_MD[[#This Row],[md_zuwf_bisher]],IF(tab_MD[[#This Row],[md_prf_erg]]="nein",0,IF(tab_MD[[#This Row],[md_prf_erg]]="teilweise",-1,""))) | Q502: =IF(tab_MD[[#This Row],[md_prf_erg]]="ja",tab_MD[[#This Row],[md_zuwf_zukunft]],IF(tab_MD[[#This Row],[md_prf_erg]]="nein",0,IF(tab_MD[[#This Row],[md_prf_erg]]="teilweise",-1,""))) | S502: =AND(OR(AND(tab_MD[[#This Row],[md_zuwf_bisher]]="",tab_MD[[#This Row],[md_zuwf_zukunft]]=""),AND(OR(tab_MD[[#This Row],[md_zuwf_bisher]]<>"",tab_MD[[#This Row],[md_zuwf_zukunft]]<>""),tab_MD[[#This Row],[md_prf_erg]]<>"")),tab_MD[[#This Row],[md_prf_bisher]]<>-1,tab_MD[[#This Row],[md_prf_zukunft]]<>-1) -> TRUE | T502: =IF(tab_MD[[#This Row],[md_gegenstand]]<>"",IF(SUM(tab_MD[[#This Row],[md_kosten_bisher]:[md_zuwf_zukunft]])>0,"ja","nein"),"")
F503: =COUNTA(tab_MD[md_beschreibung]) -> 500 | I503: =SUBTOTAL(103,tab_MD[md_rechnungsdatum]) -> 0 | J503: =SUM(tab_MD[md_kosten_bisher]) -> 0 | K503: =SUM(tab_MD[md_zuwf_bisher]) -> 0 | L503: =SUM(tab_MD[md_kosten_zukunft]) -> 0 | M503: =SUM(tab_MD[md_zuwf_zukunft]) -> 0 | O503: =SUM(Maßnahmendurchführung!$O$3:$O$502) -> 0 | P503: =SUMIFS(P$3:P$502,P$3:P$502,"<>-1") -> 0 | Q503: =SUMIFS(Q$3:Q$502,Q$3:Q$502,"<>-1") -> 0
A504: Bei Bedarf (mehr als 10 Einzelmaßnahmen) können weitere Zeilen eingeblendet werden! Bitte dazu am linken Rand 12//503 markieren und nach Rechtsklick "Einblenden" wählen.

Sheet Verwendungsnachweis
A1: Verwendungsnachweis für eine Zuwendung gemäß der Förderrichtlinie dBIR (regio)
A4: Antragsmappe ausschließlich per Mail (.xlsx-Format): | E4: Zutreffendes bitte ankreuzen T oder ausfüllen
A5: Regierung von XYZ | E5: Kennziffer des Trägers
A6: =IFERROR(Antrag!A6,"") -> bitte Tabellenblatt Antragsteller ausfüllen | E6: =Antrag!F6 -> Bitte Tabellenblatt Antragsteller ausfüllen
B8: (Bewilligungsbehörde)
A10: Anlagen (als Bestandteile der elektronischen Antragsmappe):
A11: 1. | B11: Ausgefülltes Tabellenblatt "Maßnahmendurchführung"
A13: 1. | B13: Zuwendungsempfänger
B14: Name laut Anlage 1 zu dBIR
B15: =IFERROR(Antrag!B22,"") -> Trägerkennziffer gemäß Anlage zur dBIR eingeben.
B16: Straße, Hausnummer | E16: PLZ | F16: Ort
B17: =IFERROR(Antrag!B24,"") -> 0 | E17: =IFERROR(Antrag!F24,"") -> 0 | F17: =IFERROR(Antrag!G24,"") -> 0
B18: Bankverbindung (IBAN, Geldinstitut)
B19: =IFERROR(Antrag!B26,"") -> 0
B20: Auskunft erteilt (ggf. Vertretungsberechtigte/r)
B21: =IFERROR(Antrag!B28,"") -> 0
B22: Telefon | D22: E-Mail-Adresse
B23: =IFERROR(Antrag!B30,"") -> 0 | D23: =IFERROR(Antrag!D30,"") -> Bitte im Tabellenblatt Antragsteller ausfüllen.
A25: 2. | B25: Maßnahme
B26: =IF(Maßnahmendurchführung!$I$503=0,"wird aus der Maßnahmenplanung generiert...",IF(COUNTA(Antragsteller!A14:A63)>0,"Die Antragsteller setzten ","Der Antragsteller setzte ")&Maßnahmendurchführung!$I$503&" regionale Maßnahme"&IF(Maßnahmendurchführung!$I$503=1,"","n")&" gemäß beiliegender Maßnahmendurchführung um. Dabei wurden "&Antragsteller!$A$2&" Schulen sowie "&Antragsteller!$A$3&" Schülerinnen und Schüler erreicht.") -> wird aus der Maßnahmenplanung generiert...
A28: 3. | B28: Bewilligte Zuwendungen
B29: 3.1 Zuweisungen
B30: Bewilligende Stelle | C30: Datum | D30: Aktenzeichen | F30: Zuwendungs- bereich | G30: vorl. festgesetzte Zuwendungshöhe
B31: =IF(MID(E6,2,1)="x","Staatsministerium",CONCATENATE("Regierung ",IF(LEFT(E6)="3","der ","von "),IF(LEFT(E6)="1","Oberbayern",IF(LEFT(E6)="2","Niederbayern",IF(LEFT(E6)="3","Oberpfalz",IF(LEFT(E6)="4","Oberfranken",IF(LEFT(E6)="5","Mittelfranken",IF(LEFT(E6)="6","Unterfranken",IF(LEFT(E6)="7","Schwaben","XYZ"))))))))) -> Regierung von XYZ | F31: dBIR regio | G31: =ABRECHNUNG!C20+ABRECHNUNG!C21+ABRECHNUNG!C22+ABRECHNUNG!C23+ABRECHNUNG!C25 -> 0
B32: 3.2 Sonstige Zuwendungen (z.B. Schuldendiensthilfen)
A36: 4. | B36: Sachlicher Bericht
B37: Beschreibung der durchgeführten Maßnahme siehe Tabellenblatt "Maßnahmendurchführung"
A39: 5. | B39: Zahlenmäßiger Nachweis
B40: 5.1 Einnahmen
B41: Art | E41: lt. Zuwendungs-bescheid | F41: lt. Abrechnung | G41: (insbes. v.H-Satz der Zuwendungen)
B42: 5.1.1 Zuwendung aus (Zuwendungsbereich)
B43: dBIR-Maßnahmenabschnitte für regionale Maßnahmen | E43: =SUM(zuw_bew_1,zuw_bew_2,zuw_bew_3,zuw_bew_4,zuw_nach) -> 0 | F43: =MIN(ROUNDDOWN(0.9*G54,2),E43) -> 0 | G43: =IFERROR(F43/F$50,"")
G44: =IFERROR(F44/F$50,"")
G45: =IFERROR(F45/F$50,"")
B46: 5.1.2 Kostenanteile Dritter Rechtsgrund
G47: =IFERROR(F47/F$50,"")
G48: =IFERROR(F48/F$50,"")
B49: 5.1.3 Eigene Mittel (gemäß dBIR einschließlich Spenden) | E49: =D55-SUM(E47:E48)-SUM(E43:E45) -> 0 | F49: =F55-SUM(F47:F48)-SUM(F43:F45) -> 0 | G49: =IFERROR(F49/F$50,"")
B50: Zusammen | E50: =SUM(E49,E47:E48,E43:E45) -> 0 | F50: =SUM(F49,F47:F48,F43:F45) -> 0 | G50: =SUM(G43:G45,G47:G49) -> 0
B51: 5.2 Ausgaben (ohne Beachtung von Höchstbeträgen)
B52: Ausgabengliederung nach den Hauptabteilungen des Kostenanschlags | D52: lt. Zuwendungsbescheid | F52: lt. Abrechnung
D53: insgesamt | E53: davon grundsätzlich zuwendungsfähig | F53: insgesamt | G53: davon zuwendungsfähig
B54: dBIR-Maßnahmenabschnitte für regionale Maßnahmen | D54: =D55 -> 0 | E54: =E55 -> 0 | F54: =F55 -> 0 | G54: =G55 -> 0
B55: Insgesamt | D55: =tab_MP[[#Totals],[mp_ges]] -> 0 | E55: =tab_MP[[#Totals],[prf_mp_ges]] -> 0 | F55: =tab_MD[[#Totals],[md_kosten_bisher]] -> 0 | G55: =tab_MD[[#Totals],[md_zuwf_bisher]] -> 0
B56: Davon ab: | C56: Kostenanteile Dritter | D56: =SUM(E47:E48) -> 0 | F56: =SUM(F47:F48) -> 0
C57: Rückforderungen und Rückzahlungen
B58: Grundsätzlich zuwendungsfähige Kosten | D58: =E55-D56-D57 -> 0 | F58: =G55-F56-F57 -> 0
A60: 6. | B60: Außer den in Nr. 5.2 aufgeführten Ausgaben fallen noch Kosten an für:
B61: Zuwendungsfähige offene Miet-/Leasingausgaben in voraussichtlicher Höhe von | F61: =Maßnahmendurchführung!M503 -> 0
B62: Der Verwendungsnachweis hierzu wird voraussichtlich vorgelegt bis | F62: Datum:
A64: 7. | B64: Dem Verwendungsnachweis sind ggf. die Sachbuchauszüge (Ablichtungen) und 1 Bestandslageplan (nur bei Tiefbauten) beigefügt.
A66: 8. | B66: Es wird versichert, dass
B67: - die Einnahmen und Ausgaben nach den Sachbuchauszügen im Zusammenhang mit dem geförderten Vorhaben angefallen sind/und mit der Baurechnung übereinstimmen,
B68: - die nicht zuwendungsfähigen Beträge, Rückforderungen und Rückzahlungen abgesetzt wurden.
A70: 9. | B70: Weitere Versicherungen des Zuwendungsempfängers
B71: Der Antragsteller versichert mit Vorlage dieses Verwendungsnachweises:
A72: a) | B72: Die Einnahmen und Ausgaben sind im Zusammenhang mit dem geförderten Projekt angefallen, die Zuwendung wurde ausschließlich zur Erfüllung des im Zuwendungsbescheid benannten Zuwendungszwecks verwendet.
A73: b) | B73: Die getätigten Ausgaben waren zur Erfüllung des Zuwendungszwecks notwendig und es wurde bei der Umsetzung der Maßnahmen wirtschaftlich und sparsam verfahren.
A74: c) | B74: Die geltend gemachten Ausgaben sind zuwendungsfähig gemäß der dem Zuwendungsbescheid beiliegenden bearbeiteten Antragsmappe.
A75: d) | B75: Der beantragten Auszahlung liegen Zahlungen i. S. v. Ziffer 8 Satz 8 dBIR zugrunde.
A76: e) | B76: Die erste der Maßnahme zuzurechnende vertragliche Verpflichtung wurde frühestens am 17.05.2019 eingegangen.
A77: f) | B77: Die Inventarisierung der mit der Zuwendung beschafften Gegenstände wurde vorgenommen.
A78: g) | B78: Die Übereinstimmung der Angaben im Verwendungsnachweis mit den Büchern und Belegen wird bestätigt.
A79: h) | B79: Die im Zuwendungsbescheid einschließlich der dort enthaltenen allgemeinen und besonderen Nebenbestimmungen genannten Bedingungen und Auflagen wurden eingehalten.
A80: i) | B80: Für alle in den Antrag einbezogenen Schulen liegen Bestätigungen der Schulleitungen über die Aktualisierung der IT-Umfrage der Akademie für Lehrerfortbildung und Personalführung Dillingen (ALP) vor.
A81: j) | B81: Im Falle einer Antragsgemeinschaft wurden die Organisationsstruktur, Art und Umfang der Aufgabenzuständigkeit sowie Kostenregelungen betreffend die Förderung der regionalen Investitionsmaßnahmen in einer eine rechtlich verbindlichen Vereinbarung geregelt.
A82: k) | B82: Für Zuwendungsempfänger mit Ausnahme von Gebietskörperschaften bzw. öffentlich-rechtl. Zusammenschlüssen von Gebietskörperschaften: Sofern die Höhe der Zuwendung für bauliche Maßnahmen zur Herstellung von mit dem Bauwerk verbundenen Bestandteilen in diesem Antrag mindestens 100.000 Euro beträgt, hat der Antragsteller eine dingliche Sicherung der geförderten baulichen Maßnahmen zugunsten des Freistaats Bayern vorgenommen.
A83: l) | B83: Alle Angaben sind vollständig und wahrheitsgemäß erfolgt.
A85: 10. | B85: Bestätigung
B86: Dem Unterzeichner ist bekannt, dass die Zuwendung im Falle ihrer zweckwidrigen Verwendung der Rückforderung und Verzinsung unterliegt.
A91: Ort | C91: Datum | E91: Gezeichnet (Zeichnungsberechtigte(r))

Sheet ABRECHNUNG
A1: Wird automatisch ausgefüllt (nicht veränderbar)
A7: BISHER | B7: Höchstbetrag der staatlichen Förderung für regionale Maßnahmen | C7: =Antragsteller!I5 -> 0
B8: Insgesamt noch für regionale Maßnahmen zur Verfügung stehender Höchstbetrag der staatlichen Förderung gemäß dBIR | C8: =C$7-C$20-C$21-C$22-C$23 -> 0 | D8: =AND(C8<=C7,C8>=0) -> TRUE
A9: ANTRAG | B9: Gesamtinvestitionsvolumen für zuwendungsfähige digitale Bildungsinfrastruktur in diesem Antrag gemäß Maßnahmenplanung | C9: =SUM(tab_MP[mp_zuw]) -> 0 | D9: =C9=SUM(C10:C13) -> TRUE
B10: … davon Fördergegenstand a) IT-Systeme im technischen Verbund mit schulgebundenen digitalen Infrastrukturen | C10: =SUMIFS(tab_MP[mp_zuw],tab_MP[mp_gegenstand],Diverses!$A13) -> 0
B11: … davon Fördergegenstand b) digitale Werkzeuge, die zentral vorgehalten werden und dem Aufbau einer regionalen digitalen Lehr-Lern-Infrastruktur dienen | C11: =SUMIFS(tab_MP[mp_zuw],tab_MP[mp_gegenstand],Diverses!$A14) -> 0
B12: … davon Fördergegenstand c) digitale Dienste, die zentral bereitgestellt werden und dem unterrichtlichen Einsatz oder der schulischen Kommunikation dienen | C12: =SUMIFS(tab_MP[mp_zuw],tab_MP[mp_gegenstand],Diverses!$A15) -> 0
B13: … davon Fördergegenstand d) regionale Strukturen für die professionelle Administration und Wartung digitaler Infrastrukturen | C13: =SUMIFS(tab_MP[mp_zuw],tab_MP[mp_gegenstand],Diverses!$A16) -> 0
A14: BEWILLIGUNG | B14: Dem Grunde nach zuwendungsfähige Gesamtausgaben (OHNE BEACHTUNG VON HÖCHSTBETRÄGEN) | C14: =SUM(tab_MP[prf_mp_ges]) -> 0 | D14: =C14=SUM(C15:C18) -> TRUE
B15: … davon Fördergegenstand a) IT-Systeme im technischen Verbund mit schulgebundenen digitalen Infrastrukturen | C15: =SUMIFS(tab_MP[prf_mp_ges],tab_MP[mp_gegenstand],Diverses!$A13) -> 0
B16: … davon Fördergegenstand b) digitale Werkzeuge, die zentral vorgehalten werden und dem Aufbau einer regionalen digitalen Lehr-Lern-Infrastruktur dienen | C16: =SUMIFS(tab_MP[prf_mp_ges],tab_MP[mp_gegenstand],Diverses!$A14) -> 0
B17: … davon Fördergegenstand c) digitale Dienste, die zentral bereitgestellt werden und dem unterrichtlichen Einsatz oder der schulischen Kommunikation dienen | C17: =SUMIFS(tab_MP[prf_mp_ges],tab_MP[mp_gegenstand],Diverses!$A15) -> 0
B18: … davon Fördergegenstand d) regionale Strukturen für die professionelle Administration und Wartung digitaler Infrastrukturen | C18: =SUMIFS(tab_MP[prf_mp_ges],tab_MP[mp_gegenstand],Diverses!$A16) -> 0
B19: Aktuell maximale Bewilligung: Gesamthöhe der Zuwendung (unter Berücksichtigung der GEBUNDENEN MITTEL) | C19: =IFERROR(MIN(ROUNDDOWN(0.9*C14,2)-C20-C21-C22-C23,C$8),0) -> 0
B20: ="Bewilligung "&Antragsteller!D2&"/1" -> Bewilligung Bitte Antragsteller (bzw. Bevollmächtigten) angeben/1 | D20: =AND(C20<=C$14,C20<=C$7) -> TRUE
B21: ="Bewilligung "&Antragsteller!D2&"/2" -> Bewilligung Bitte Antragsteller (bzw. Bevollmächtigten) angeben/2 | D21: =AND(C21<=C$14-C$20,C21<=C$7-C$20) -> TRUE
B22: ="Bewilligung "&Antragsteller!D2&"/3" -> Bewilligung Bitte Antragsteller (bzw. Bevollmächtigten) angeben/3 | D22: =AND(C22<=C$14-C$20-C$21,C22<=C$7-C$20-C$21) -> TRUE
B23: ="Bewilligung "&Antragsteller!D2&"/4" -> Bewilligung Bitte Antragsteller (bzw. Bevollmächtigten) angeben/4 | D23: =AND(C23<=C$14-C$20-C$21-C$22,C23<=C$7-C$20-C$21-C$22) -> TRUE
A24: NACH- BEWILLIGUNG | B24: Max. Zuwendung für über die Bewilligung hinausgehende förderfähige Kosten: | C24: =IF(C$8=0,ROUNDDOWN(0.9*C$14,2)-SUM(C20,C21,C22),0) -> 0
B25: Nachbewilligung
A26: TEILAUS-ZAHLUNG | B26: Erste Teilauszahlung: | D26: =C26<=ROUND(0.8*SUM(C22,C21,C20),2) -> TRUE
B27: Zweite Teilauszahlung: | D27: =IF(C27<>"",SUM(C26,C27)<=ROUND(0.8*SUM(C22,C21,C20),2),"")
B28: Dritte Teilauszahlung: | D28: =IF(C28<>"",SUM(C26,C27,C28)<=ROUND(0.8*SUM(C22,C21,C20),2),"")
A29: VERW.- NACHWEIS | B29: Gesamtinvestitionsvolumen für zuwendungsfähige digitale Bildungsinfrastruktur laut Verwendungsnachweis | C29: =SUM(tab_MD[md_zuwf_bisher])+SUM(tab_MD[md_zuwf_zukunft]) -> 0 | D29: =C29=SUM(C30:C33) -> TRUE
B30: … davon Fördergegenstand a) IT-Systeme im technischen Verbund mit schulgebundenen digitalen Infrastrukturen | C30: =SUMIFS(tab_MD[md_zuwf_bisher],tab_MD[md_gegenstand],Diverses!$A13)+SUMIFS(tab_MD[md_zuwf_zukunft],tab_MD[md_gegenstand],Diverses!$A13) -> 0
B31: … davon Fördergegenstand b) digitale Werkzeuge, die zentral vorgehalten werden und dem Aufbau einer regionalen digitalen Lehr-Lern-Infrastruktur dienen | C31: =SUMIFS(tab_MD[md_zuwf_bisher],tab_MD[md_gegenstand],Diverses!$A14)+SUMIFS(tab_MD[md_zuwf_zukunft],tab_MD[md_gegenstand],Diverses!$A14) -> 0
B32: … davon Fördergegenstand c) digitale Dienste, die zentral bereitgestellt werden und dem unterrichtlichen Einsatz oder der schulischen Kommunikation dienen | C32: =SUMIFS(tab_MD[md_zuwf_bisher],tab_MD[md_gegenstand],Diverses!$A15)+SUMIFS(tab_MD[md_zuwf_zukunft],tab_MD[md_gegenstand],Diverses!$A15) -> 0
B33: … davon Fördergegenstand d) regionale Strukturen für die professionelle Administration und Wartung digitaler Infrastrukturen | C33: =SUMIFS(tab_MD[md_zuwf_bisher],tab_MD[md_gegenstand],Diverses!$A16)+SUMIFS(tab_MD[md_zuwf_zukunft],tab_MD[md_gegenstand],Diverses!$A16) -> 0
B34: Bereits angefallene förderfähige Ausgaben laut Verwendungsnachweis | C34: =Verwendungsnachweis!$G$55 -> 0
B35: Zukünftig anfallende förderfähige Ausgaben laut Verwendungsnachweis | C35: =Verwendungsnachweis!$F$61 -> 0
A36: SCHLUSS- BESCHEID | B36: Geprüfte zuwendungsfähige Gesamtausgaben (OHNE BEACHTUNG VON HÖCHSTBETRÄGEN) | C36: =tab_MD[[#Totals],[md_prf_ges]] -> 0 | D36: =C36=SUM(C37:C40) -> TRUE
B37: … davon Fördergegenstand a) IT-Systeme im technischen Verbund mit schulgebundenen digitalen Infrastrukturen | C37: =SUMIFS(tab_MD[md_prf_ges],tab_MD[md_gegenstand],Diverses!$A13) -> 0
B38: … davon Fördergegenstand b) digitale Werkzeuge, die zentral vorgehalten werden und dem Aufbau einer regionalen digitalen Lehr-Lern-Infrastruktur dienen | C38: =SUMIFS(tab_MD[md_prf_ges],tab_MD[md_gegenstand],Diverses!$A14) -> 0
B39: … davon Fördergegenstand c) digitale Dienste, die zentral bereitgestellt werden und dem unterrichtlichen Einsatz oder der schulischen Kommunikation dienen | C39: =SUMIFS(tab_MD[md_prf_ges],tab_MD[md_gegenstand],Diverses!$A15) -> 0
B40: … davon Fördergegenstand d) regionale Strukturen für die professionelle Administration und Wartung digitaler Infrastrukturen | C40: =SUMIFS(tab_MD[md_prf_ges],tab_MD[md_gegenstand],Diverses!$A16) -> 0
B41: Geprüfte bereits angefallene förderfähige Ausgaben | C41: =tab_MD[[#Totals],[md_prf_bisher]] -> 0 | D41: =C41=tab_MD[[#Totals],[md_prf_bisher]] -> TRUE
B42: Geprüfte zukünftig anfallende förderfähige Ausgaben | C42: =tab_MD[[#Totals],[md_prf_zukunft]] -> 0 | D42: =C42=C36-C41 -> TRUE
A43: SCHLUSS- BESCHEID | B43: Im Schlussbescheid festgesetzte Zuwendungshöhe (unter Beachtung eventueller Beiträger Dritter) | C43: =MIN(SUM(C20:C23,C25),C7,ROUNDDOWN(0.9*C36,2))-IF(C36-MIN(SUM(C20:C23,C25),C7,ROUNDDOWN(0.9*C36,2))<Verwendungsnachweis!$F$56,Verwendungsnachweis!$F$56-(C36-MIN(SUM(C20:C23,C25),C7,ROUNDDOWN(0.9*C36,2))),0) -> 0 | D43: =AND(C43<=C7,G45>=0,C43=MIN(C7,ROUNDDOWN(0.9*C36,2))) -> TRUE | E43: =IF(G45<0,"Vorsicht, Beiträge Dritter größer als Eigenanteil!","")
B44: … davon für bereits angefallene Ausgaben | C44: =MIN(ROUNDDOWN(0.9*C41,2),C43-C45) -> 0 | E44: Eigenanteil | F44: abzgl. Beiträge Dritter | G44: ABZUG SB
B45: … davon für zukünftig anfallende Ausgaben | C45: =MIN(ROUNDDOWN(0.9*C42,2),C43) -> 0 | E45: =C29-C43 -> 0 | F45: =E45-Verwendungsnachweis!F56 -> 0 | G45: =MIN(0,F45) -> 0
B46: …dazu Eigenanteil inkl. Beiträge Dritter | C46: =C36-C43 -> 0 | D46: =SUM(C44:C46)=C36 -> TRUE

Sheet Antragsteller
A1: Zuständig: | B1: =IF($I$1<>"",VLOOKUP($I$1,tab_RBZ[],3,FALSE),"bitte Antragsteller eintragen") -> bitte Antragsteller eintragen | D1: Trägerkennziffer | H1: 44562 | I1: =IFERROR(VLOOKUP("x",tab_RBZ[[zuständig?]:[RBZ2]],2,FALSE),"")
A2: =tab_HAUPT[Schulen]+tab_MIT[[#Totals],[Schulen]] -> 0 | B2: Schulen in Zuständigkeit der Antragsteller | D2: =IF(tab_HAUPT[TKZ]="","Bitte Antragsteller (bzw. Bevollmächtigten) angeben",IF(AND(tab_HAUPT[TKZ]<>"",A$14=""),tab_HAUPT[TKZ],"Wird von der Regierung vergeben.")) -> Bitte Antragsteller (bzw. Bevollmächtigten) angeben | H2: 44742 | I2: 5
A3: =tab_HAUPT[Schülerzahl 2020/21]+tab_MIT[[#Totals],[Schülerzahl 2020/21]] -> 0 | B3: Schülerinnen und Schüler in den Schulen | I3: 2000
A4: ="Die Mindestantragsgröße ist " & IF($I$4=1,"","nicht ") & "erreicht." -> Die Mindestantragsgröße ist nicht erreicht. | H4: =tab_HAUPT[Nominalbudget]+tab_MIT[[#Totals],[Nominalbudget]] -> 0 | I4: =IF(AND(tab_HAUPT[TKZ]<>"",OR($A$2>=$I$2,$A$3>=$I$3,COUNTIF(tab_HAUPT[Schulen],">0")+COUNTIF(tab_MIT[Schulen],">0")>=2)),1,0) -> 0
A5: =$I$5 -> 0 | H5: =A5=H4 -> TRUE | I5: =IF($I$4=1,SUM(tab_HAUPT[Budget*)],tab_MIT[[#Totals],[Budget*)]]),0) -> 0
D6: =WENN(tab_HAUPT[TKZ]="";"Bitte Antragsteller (bzw. Bevollmächtigten) angeben";WENN(UND(tab_HAUPT[TKZ]<>"";A$14="");tab_HAUPT[TKZ];"Wird von der Regierung vergeben.")) | I6: =1+COUNTA(tab_MIT[TKZ]) -> 1
A7: TKZ | B7: Antragsteller (bzw. Bevollmächtigter) | C7: Kontakt-E-Mail | D7: Zeichnung | E7: Schulen | F7: Schülerzahl 2020/21 | G7: Budget*) | H7: RBZ | I7: Nominalbudget
B8: =IF(tab_HAUPT[TKZ]="","Trägerkennziffer gemäß Anlage zur dBIR eingeben.",IFERROR(VLOOKUP(tab_HAUPT[TKZ],tab_ANLAGE[],2,FALSE),"ungültige Trägerkennziffer")) -> Trägerkennziffer gemäß Anlage zur dBIR eingeben. | E8: =IF(tab_HAUPT[TKZ]="",0,COUNTIFS(tab_SCHULEN[TKZ],tab_HAUPT[TKZ])) -> 0 | F8: =IF(tab_HAUPT[TKZ]="",0,SUMIFS(tab_SCHULEN[SuS_21-22],tab_SCHULEN[TKZ],tab_HAUPT[TKZ])) -> 0 | G8: =IF(tab_HAUPT[TKZ]="","",IFERROR(ROUNDDOWN(0.25*VLOOKUP(tab_HAUPT[TKZ],tab_ANLAGE[],3,FALSE),2),0)) | H8: =LEFT(tab_HAUPT[TKZ],1) | I8: =IF(tab_HAUPT[TKZ]="",0,IFERROR(ROUNDDOWN(0.25*VLOOKUP(tab_HAUPT[TKZ],tab_ANLAGE[],3,FALSE),2),0)) -> 0
A10: Nur im Fall von Antragsgemeinschaften auszufüllen:
A11: Der Bevollmächtigte und die Mitantragsteller erklären, Organisationsstrukturen, Art und Umfang der Aufgabenzuständigkeiten sowie Kostenregelungen betreffend die Förderung der regionalen Investitionsmaßnahmen in einer eine rechtlich verbindlichen Vereinbarung zu regeln.
A12: Der Bevollmächtigte und die Mitantragsteller erklären, alle aus dem Förderverfahren erwachsenden Verpflichtungen gemeinsam einzuhalten.
A13: TKZ | B13: Mitantragsteller | C13: Kontakt-E-Mail | D13: Zeichnung | E13: Schulen | F13: Schülerzahl 2020/21 | G13: Budget*) | H13: RBZ | I13: Nominalbudget
B14: =IF(tab_MIT[TKZ]="","",IFERROR(VLOOKUP(tab_MIT[TKZ],tab_ANLAGE[],2,FALSE),"ungültige Trägerkennziffer")) | E14: =IF(tab_MIT[TKZ]="","",IF(tab_MIT[[#This Row],[TKZ]]=tab_HAUPT[TKZ],0,COUNTIFS(tab_SCHULEN[TKZ],tab_MIT[TKZ]))) | F14: =IF(tab_MIT[TKZ]="","",IF(tab_MIT[[#This Row],[TKZ]]=tab_HAUPT[TKZ],0,SUMIFS(tab_SCHULEN[SuS_21-22],tab_SCHULEN[TKZ],tab_MIT[TKZ]))) | G14: =IF(tab_MIT[TKZ]="","",IF(OR(tab_MIT[[#This Row],[TKZ]]=tab_HAUPT[TKZ],COUNTIF($A$14:$A14,tab_MIT[[#This Row],[TKZ]])>1),0,IFERROR(ROUNDDOWN(0.25*VLOOKUP(tab_MIT[TKZ],tab_ANLAGE[],3,FALSE),2),0))) | H14: =LEFT(tab_MIT[[#This Row],[TKZ]],1) | I14: =IF(tab_MIT[TKZ]="",0,IFERROR(ROUNDDOWN(0.25*VLOOKUP(tab_MIT[TKZ],tab_ANLAGE[],3,FALSE),2),0)) -> 0
B15: =IF(tab_MIT[TKZ]="","",IFERROR(VLOOKUP(tab_MIT[TKZ],tab_ANLAGE[],2,FALSE),"ungültige Trägerkennziffer")) | E15: =IF(tab_MIT[TKZ]="","",IF(tab_MIT[[#This Row],[TKZ]]=tab_HAUPT[TKZ],0,COUNTIFS(tab_SCHULEN[TKZ],tab_MIT[TKZ]))) | F15: =IF(tab_MIT[TKZ]="","",IF(tab_MIT[[#This Row],[TKZ]]=tab_HAUPT[TKZ],0,SUMIFS(tab_SCHULEN[SuS_21-22],tab_SCHULEN[TKZ],tab_MIT[TKZ]))) | G15: =IF(tab_MIT[TKZ]="","",IF(OR(tab_MIT[[#This Row],[TKZ]]=tab_HAUPT[TKZ],COUNTIF($A$14:$A15,tab_MIT[[#This Row],[TKZ]])>1),0,IFERROR(ROUNDDOWN(0.25*VLOOKUP(tab_MIT[TKZ],tab_ANLAGE[],3,FALSE),2),0))) | H15: =LEFT(tab_MIT[[#This Row],[TKZ]],1) | I15: =IF(tab_MIT[TKZ]="",0,IFERROR(ROUNDDOWN(0.25*VLOOKUP(tab_MIT[TKZ],tab_ANLAGE[],3,FALSE),2),0)) -> 0
B16: =IF(tab_MIT[TKZ]="","",IFERROR(VLOOKUP(tab_MIT[TKZ],tab_ANLAGE[],2,FALSE),"ungültige Trägerkennziffer")) | E16: =IF(tab_MIT[TKZ]="","",IF(tab_MIT[[#This Row],[TKZ]]=tab_HAUPT[TKZ],0,COUNTIFS(tab_SCHULEN[TKZ],tab_MIT[TKZ]))) | F16: =IF(tab_MIT[TKZ]="","",IF(tab_MIT[[#This Row],[TKZ]]=tab_HAUPT[TKZ],0,SUMIFS(tab_SCHULEN[SuS_21-22],tab_SCHULEN[TKZ],tab_MIT[TKZ]))) | G16: =IF(tab_MIT[TKZ]="","",IF(OR(tab_MIT[[#This Row],[TKZ]]=tab_HAUPT[TKZ],COUNTIF($A$14:$A16,tab_MIT[[#This Row],[TKZ]])>1),0,IFERROR(ROUNDDOWN(0.25*VLOOKUP(tab_MIT[TKZ],tab_ANLAGE[],3,FALSE),2),0))) | H16: =LEFT(tab_MIT[[#This Row],[TKZ]],1) | I16: =IF(tab_MIT[TKZ]="",0,IFERROR(ROUNDDOWN(0.25*VLOOKUP(tab_MIT[TKZ],tab_ANLAGE[],3,FALSE),2),0)) -> 0
B17: =IF(tab_MIT[TKZ]="","",IFERROR(VLOOKUP(tab_MIT[TKZ],tab_ANLAGE[],2,FALSE),"ungültige Trägerkennziffer")) | E17: =IF(tab_MIT[TKZ]="","",IF(tab_MIT[[#This Row],[TKZ]]=tab_HAUPT[TKZ],0,COUNTIFS(tab_SCHULEN[TKZ],tab_MIT[TKZ]))) | F17: =IF(tab_MIT[TKZ]="","",IF(tab_MIT[[#This Row],[TKZ]]=tab_HAUPT[TKZ],0,SUMIFS(tab_SCHULEN[SuS_21-22],tab_SCHULEN[TKZ],tab_MIT[TKZ]))) | G17: =IF(tab_MIT[TKZ]="","",IF(OR(tab_MIT[[#This Row],[TKZ]]=tab_HAUPT[TKZ],COUNTIF($A$14:$A17,tab_MIT[[#This Row],[TKZ]])>1),0,IFERROR(ROUNDDOWN(0.25*VLOOKUP(tab_MIT[TKZ],tab_ANLAGE[],3,FALSE),2),0))) | H17: =LEFT(tab_MIT[[#This Row],[TKZ]],1) | I17: =IF(tab_MIT[TKZ]="",0,IFERROR(ROUNDDOWN(0.25*VLOOKUP(tab_MIT[TKZ],tab_ANLAGE[],3,FALSE),2),0)) -> 0
B18: =IF(tab_MIT[TKZ]="","",IFERROR(VLOOKUP(tab_MIT[TKZ],tab_ANLAGE[],2,FALSE),"ungültige Trägerkennziffer")) | E18: =IF(tab_MIT[TKZ]="","",IF(tab_MIT[[#This Row],[TKZ]]=tab_HAUPT[TKZ],0,COUNTIFS(tab_SCHULEN[TKZ],tab_MIT[TKZ]))) | F18: =IF(tab_MIT[TKZ]="","",IF(tab_MIT[[#This Row],[TKZ]]=tab_HAUPT[TKZ],0,SUMIFS(tab_SCHULEN[SuS_21-22],tab_SCHULEN[TKZ],tab_MIT[TKZ]))) | G18: =IF(tab_MIT[TKZ]="","",IF(OR(tab_MIT[[#This Row],[TKZ]]=tab_HAUPT[TKZ],COUNTIF($A$14:$A18,tab_MIT[[#This Row],[TKZ]])>1),0,IFERROR(ROUNDDOWN(0.25*VLOOKUP(tab_MIT[TKZ],tab_ANLAGE[],3,FALSE),2),0))) | H18: =LEFT(tab_MIT[[#This Row],[TKZ]],1) | I18: =IF(tab_MIT[TKZ]="",0,IFERROR(ROUNDDOWN(0.25*VLOOKUP(tab_MIT[TKZ],tab_ANLAGE[],3,FALSE),2),0)) -> 0
B19: =IF(tab_MIT[TKZ]="","",IFERROR(VLOOKUP(tab_MIT[TKZ],tab_ANLAGE[],2,FALSE),"ungültige Trägerkennziffer")) | E19: =IF(tab_MIT[TKZ]="","",IF(tab_MIT[[#This Row],[TKZ]]=tab_HAUPT[TKZ],0,COUNTIFS(tab_SCHULEN[TKZ],tab_MIT[TKZ]))) | F19: =IF(tab_MIT[TKZ]="","",IF(tab_MIT[[#This Row],[TKZ]]=tab_HAUPT[TKZ],0,SUMIFS(tab_SCHULEN[SuS_21-22],tab_SCHULEN[TKZ],tab_MIT[TKZ]))) | G19: =IF(tab_MIT[TKZ]="","",IF(OR(tab_MIT[[#This Row],[TKZ]]=tab_HAUPT[TKZ],COUNTIF($A$14:$A19,tab_MIT[[#This Row],[TKZ]])>1),0,IFERROR(ROUNDDOWN(0.25*VLOOKUP(tab_MIT[TKZ],tab_ANLAGE[],3,FALSE),2),0))) | H19: =LEFT(tab_MIT[[#This Row],[TKZ]],1) | I19: =IF(tab_MIT[TKZ]="",0,IFERROR(ROUNDDOWN(0.25*VLOOKUP(tab_MIT[TKZ],tab_ANLAGE[],3,FALSE),2),0)) -> 0
B20: =IF(tab_MIT[TKZ]="","",IFERROR(VLOOKUP(tab_MIT[TKZ],tab_ANLAGE[],2,FALSE),"ungültige Trägerkennziffer")) | E20: =IF(tab_MIT[TKZ]="","",IF(tab_MIT[[#This Row],[TKZ]]=tab_HAUPT[TKZ],0,COUNTIFS(tab_SCHULEN[TKZ],tab_MIT[TKZ]))) | F20: =IF(tab_MIT[TKZ]="","",IF(tab_MIT[[#This Row],[TKZ]]=tab_HAUPT[TKZ],0,SUMIFS(tab_SCHULEN[SuS_21-22],tab_SCHULEN[TKZ],tab_MIT[TKZ]))) | G20: =IF(tab_MIT[TKZ]="","",IF(OR(tab_MIT[[#This Row],[TKZ]]=tab_HAUPT[TKZ],COUNTIF($A$14:$A20,tab_MIT[[#This Row],[TKZ]])>1),0,IFERROR(ROUNDDOWN(0.25*VLOOKUP(tab_MIT[TKZ],tab_ANLAGE[],3,FALSE),2),0))) | H20: =LEFT(tab_MIT[[#This Row],[TKZ]],1) | I20: =IF(tab_MIT[TKZ]="",0,IFERROR(ROUNDDOWN(0.25*VLOOKUP(tab_MIT[TKZ],tab_ANLAGE[],3,FALSE),2),0)) -> 0
B21: =IF(tab_MIT[TKZ]="","",IFERROR(VLOOKUP(tab_MIT[TKZ],tab_ANLAGE[],2,FALSE),"ungültige Trägerkennziffer")) | E21: =IF(tab_MIT[TKZ]="","",IF(tab_MIT[[#This Row],[TKZ]]=tab_HAUPT[TKZ],0,COUNTIFS(tab_SCHULEN[TKZ],tab_MIT[TKZ]))) | F21: =IF(tab_MIT[TKZ]="","",IF(tab_MIT[[#This Row],[TKZ]]=tab_HAUPT[TKZ],0,SUMIFS(tab_SCHULEN[SuS_21-22],tab_SCHULEN[TKZ],tab_MIT[TKZ]))) | G21: =IF(tab_MIT[TKZ]="","",IF(OR(tab_MIT[[#This Row],[TKZ]]=tab_HAUPT[TKZ],COUNTIF($A$14:$A21,tab_MIT[[#This Row],[TKZ]])>1),0,IFERROR(ROUNDDOWN(0.25*VLOOKUP(tab_MIT[TKZ],tab_ANLAGE[],3,FALSE),2),0))) | H21: =LEFT(tab_MIT[[#This Row],[TKZ]],1) | I21: =IF(tab_MIT[TKZ]="",0,IFERROR(ROUNDDOWN(0.25*VLOOKUP(tab_MIT[TKZ],tab_ANLAGE[],3,FALSE),2),0)) -> 0
B22: =IF(tab_MIT[TKZ]="","",IFERROR(VLOOKUP(tab_MIT[TKZ],tab_ANLAGE[],2,FALSE),"ungültige Trägerkennziffer")) | E22: =IF(tab_MIT[TKZ]="","",IF(tab_MIT[[#This Row],[TKZ]]=tab_HAUPT[TKZ],0,COUNTIFS(tab_SCHULEN[TKZ],tab_MIT[TKZ]))) | F22: =IF(tab_MIT[TKZ]="","",IF(tab_MIT[[#This Row],[TKZ]]=tab_HAUPT[TKZ],0,SUMIFS(tab_SCHULEN[SuS_21-22],tab_SCHULEN[TKZ],tab_MIT[TKZ]))) | G22: =IF(tab_MIT[TKZ]="","",IF(OR(tab_MIT[[#This Row],[TKZ]]=tab_HAUPT[TKZ],COUNTIF($A$14:$A22,tab_MIT[[#This Row],[TKZ]])>1),0,IFERROR(ROUNDDOWN(0.25*VLOOKUP(tab_MIT[TKZ],tab_ANLAGE[],3,FALSE),2),0))) | H22: =LEFT(tab_MIT[[#This Row],[TKZ]],1) | I22: =IF(tab_MIT[TKZ]="",0,IFERROR(ROUNDDOWN(0.25*VLOOKUP(tab_MIT[TKZ],tab_ANLAGE[],3,FALSE),2),0)) -> 0
B23: =IF(tab_MIT[TKZ]="","",IFERROR(VLOOKUP(tab_MIT[TKZ],tab_ANLAGE[],2,FALSE),"ungültige Trägerkennziffer")) | E23: =IF(tab_MIT[TKZ]="","",IF(tab_MIT[[#This Row],[TKZ]]=tab_HAUPT[TKZ],0,COUNTIFS(tab_SCHULEN[TKZ],tab_MIT[TKZ]))) | F23: =IF(tab_MIT[TKZ]="","",IF(tab_MIT[[#This Row],[TKZ]]=tab_HAUPT[TKZ],0,SUMIFS(tab_SCHULEN[SuS_21-22],tab_SCHULEN[TKZ],tab_MIT[TKZ]))) | G23: =IF(tab_MIT[TKZ]="","",IF(OR(tab_MIT[[#This Row],[TKZ]]=tab_HAUPT[TKZ],COUNTIF($A$14:$A23,tab_MIT[[#This Row],[TKZ]])>1),0,IFERROR(ROUNDDOWN(0.25*VLOOKUP(tab_MIT[TKZ],tab_ANLAGE[],3,FALSE),2),0))) | H23: =LEFT(tab_MIT[[#This Row],[TKZ]],1) | I23: =IF(tab_MIT[TKZ]="",0,IFERROR(ROUNDDOWN(0.25*VLOOKUP(tab_MIT[TKZ],tab_ANLAGE[],3,FALSE),2),0)) -> 0
B24: =IF(tab_MIT[TKZ]="","",IFERROR(VLOOKUP(tab_MIT[TKZ],tab_ANLAGE[],2,FALSE),"ungültige Trägerkennziffer")) | E24: =IF(tab_MIT[TKZ]="","",IF(tab_MIT[[#This Row],[TKZ]]=tab_HAUPT[TKZ],0,COUNTIFS(tab_SCHULEN[TKZ],tab_MIT[TKZ]))) | F24: =IF(tab_MIT[TKZ]="","",IF(tab_MIT[[#This Row],[TKZ]]=tab_HAUPT[TKZ],0,SUMIFS(tab_SCHULEN[SuS_21-22],tab_SCHULEN[TKZ],tab_MIT[TKZ]))) | G24: =IF(tab_MIT[TKZ]="","",IF(OR(tab_MIT[[#This Row],[TKZ]]=tab_HAUPT[TKZ],COUNTIF($A$14:$A24,tab_MIT[[#This Row],[TKZ]])>1),0,IFERROR(ROUNDDOWN(0.25*VLOOKUP(tab_MIT[TKZ],tab_ANLAGE[],3,FALSE),2),0))) | H24: =LEFT(tab_MIT[[#This Row],[TKZ]],1) | I24: =IF(tab_MIT[TKZ]="",0,IFERROR(ROUNDDOWN(0.25*VLOOKUP(tab_MIT[TKZ],tab_ANLAGE[],3,FALSE),2),0)) -> 0
B25: =IF(tab_MIT[TKZ]="","",IFERROR(VLOOKUP(tab_MIT[TKZ],tab_ANLAGE[],2,FALSE),"ungültige Trägerkennziffer")) | E25: =IF(tab_MIT[TKZ]="","",IF(tab_MIT[[#This Row],[TKZ]]=tab_HAUPT[TKZ],0,COUNTIFS(tab_SCHULEN[TKZ],tab_MIT[TKZ]))) | F25: =IF(tab_MIT[TKZ]="","",IF(tab_MIT[[#This Row],[TKZ]]=tab_HAUPT[TKZ],0,SUMIFS(tab_SCHULEN[SuS_21-22],tab_SCHULEN[TKZ],tab_MIT[TKZ]))) | G25: =IF(tab_MIT[TKZ]="","",IF(OR(tab_MIT[[#This Row],[TKZ]]=tab_HAUPT[TKZ],COUNTIF($A$14:$A25,tab_MIT[[#This Row],[TKZ]])>1),0,IFERROR(ROUNDDOWN(0.25*VLOOKUP(tab_MIT[TKZ],tab_ANLAGE[],3,FALSE),2),0))) | H25: =LEFT(tab_MIT[[#This Row],[TKZ]],1) | I25: =IF(tab_MIT[TKZ]="",0,IFERROR(ROUNDDOWN(0.25*VLOOKUP(tab_MIT[TKZ],tab_ANLAGE[],3,FALSE),2),0)) -> 0
... B63: =IF(tab_MIT[TKZ]="","",IFERROR(VLOOKUP(tab_MIT[TKZ],tab_ANLAGE[],2,FALSE),"ungültige Trägerkennziffer")) | E63: =IF(tab_MIT[TKZ]="","",IF(tab_MIT[[#This Row],[TKZ]]=tab_HAUPT[TKZ],0,COUNTIFS(tab_SCHULEN[TKZ],tab_MIT[TKZ]))) | F63: =IF(tab_MIT[TKZ]="","",IF(tab_MIT[[#This Row],[TKZ]]=tab_HAUPT[TKZ],0,SUMIFS(tab_SCHULEN[SuS_21-22],tab_SCHULEN[TKZ],tab_MIT[TKZ]))) | G63: =IF(tab_MIT[TKZ]="","",IF(OR(tab_MIT[[#This Row],[TKZ]]=tab_HAUPT[TKZ],COUNTIF($A$14:$A63,tab_MIT[[#This Row],[TKZ]])>1),0,IFERROR(ROUNDDOWN(0.25*VLOOKUP(tab_MIT[TKZ],tab_ANLAGE[],3,FALSE),2),0))) | H63: =LEFT(tab_MIT[[#This Row],[TKZ]],1) | I63: =IF(tab_MIT[TKZ]="",0,IFERROR(ROUNDDOWN(0.25*VLOOKUP(tab_MIT[TKZ],tab_ANLAGE[],3,FALSE),2),0)) -> 0
E64: =SUBTOTAL(9,tab_MIT[Schulen]) -> 0 | F64: =SUBTOTAL(9,tab_MIT[Schülerzahl 2020/21]) -> 0 | G64: =SUBTOTAL(9,tab_MIT[Budget*)]) -> 0 | I64: =SUM(tab_MIT[Nominalbudget]) -> 0
A65: Zusätzliche Zeilen bei mehr als 10 Mitantragstellern können am linken Tabellenrand eingeblendet werden.
A66: Der Bevollmächtigte verpflichtet sich zur Abwicklung des Förderverfahrens, zur Vertretung der Gemeinschaft der Schulaufwandsträger ggü. der Bewilligungsbehörde und trägt für die zweckentsprechende Umsetzung der regionalen Maßnahme nach Maßgabe der der zwischen den Schulaufwandsträgern getroffenen Regelungen Sorge.
A67: Die beteiligten Zuwendungsempfänger verpflichten sich über den gemeinsamen Förderantrag im eigenen Einflussbereich zur Einhaltung der Zuwendungsvoraussetzungen, des Förderzwecks sowie der gemeinsam abgegebenen Versicherungen und treten die Abwicklung des Fördervollzugs stellvertretend an den Bevollmächtigten ab.
A68: *) Falls nur ein Teil des Maximalbudgets in diesen Antrag eingebracht werden soll, bitte Rücksprache mit der zuständigen Regierung.

Sheet Maßnahmenplanung
A1: 10 | B1: Fördergegenstand gem. dBIR Nr. 2 [aus DropDown auswählen] | C1: Spezifizierung der Maßnahme [aus DropDown auswählen] | D1: ggf. weitere Spezifizierung der Maßnahme [aus Dropdown auswählen] | E1: Ort der Maßnahmenumsetzung [aus DropDown auswählen] | F1: pädagogisch-technischer Einsatzzweck: konkrete Beschreibung der Nutzung durch die Schulen für unterrichtsbezogene Zwecke [max. 400 Zeichen] | G1: Antrag / Erweiterung | H1: Gesamtkosten geschätzt | I1: … darunter durch den Antragsteller geschätzte zuwendungs-fähige Kosten | J1: Dem Grunde nach zuwendungs-fähig? | K1: zuwendungs- fähige Gesamtkosten (ohne Beachtung Höchstbetrag) | L1: Begründung bei Minderung oder Streichung | M1: =COUNTIFS(tab_MP[prf_mp_fertig],"=FALSCH") -> 0 | N1: Zur Weiterverarbeitung…
A2: mp_nr | B2: mp_gegenstand | C2: mp_kategorie | D2: mp_subkategorie | E2: mp_ort | F2: mp_beschreibung | G2: mp_antragsnr | H2: mp_ges | I2: mp_zuw | J2: prf_mp_janein | K2: prf_mp_ges | L2: prf_mp_grund | M2: prf_mp_fertig | N2: ID_geg | O2: tab_geg | P2: ID_kat | Q2: tab_subkat | R2: ID_subkat | S2: ID_ort | T2: mp_ort_nr | U2: mp_ort_ges
A3: =ROW()-2 -> 1 | K3: =IF(tab_MP[[#This Row],[prf_mp_janein]]="ja",tab_MP[[#This Row],[mp_zuw]],IF(tab_MP[[#This Row],[prf_mp_janein]]="nein",0,IF(tab_MP[[#This Row],[prf_mp_janein]]="teilweise",-1,""))) | M3: =AND(OR(tab_MP[[#This Row],[mp_zuw]]="",AND(tab_MP[[#This Row],[mp_zuw]]<>"",tab_MP[[#This Row],[prf_mp_janein]]<>"")),tab_MP[[#This Row],[prf_mp_ges]]<>-1) -> TRUE | N3: =IFERROR(VLOOKUP(tab_MP[[#This Row],[mp_gegenstand]],tab_GEGENSTAND[],4,FALSE),"") | O3: =IF(tab_MP[[#This Row],[ID_geg]]=1,"tab_System[Kategorie]",IF(tab_MP[[#This Row],[ID_geg]]=2,"tab_Werkzeug[Kategorie]",IF(tab_MP[[#This Row],[ID_geg]]=3,"tab_Dienst[Kategorie]",IF(tab_MP[[#This Row],[ID_geg]]=4,"tab_WuP[Kategorie]","")))) | P3: =IFERROR(IF(tab_MP[[#This Row],[ID_geg]]=1,VLOOKUP(tab_MP[[#This Row],[mp_kategorie]],tab_System[],2,FALSE),IF(tab_MP[[#This Row],[ID_geg]]=2,VLOOKUP(tab_MP[[#This Row],[mp_kategorie]],tab_Werkzeug[],2,FALSE),IF(tab_MP[[#This Row],[ID_geg]]=3,VLOOKUP(tab_MP[[#This Row],[mp_kategorie]],tab_Dienst[],2,FALSE),IF(tab_MP[[#This Row],[ID_geg]]=4,VLOOKUP(tab_MP[[#This Row],[mp_kategorie]],tab_WuP[],2,FALSE),"")))),0) | Q3: =IF(AND(tab_MP[[#This Row],[ID_geg]]=1,tab_MP[[#This Row],[ID_kat]]=1),"tab_Serverkomponenten[Subkategorie]",IF(AND(tab_MP[[#This Row],[ID_geg]]=1,tab_MP[[#This Row],[ID_kat]]=4),"tab_Projektraum[Subkategorie]","")) | R3: =IFERROR(IF(AND(tab_MP[[#This Row],[ID_geg]]=1,tab_MP[[#This Row],[ID_kat]]=1),VLOOKUP(tab_MP[[#This Row],[mp_subkategorie]],tab_Serverkomponenten[],2,FALSE),IF(AND(tab_MP[[#This Row],[ID_geg]]=1,tab_MP[[#This Row],[ID_kat]]=4),VLOOKUP(tab_MP[[#This Row],[mp_subkategorie]],tab_Projektraum[],2,FALSE),"")),0) | S3: =IFERROR(VLOOKUP(tab_MP[[#This Row],[mp_ort]],tab_ORT[],2,FALSE),"") | T3: =COUNTIFS($S$3:$S3,$S3,$S$3:$S3,">0") -> 0 | U3: =COUNTIFS(tab_MP[ID_ort],tab_MP[[#This Row],[ID_ort]],tab_MP[ID_ort],">0") -> 0
A4: =ROW()-2 -> 2 | K4: =IF(tab_MP[[#This Row],[prf_mp_janein]]="ja",tab_MP[[#This Row],[mp_zuw]],IF(tab_MP[[#This Row],[prf_mp_janein]]="nein",0,IF(tab_MP[[#This Row],[prf_mp_janein]]="teilweise",-1,""))) | M4: =AND(OR(tab_MP[[#This Row],[mp_zuw]]="",AND(tab_MP[[#This Row],[mp_zuw]]<>"",tab_MP[[#This Row],[prf_mp_janein]]<>"")),tab_MP[[#This Row],[prf_mp_ges]]<>-1) -> TRUE | N4: =IFERROR(VLOOKUP(tab_MP[[#This Row],[mp_gegenstand]],tab_GEGENSTAND[],4,FALSE),"") | O4: =IF(tab_MP[[#This Row],[ID_geg]]=1,"tab_System[Kategorie]",IF(tab_MP[[#This Row],[ID_geg]]=2,"tab_Werkzeug[Kategorie]",IF(tab_MP[[#This Row],[ID_geg]]=3,"tab_Dienst[Kategorie]",IF(tab_MP[[#This Row],[ID_geg]]=4,"tab_WuP[Kategorie]","")))) | P4: =IFERROR(IF(tab_MP[[#This Row],[ID_geg]]=1,VLOOKUP(tab_MP[[#This Row],[mp_kategorie]],tab_System[],2,FALSE),IF(tab_MP[[#This Row],[ID_geg]]=2,VLOOKUP(tab_MP[[#This Row],[mp_kategorie]],tab_Werkzeug[],2,FALSE),IF(tab_MP[[#This Row],[ID_geg]]=3,VLOOKUP(tab_MP[[#This Row],[mp_kategorie]],tab_Dienst[],2,FALSE),IF(tab_MP[[#This Row],[ID_geg]]=4,VLOOKUP(tab_MP[[#This Row],[mp_kategorie]],tab_WuP[],2,FALSE),"")))),0) | Q4: =IF(AND(tab_MP[[#This Row],[ID_geg]]=1,tab_MP[[#This Row],[ID_kat]]=1),"tab_Serverkomponenten[Subkategorie]",IF(AND(tab_MP[[#This Row],[ID_geg]]=1,tab_MP[[#This Row],[ID_kat]]=4),"tab_Projektraum[Subkategorie]","")) | R4: =IFERROR(IF(AND(tab_MP[[#This Row],[ID_geg]]=1,tab_MP[[#This Row],[ID_kat]]=1),VLOOKUP(tab_MP[[#This Row],[mp_subkategorie]],tab_Serverkomponenten[],2,FALSE),IF(AND(tab_MP[[#This Row],[ID_geg]]=1,tab_MP[[#This Row],[ID_kat]]=4),VLOOKUP(tab_MP[[#This Row],[mp_subkategorie]],tab_Projektraum[],2,FALSE),"")),0) | S4: =IFERROR(VLOOKUP(tab_MP[[#This Row],[mp_ort]],tab_ORT[],2,FALSE),"") | T4: =COUNTIFS($S$3:$S4,$S4,$S$3:$S4,">0") -> 0 | U4: =COUNTIFS(tab_MP[ID_ort],tab_MP[[#This Row],[ID_ort]],tab_MP[ID_ort],">0") -> 0
A5: =ROW()-2 -> 3 | K5: =IF(tab_MP[[#This Row],[prf_mp_janein]]="ja",tab_MP[[#This Row],[mp_zuw]],IF(tab_MP[[#This Row],[prf_mp_janein]]="nein",0,IF(tab_MP[[#This Row],[prf_mp_janein]]="teilweise",-1,""))) | M5: =AND(OR(tab_MP[[#This Row],[mp_zuw]]="",AND(tab_MP[[#This Row],[mp_zuw]]<>"",tab_MP[[#This Row],[prf_mp_janein]]<>"")),tab_MP[[#This Row],[prf_mp_ges]]<>-1) -> TRUE | N5: =IFERROR(VLOOKUP(tab_MP[[#This Row],[mp_gegenstand]],tab_GEGENSTAND[],4,FALSE),"") | O5: =IF(tab_MP[[#This Row],[ID_geg]]=1,"tab_System[Kategorie]",IF(tab_MP[[#This Row],[ID_geg]]=2,"tab_Werkzeug[Kategorie]",IF(tab_MP[[#This Row],[ID_geg]]=3,"tab_Dienst[Kategorie]",IF(tab_MP[[#This Row],[ID_geg]]=4,"tab_WuP[Kategorie]","")))) | P5: =IFERROR(IF(tab_MP[[#This Row],[ID_geg]]=1,VLOOKUP(tab_MP[[#This Row],[mp_kategorie]],tab_System[],2,FALSE),IF(tab_MP[[#This Row],[ID_geg]]=2,VLOOKUP(tab_MP[[#This Row],[mp_kategorie]],tab_Werkzeug[],2,FALSE),IF(tab_MP[[#This Row],[ID_geg]]=3,VLOOKUP(tab_MP[[#This Row],[mp_kategorie]],tab_Dienst[],2,FALSE),IF(tab_MP[[#This Row],[ID_geg]]=4,VLOOKUP(tab_MP[[#This Row],[mp_kategorie]],tab_WuP[],2,FALSE),"")))),0) | Q5: =IF(AND(tab_MP[[#This Row],[ID_geg]]=1,tab_MP[[#This Row],[ID_kat]]=1),"tab_Serverkomponenten[Subkategorie]",IF(AND(tab_MP[[#This Row],[ID_geg]]=1,tab_MP[[#This Row],[ID_kat]]=4),"tab_Projektraum[Subkategorie]","")) | R5: =IFERROR(IF(AND(tab_MP[[#This Row],[ID_geg]]=1,tab_MP[[#This Row],[ID_kat]]=1),VLOOKUP(tab_MP[[#This Row],[mp_subkategorie]],tab_Serverkomponenten[],2,FALSE),IF(AND(tab_MP[[#This Row],[ID_geg]]=1,tab_MP[[#This Row],[ID_kat]]=4),VLOOKUP(tab_MP[[#This Row],[mp_subkategorie]],tab_Projektraum[],2,FALSE),"")),0) | S5: =IFERROR(VLOOKUP(tab_MP[[#This Row],[mp_ort]],tab_ORT[],2,FALSE),"") | T5: =COUNTIFS($S$3:$S5,$S5,$S$3:$S5,">0") -> 0 | U5: =COUNTIFS(tab_MP[ID_ort],tab_MP[[#This Row],[ID_ort]],tab_MP[ID_ort],">0") -> 0
A6: =ROW()-2 -> 4 | K6: =IF(tab_MP[[#This Row],[prf_mp_janein]]="ja",tab_MP[[#This Row],[mp_zuw]],IF(tab_MP[[#This Row],[prf_mp_janein]]="nein",0,IF(tab_MP[[#This Row],[prf_mp_janein]]="teilweise",-1,""))) | M6: =AND(OR(tab_MP[[#This Row],[mp_zuw]]="",AND(tab_MP[[#This Row],[mp_zuw]]<>"",tab_MP[[#This Row],[prf_mp_janein]]<>"")),tab_MP[[#This Row],[prf_mp_ges]]<>-1) -> TRUE | N6: =IFERROR(VLOOKUP(tab_MP[[#This Row],[mp_gegenstand]],tab_GEGENSTAND[],4,FALSE),"") | O6: =IF(tab_MP[[#This Row],[ID_geg]]=1,"tab_System[Kategorie]",IF(tab_MP[[#This Row],[ID_geg]]=2,"tab_Werkzeug[Kategorie]",IF(tab_MP[[#This Row],[ID_geg]]=3,"tab_Dienst[Kategorie]",IF(tab_MP[[#This Row],[ID_geg]]=4,"tab_WuP[Kategorie]","")))) | P6: =IFERROR(IF(tab_MP[[#This Row],[ID_geg]]=1,VLOOKUP(tab_MP[[#This Row],[mp_kategorie]],tab_System[],2,FALSE),IF(tab_MP[[#This Row],[ID_geg]]=2,VLOOKUP(tab_MP[[#This Row],[mp_kategorie]],tab_Werkzeug[],2,FALSE),IF(tab_MP[[#This Row],[ID_geg]]=3,VLOOKUP(tab_MP[[#This Row],[mp_kategorie]],tab_Dienst[],2,FALSE),IF(tab_MP[[#This Row],[ID_geg]]=4,VLOOKUP(tab_MP[[#This Row],[mp_kategorie]],tab_WuP[],2,FALSE),"")))),0) | Q6: =IF(AND(tab_MP[[#This Row],[ID_geg]]=1,tab_MP[[#This Row],[ID_kat]]=1),"tab_Serverkomponenten[Subkategorie]",IF(AND(tab_MP[[#This Row],[ID_geg]]=1,tab_MP[[#This Row],[ID_kat]]=4),"tab_Projektraum[Subkategorie]","")) | R6: =IFERROR(IF(AND(tab_MP[[#This Row],[ID_geg]]=1,tab_MP[[#This Row],[ID_kat]]=1),VLOOKUP(tab_MP[[#This Row],[mp_subkategorie]],tab_Serverkomponenten[],2,FALSE),IF(AND(tab_MP[[#This Row],[ID_geg]]=1,tab_MP[[#This Row],[ID_kat]]=4),VLOOKUP(tab_MP[[#This Row],[mp_subkategorie]],tab_Projektraum[],2,FALSE),"")),0) | S6: =IFERROR(VLOOKUP(tab_MP[[#This Row],[mp_ort]],tab_ORT[],2,FALSE),"") | T6: =COUNTIFS($S$3:$S6,$S6,$S$3:$S6,">0") -> 0 | U6: =COUNTIFS(tab_MP[ID_ort],tab_MP[[#This Row],[ID_ort]],tab_MP[ID_ort],">0") -> 0
A7: =ROW()-2 -> 5 | K7: =IF(tab_MP[[#This Row],[prf_mp_janein]]="ja",tab_MP[[#This Row],[mp_zuw]],IF(tab_MP[[#This Row],[prf_mp_janein]]="nein",0,IF(tab_MP[[#This Row],[prf_mp_janein]]="teilweise",-1,""))) | M7: =AND(OR(tab_MP[[#This Row],[mp_zuw]]="",AND(tab_MP[[#This Row],[mp_zuw]]<>"",tab_MP[[#This Row],[prf_mp_janein]]<>"")),tab_MP[[#This Row],[prf_mp_ges]]<>-1) -> TRUE | N7: =IFERROR(VLOOKUP(tab_MP[[#This Row],[mp_gegenstand]],tab_GEGENSTAND[],4,FALSE),"") | O7: =IF(tab_MP[[#This Row],[ID_geg]]=1,"tab_System[Kategorie]",IF(tab_MP[[#This Row],[ID_geg]]=2,"tab_Werkzeug[Kategorie]",IF(tab_MP[[#This Row],[ID_geg]]=3,"tab_Dienst[Kategorie]",IF(tab_MP[[#This Row],[ID_geg]]=4,"tab_WuP[Kategorie]","")))) | P7: =IFERROR(IF(tab_MP[[#This Row],[ID_geg]]=1,VLOOKUP(tab_MP[[#This Row],[mp_kategorie]],tab_System[],2,FALSE),IF(tab_MP[[#This Row],[ID_geg]]=2,VLOOKUP(tab_MP[[#This Row],[mp_kategorie]],tab_Werkzeug[],2,FALSE),IF(tab_MP[[#This Row],[ID_geg]]=3,VLOOKUP(tab_MP[[#This Row],[mp_kategorie]],tab_Dienst[],2,FALSE),IF(tab_MP[[#This Row],[ID_geg]]=4,VLOOKUP(tab_MP[[#This Row],[mp_kategorie]],tab_WuP[],2,FALSE),"")))),0) | Q7: =IF(AND(tab_MP[[#This Row],[ID_geg]]=1,tab_MP[[#This Row],[ID_kat]]=1),"tab_Serverkomponenten[Subkategorie]",IF(AND(tab_MP[[#This Row],[ID_geg]]=1,tab_MP[[#This Row],[ID_kat]]=4),"tab_Projektraum[Subkategorie]","")) | R7: =IFERROR(IF(AND(tab_MP[[#This Row],[ID_geg]]=1,tab_MP[[#This Row],[ID_kat]]=1),VLOOKUP(tab_MP[[#This Row],[mp_subkategorie]],tab_Serverkomponenten[],2,FALSE),IF(AND(tab_MP[[#This Row],[ID_geg]]=1,tab_MP[[#This Row],[ID_kat]]=4),VLOOKUP(tab_MP[[#This Row],[mp_subkategorie]],tab_Projektraum[],2,FALSE),"")),0) | S7: =IFERROR(VLOOKUP(tab_MP[[#This Row],[mp_ort]],tab_ORT[],2,FALSE),"") | T7: =COUNTIFS($S$3:$S7,$S7,$S$3:$S7,">0") -> 0 | U7: =COUNTIFS(tab_MP[ID_ort],tab_MP[[#This Row],[ID_ort]],tab_MP[ID_ort],">0") -> 0
A8: =ROW()-2 -> 6 | K8: =IF(tab_MP[[#This Row],[prf_mp_janein]]="ja",tab_MP[[#This Row],[mp_zuw]],IF(tab_MP[[#This Row],[prf_mp_janein]]="nein",0,IF(tab_MP[[#This Row],[prf_mp_janein]]="teilweise",-1,""))) | M8: =AND(OR(tab_MP[[#This Row],[mp_zuw]]="",AND(tab_MP[[#This Row],[mp_zuw]]<>"",tab_MP[[#This Row],[prf_mp_janein]]<>"")),tab_MP[[#This Row],[prf_mp_ges]]<>-1) -> TRUE | N8: =IFERROR(VLOOKUP(tab_MP[[#This Row],[mp_gegenstand]],tab_GEGENSTAND[],4,FALSE),"") | O8: =IF(tab_MP[[#This Row],[ID_geg]]=1,"tab_System[Kategorie]",IF(tab_MP[[#This Row],[ID_geg]]=2,"tab_Werkzeug[Kategorie]",IF(tab_MP[[#This Row],[ID_geg]]=3,"tab_Dienst[Kategorie]",IF(tab_MP[[#This Row],[ID_geg]]=4,"tab_WuP[Kategorie]","")))) | P8: =IFERROR(IF(tab_MP[[#This Row],[ID_geg]]=1,VLOOKUP(tab_MP[[#This Row],[mp_kategorie]],tab_System[],2,FALSE),IF(tab_MP[[#This Row],[ID_geg]]=2,VLOOKUP(tab_MP[[#This Row],[mp_kategorie]],tab_Werkzeug[],2,FALSE),IF(tab_MP[[#This Row],[ID_geg]]=3,VLOOKUP(tab_MP[[#This Row],[mp_kategorie]],tab_Dienst[],2,FALSE),IF(tab_MP[[#This Row],[ID_geg]]=4,VLOOKUP(tab_MP[[#This Row],[mp_kategorie]],tab_WuP[],2,FALSE),"")))),0) | Q8: =IF(AND(tab_MP[[#This Row],[ID_geg]]=1,tab_MP[[#This Row],[ID_kat]]=1),"tab_Serverkomponenten[Subkategorie]",IF(AND(tab_MP[[#This Row],[ID_geg]]=1,tab_MP[[#This Row],[ID_kat]]=4),"tab_Projektraum[Subkategorie]","")) | R8: =IFERROR(IF(AND(tab_MP[[#This Row],[ID_geg]]=1,tab_MP[[#This Row],[ID_kat]]=1),VLOOKUP(tab_MP[[#This Row],[mp_subkategorie]],tab_Serverkomponenten[],2,FALSE),IF(AND(tab_MP[[#This Row],[ID_geg]]=1,tab_MP[[#This Row],[ID_kat]]=4),VLOOKUP(tab_MP[[#This Row],[mp_subkategorie]],tab_Projektraum[],2,FALSE),"")),0) | S8: =IFERROR(VLOOKUP(tab_MP[[#This Row],[mp_ort]],tab_ORT[],2,FALSE),"") | T8: =COUNTIFS($S$3:$S8,$S8,$S$3:$S8,">0") -> 0 | U8: =COUNTIFS(tab_MP[ID_ort],tab_MP[[#This Row],[ID_ort]],tab_MP[ID_ort],">0") -> 0
A9: =ROW()-2 -> 7 | K9: =IF(tab_MP[[#This Row],[prf_mp_janein]]="ja",tab_MP[[#This Row],[mp_zuw]],IF(tab_MP[[#This Row],[prf_mp_janein]]="nein",0,IF(tab_MP[[#This Row],[prf_mp_janein]]="teilweise",-1,""))) | M9: =AND(OR(tab_MP[[#This Row],[mp_zuw]]="",AND(tab_MP[[#This Row],[mp_zuw]]<>"",tab_MP[[#This Row],[prf_mp_janein]]<>"")),tab_MP[[#This Row],[prf_mp_ges]]<>-1) -> TRUE | N9: =IFERROR(VLOOKUP(tab_MP[[#This Row],[mp_gegenstand]],tab_GEGENSTAND[],4,FALSE),"") | O9: =IF(tab_MP[[#This Row],[ID_geg]]=1,"tab_System[Kategorie]",IF(tab_MP[[#This Row],[ID_geg]]=2,"tab_Werkzeug[Kategorie]",IF(tab_MP[[#This Row],[ID_geg]]=3,"tab_Dienst[Kategorie]",IF(tab_MP[[#This Row],[ID_geg]]=4,"tab_WuP[Kategorie]","")))) | P9: =IFERROR(IF(tab_MP[[#This Row],[ID_geg]]=1,VLOOKUP(tab_MP[[#This Row],[mp_kategorie]],tab_System[],2,FALSE),IF(tab_MP[[#This Row],[ID_geg]]=2,VLOOKUP(tab_MP[[#This Row],[mp_kategorie]],tab_Werkzeug[],2,FALSE),IF(tab_MP[[#This Row],[ID_geg]]=3,VLOOKUP(tab_MP[[#This Row],[mp_kategorie]],tab_Dienst[],2,FALSE),IF(tab_MP[[#This Row],[ID_geg]]=4,VLOOKUP(tab_MP[[#This Row],[mp_kategorie]],tab_WuP[],2,FALSE),"")))),0) | Q9: =IF(AND(tab_MP[[#This Row],[ID_geg]]=1,tab_MP[[#This Row],[ID_kat]]=1),"tab_Serverkomponenten[Subkategorie]",IF(AND(tab_MP[[#This Row],[ID_geg]]=1,tab_MP[[#This Row],[ID_kat]]=4),"tab_Projektraum[Subkategorie]","")) | R9: =IFERROR(IF(AND(tab_MP[[#This Row],[ID_geg]]=1,tab_MP[[#This Row],[ID_kat]]=1),VLOOKUP(tab_MP[[#This Row],[mp_subkategorie]],tab_Serverkomponenten[],2,FALSE),IF(AND(tab_MP[[#This Row],[ID_geg]]=1,tab_MP[[#This Row],[ID_kat]]=4),VLOOKUP(tab_MP[[#This Row],[mp_subkategorie]],tab_Projektraum[],2,FALSE),"")),0) | S9: =IFERROR(VLOOKUP(tab_MP[[#This Row],[mp_ort]],tab_ORT[],2,FALSE),"") | T9: =COUNTIFS($S$3:$S9,$S9,$S$3:$S9,">0") -> 0 | U9: =COUNTIFS(tab_MP[ID_ort],tab_MP[[#This Row],[ID_ort]],tab_MP[ID_ort],">0") -> 0
A10: =ROW()-2 -> 8 | K10: =IF(tab_MP[[#This Row],[prf_mp_janein]]="ja",tab_MP[[#This Row],[mp_zuw]],IF(tab_MP[[#This Row],[prf_mp_janein]]="nein",0,IF(tab_MP[[#This Row],[prf_mp_janein]]="teilweise",-1,""))) | M10: =AND(OR(tab_MP[[#This Row],[mp_zuw]]="",AND(tab_MP[[#This Row],[mp_zuw]]<>"",tab_MP[[#This Row],[prf_mp_janein]]<>"")),tab_MP[[#This Row],[prf_mp_ges]]<>-1) -> TRUE | N10: =IFERROR(VLOOKUP(tab_MP[[#This Row],[mp_gegenstand]],tab_GEGENSTAND[],4,FALSE),"") | O10: =IF(tab_MP[[#This Row],[ID_geg]]=1,"tab_System[Kategorie]",IF(tab_MP[[#This Row],[ID_geg]]=2,"tab_Werkzeug[Kategorie]",IF(tab_MP[[#This Row],[ID_geg]]=3,"tab_Dienst[Kategorie]",IF(tab_MP[[#This Row],[ID_geg]]=4,"tab_WuP[Kategorie]","")))) | P10: =IFERROR(IF(tab_MP[[#This Row],[ID_geg]]=1,VLOOKUP(tab_MP[[#This Row],[mp_kategorie]],tab_System[],2,FALSE),IF(tab_MP[[#This Row],[ID_geg]]=2,VLOOKUP(tab_MP[[#This Row],[mp_kategorie]],tab_Werkzeug[],2,FALSE),IF(tab_MP[[#This Row],[ID_geg]]=3,VLOOKUP(tab_MP[[#This Row],[mp_kategorie]],tab_Dienst[],2,FALSE),IF(tab_MP[[#This Row],[ID_geg]]=4,VLOOKUP(tab_MP[[#This Row],[mp_kategorie]],tab_WuP[],2,FALSE),"")))),0) | Q10: =IF(AND(tab_MP[[#This Row],[ID_geg]]=1,tab_MP[[#This Row],[ID_kat]]=1),"tab_Serverkomponenten[Subkategorie]",IF(AND(tab_MP[[#This Row],[ID_geg]]=1,tab_MP[[#This Row],[ID_kat]]=4),"tab_Projektraum[Subkategorie]","")) | R10: =IFERROR(IF(AND(tab_MP[[#This Row],[ID_geg]]=1,tab_MP[[#This Row],[ID_kat]]=1),VLOOKUP(tab_MP[[#This Row],[mp_subkategorie]],tab_Serverkomponenten[],2,FALSE),IF(AND(tab_MP[[#This Row],[ID_geg]]=1,tab_MP[[#This Row],[ID_kat]]=4),VLOOKUP(tab_MP[[#This Row],[mp_subkategorie]],tab_Projektraum[],2,FALSE),"")),0) | S10: =IFERROR(VLOOKUP(tab_MP[[#This Row],[mp_ort]],tab_ORT[],2,FALSE),"") | T10: =COUNTIFS($S$3:$S10,$S10,$S$3:$S10,">0") -> 0 | U10: =COUNTIFS(tab_MP[ID_ort],tab_MP[[#This Row],[ID_ort]],tab_MP[ID_ort],">0") -> 0
A11: =ROW()-2 -> 9 | K11: =IF(tab_MP[[#This Row],[prf_mp_janein]]="ja",tab_MP[[#This Row],[mp_zuw]],IF(tab_MP[[#This Row],[prf_mp_janein]]="nein",0,IF(tab_MP[[#This Row],[prf_mp_janein]]="teilweise",-1,""))) | M11: =AND(OR(tab_MP[[#This Row],[mp_zuw]]="",AND(tab_MP[[#This Row],[mp_zuw]]<>"",tab_MP[[#This Row],[prf_mp_janein]]<>"")),tab_MP[[#This Row],[prf_mp_ges]]<>-1) -> TRUE | N11: =IFERROR(VLOOKUP(tab_MP[[#This Row],[mp_gegenstand]],tab_GEGENSTAND[],4,FALSE),"") | O11: =IF(tab_MP[[#This Row],[ID_geg]]=1,"tab_System[Kategorie]",IF(tab_MP[[#This Row],[ID_geg]]=2,"tab_Werkzeug[Kategorie]",IF(tab_MP[[#This Row],[ID_geg]]=3,"tab_Dienst[Kategorie]",IF(tab_MP[[#This Row],[ID_geg]]=4,"tab_WuP[Kategorie]","")))) | P11: =IFERROR(IF(tab_MP[[#This Row],[ID_geg]]=1,VLOOKUP(tab_MP[[#This Row],[mp_kategorie]],tab_System[],2,FALSE),IF(tab_MP[[#This Row],[ID_geg]]=2,VLOOKUP(tab_MP[[#This Row],[mp_kategorie]],tab_Werkzeug[],2,FALSE),IF(tab_MP[[#This Row],[ID_geg]]=3,VLOOKUP(tab_MP[[#This Row],[mp_kategorie]],tab_Dienst[],2,FALSE),IF(tab_MP[[#This Row],[ID_geg]]=4,VLOOKUP(tab_MP[[#This Row],[mp_kategorie]],tab_WuP[],2,FALSE),"")))),0) | Q11: =IF(AND(tab_MP[[#This Row],[ID_geg]]=1,tab_MP[[#This Row],[ID_kat]]=1),"tab_Serverkomponenten[Subkategorie]",IF(AND(tab_MP[[#This Row],[ID_geg]]=1,tab_MP[[#This Row],[ID_kat]]=4),"tab_Projektraum[Subkategorie]","")) | R11: =IFERROR(IF(AND(tab_MP[[#This Row],[ID_geg]]=1,tab_MP[[#This Row],[ID_kat]]=1),VLOOKUP(tab_MP[[#This Row],[mp_subkategorie]],tab_Serverkomponenten[],2,FALSE),IF(AND(tab_MP[[#This Row],[ID_geg]]=1,tab_MP[[#This Row],[ID_kat]]=4),VLOOKUP(tab_MP[[#This Row],[mp_subkategorie]],tab_Projektraum[],2,FALSE),"")),0) | S11: =IFERROR(VLOOKUP(tab_MP[[#This Row],[mp_ort]],tab_ORT[],2,FALSE),"") | T11: =COUNTIFS($S$3:$S11,$S11,$S$3:$S11,">0") -> 0 | U11: =COUNTIFS(tab_MP[ID_ort],tab_MP[[#This Row],[ID_ort]],tab_MP[ID_ort],">0") -> 0
A12: =ROW()-2 -> 10 | K12: =IF(tab_MP[[#This Row],[prf_mp_janein]]="ja",tab_MP[[#This Row],[mp_zuw]],IF(tab_MP[[#This Row],[prf_mp_janein]]="nein",0,IF(tab_MP[[#This Row],[prf_mp_janein]]="teilweise",-1,""))) | M12: =AND(OR(tab_MP[[#This Row],[mp_zuw]]="",AND(tab_MP[[#This Row],[mp_zuw]]<>"",tab_MP[[#This Row],[prf_mp_janein]]<>"")),tab_MP[[#This Row],[prf_mp_ges]]<>-1) -> TRUE | N12: =IFERROR(VLOOKUP(tab_MP[[#This Row],[mp_gegenstand]],tab_GEGENSTAND[],4,FALSE),"") | O12: =IF(tab_MP[[#This Row],[ID_geg]]=1,"tab_System[Kategorie]",IF(tab_MP[[#This Row],[ID_geg]]=2,"tab_Werkzeug[Kategorie]",IF(tab_MP[[#This Row],[ID_geg]]=3,"tab_Dienst[Kategorie]",IF(tab_MP[[#This Row],[ID_geg]]=4,"tab_WuP[Kategorie]","")))) | P12: =IFERROR(IF(tab_MP[[#This Row],[ID_geg]]=1,VLOOKUP(tab_MP[[#This Row],[mp_kategorie]],tab_System[],2,FALSE),IF(tab_MP[[#This Row],[ID_geg]]=2,VLOOKUP(tab_MP[[#This Row],[mp_kategorie]],tab_Werkzeug[],2,FALSE),IF(tab_MP[[#This Row],[ID_geg]]=3,VLOOKUP(tab_MP[[#This Row],[mp_kategorie]],tab_Dienst[],2,FALSE),IF(tab_MP[[#This Row],[ID_geg]]=4,VLOOKUP(tab_MP[[#This Row],[mp_kategorie]],tab_WuP[],2,FALSE),"")))),0) | Q12: =IF(AND(tab_MP[[#This Row],[ID_geg]]=1,tab_MP[[#This Row],[ID_kat]]=1),"tab_Serverkomponenten[Subkategorie]",IF(AND(tab_MP[[#This Row],[ID_geg]]=1,tab_MP[[#This Row],[ID_kat]]=4),"tab_Projektraum[Subkategorie]","")) | R12: =IFERROR(IF(AND(tab_MP[[#This Row],[ID_geg]]=1,tab_MP[[#This Row],[ID_kat]]=1),VLOOKUP(tab_MP[[#This Row],[mp_subkategorie]],tab_Serverkomponenten[],2,FALSE),IF(AND(tab_MP[[#This Row],[ID_geg]]=1,tab_MP[[#This Row],[ID_kat]]=4),VLOOKUP(tab_MP[[#This Row],[mp_subkategorie]],tab_Projektraum[],2,FALSE),"")),0) | S12: =IFERROR(VLOOKUP(tab_MP[[#This Row],[mp_ort]],tab_ORT[],2,FALSE),"") | T12: =COUNTIFS($S$3:$S12,$S12,$S$3:$S12,">0") -> 0 | U12: =COUNTIFS(tab_MP[ID_ort],tab_MP[[#This Row],[ID_ort]],tab_MP[ID_ort],">0") -> 0
A13: =ROW()-2 -> 11 | K13: =IF(tab_MP[[#This Row],[prf_mp_janein]]="ja",tab_MP[[#This Row],[mp_zuw]],IF(tab_MP[[#This Row],[prf_mp_janein]]="nein",0,IF(tab_MP[[#This Row],[prf_mp_janein]]="teilweise",-1,""))) | M13: =AND(OR(tab_MP[[#This Row],[mp_zuw]]="",AND(tab_MP[[#This Row],[mp_zuw]]<>"",tab_MP[[#This Row],[prf_mp_janein]]<>"")),tab_MP[[#This Row],[prf_mp_ges]]<>-1) -> TRUE | N13: =IFERROR(VLOOKUP(tab_MP[[#This Row],[mp_gegenstand]],tab_GEGENSTAND[],4,FALSE),"") | O13: =IF(tab_MP[[#This Row],[ID_geg]]=1,"tab_System[Kategorie]",IF(tab_MP[[#This Row],[ID_geg]]=2,"tab_Werkzeug[Kategorie]",IF(tab_MP[[#This Row],[ID_geg]]=3,"tab_Dienst[Kategorie]",IF(tab_MP[[#This Row],[ID_geg]]=4,"tab_WuP[Kategorie]","")))) | P13: =IFERROR(IF(tab_MP[[#This Row],[ID_geg]]=1,VLOOKUP(tab_MP[[#This Row],[mp_kategorie]],tab_System[],2,FALSE),IF(tab_MP[[#This Row],[ID_geg]]=2,VLOOKUP(tab_MP[[#This Row],[mp_kategorie]],tab_Werkzeug[],2,FALSE),IF(tab_MP[[#This Row],[ID_geg]]=3,VLOOKUP(tab_MP[[#This Row],[mp_kategorie]],tab_Dienst[],2,FALSE),IF(tab_MP[[#This Row],[ID_geg]]=4,VLOOKUP(tab_MP[[#This Row],[mp_kategorie]],tab_WuP[],2,FALSE),"")))),0) | Q13: =IF(AND(tab_MP[[#This Row],[ID_geg]]=1,tab_MP[[#This Row],[ID_kat]]=1),"tab_Serverkomponenten[Subkategorie]",IF(AND(tab_MP[[#This Row],[ID_geg]]=1,tab_MP[[#This Row],[ID_kat]]=4),"tab_Projektraum[Subkategorie]","")) | R13: =IFERROR(IF(AND(tab_MP[[#This Row],[ID_geg]]=1,tab_MP[[#This Row],[ID_kat]]=1),VLOOKUP(tab_MP[[#This Row],[mp_subkategorie]],tab_Serverkomponenten[],2,FALSE),IF(AND(tab_MP[[#This Row],[ID_geg]]=1,tab_MP[[#This Row],[ID_kat]]=4),VLOOKUP(tab_MP[[#This Row],[mp_subkategorie]],tab_Projektraum[],2,FALSE),"")),0) | S13: =IFERROR(VLOOKUP(tab_MP[[#This Row],[mp_ort]],tab_ORT[],2,FALSE),"") | T13: =COUNTIFS($S$3:$S13,$S13,$S$3:$S13,">0") -> 0 | U13: =COUNTIFS(tab_MP[ID_ort],tab_MP[[#This Row],[ID_ort]],tab_MP[ID_ort],">0") -> 0
A14: =ROW()-2 -> 12 | K14: =IF(tab_MP[[#This Row],[prf_mp_janein]]="ja",tab_MP[[#This Row],[mp_zuw]],IF(tab_MP[[#This Row],[prf_mp_janein]]="nein",0,IF(tab_MP[[#This Row],[prf_mp_janein]]="teilweise",-1,""))) | M14: =AND(OR(tab_MP[[#This Row],[mp_zuw]]="",AND(tab_MP[[#This Row],[mp_zuw]]<>"",tab_MP[[#This Row],[prf_mp_janein]]<>"")),tab_MP[[#This Row],[prf_mp_ges]]<>-1) -> TRUE | N14: =IFERROR(VLOOKUP(tab_MP[[#This Row],[mp_gegenstand]],tab_GEGENSTAND[],4,FALSE),"") | O14: =IF(tab_MP[[#This Row],[ID_geg]]=1,"tab_System[Kategorie]",IF(tab_MP[[#This Row],[ID_geg]]=2,"tab_Werkzeug[Kategorie]",IF(tab_MP[[#This Row],[ID_geg]]=3,"tab_Dienst[Kategorie]",IF(tab_MP[[#This Row],[ID_geg]]=4,"tab_WuP[Kategorie]","")))) | P14: =IFERROR(IF(tab_MP[[#This Row],[ID_geg]]=1,VLOOKUP(tab_MP[[#This Row],[mp_kategorie]],tab_System[],2,FALSE),IF(tab_MP[[#This Row],[ID_geg]]=2,VLOOKUP(tab_MP[[#This Row],[mp_kategorie]],tab_Werkzeug[],2,FALSE),IF(tab_MP[[#This Row],[ID_geg]]=3,VLOOKUP(tab_MP[[#This Row],[mp_kategorie]],tab_Dienst[],2,FALSE),IF(tab_MP[[#This Row],[ID_geg]]=4,VLOOKUP(tab_MP[[#This Row],[mp_kategorie]],tab_WuP[],2,FALSE),"")))),0) | Q14: =IF(AND(tab_MP[[#This Row],[ID_geg]]=1,tab_MP[[#This Row],[ID_kat]]=1),"tab_Serverkomponenten[Subkategorie]",IF(AND(tab_MP[[#This Row],[ID_geg]]=1,tab_MP[[#This Row],[ID_kat]]=4),"tab_Projektraum[Subkategorie]","")) | R14: =IFERROR(IF(AND(tab_MP[[#This Row],[ID_geg]]=1,tab_MP[[#This Row],[ID_kat]]=1),VLOOKUP(tab_MP[[#This Row],[mp_subkategorie]],tab_Serverkomponenten[],2,FALSE),IF(AND(tab_MP[[#This Row],[ID_geg]]=1,tab_MP[[#This Row],[ID_kat]]=4),VLOOKUP(tab_MP[[#This Row],[mp_subkategorie]],tab_Projektraum[],2,FALSE),"")),0) | S14: =IFERROR(VLOOKUP(tab_MP[[#This Row],[mp_ort]],tab_ORT[],2,FALSE),"") | T14: =COUNTIFS($S$3:$S14,$S14,$S$3:$S14,">0") -> 0 | U14: =COUNTIFS(tab_MP[ID_ort],tab_MP[[#This Row],[ID_ort]],tab_MP[ID_ort],">0") -> 0
... A502: =ROW()-2 -> 500 | K502: =IF(tab_MP[[#This Row],[prf_mp_janein]]="ja",tab_MP[[#This Row],[mp_zuw]],IF(tab_MP[[#This Row],[prf_mp_janein]]="nein",0,IF(tab_MP[[#This Row],[prf_mp_janein]]="teilweise",-1,""))) | M502: =AND(OR(tab_MP[[#This Row],[mp_zuw]]="",AND(tab_MP[[#This Row],[mp_zuw]]<>"",tab_MP[[#This Row],[prf_mp_janein]]<>"")),tab_MP[[#This Row],[prf_mp_ges]]<>-1) -> TRUE | N502: =IFERROR(VLOOKUP(tab_MP[[#This Row],[mp_gegenstand]],tab_GEGENSTAND[],4,FALSE),"") | O502: =IF(tab_MP[[#This Row],[ID_geg]]=1,"tab_System[Kategorie]",IF(tab_MP[[#This Row],[ID_geg]]=2,"tab_Werkzeug[Kategorie]",IF(tab_MP[[#This Row],[ID_geg]]=3,"tab_Dienst[Kategorie]",IF(tab_MP[[#This Row],[ID_geg]]=4,"tab_WuP[Kategorie]","")))) | P502: =IFERROR(IF(tab_MP[[#This Row],[ID_geg]]=1,VLOOKUP(tab_MP[[#This Row],[mp_kategorie]],tab_System[],2,FALSE),IF(tab_MP[[#This Row],[ID_geg]]=2,VLOOKUP(tab_MP[[#This Row],[mp_kategorie]],tab_Werkzeug[],2,FALSE),IF(tab_MP[[#This Row],[ID_geg]]=3,VLOOKUP(tab_MP[[#This Row],[mp_kategorie]],tab_Dienst[],2,FALSE),IF(tab_MP[[#This Row],[ID_geg]]=4,VLOOKUP(tab_MP[[#This Row],[mp_kategorie]],tab_WuP[],2,FALSE),"")))),0) | Q502: =IF(AND(tab_MP[[#This Row],[ID_geg]]=1,tab_MP[[#This Row],[ID_kat]]=1),"tab_Serverkomponenten[Subkategorie]",IF(AND(tab_MP[[#This Row],[ID_geg]]=1,tab_MP[[#This Row],[ID_kat]]=4),"tab_Projektraum[Subkategorie]","")) | R502: =IFERROR(IF(AND(tab_MP[[#This Row],[ID_geg]]=1,tab_MP[[#This Row],[ID_kat]]=1),VLOOKUP(tab_MP[[#This Row],[mp_subkategorie]],tab_Serverkomponenten[],2,FALSE),IF(AND(tab_MP[[#This Row],[ID_geg]]=1,tab_MP[[#This Row],[ID_kat]]=4),VLOOKUP(tab_MP[[#This Row],[mp_subkategorie]],tab_Projektraum[],2,FALSE),"")),0) | S502: =IFERROR(VLOOKUP(tab_MP[[#This Row],[mp_ort]],tab_ORT[],2,FALSE),"") | T502: =COUNTIFS($S$3:$S502,$S502,$S$3:$S502,">0") -> 0 | U502: =COUNTIFS(tab_MP[ID_ort],tab_MP[[#This Row],[ID_ort]],tab_MP[ID_ort],">0") -> 0
B503: =COUNTIFS(tab_MP[mp_gegenstand],"<>"&"") -> 0 | F503: =COUNTA(tab_MP[mp_beschreibung]) -> 0 | H503: =SUM(tab_MP[mp_ges]) -> 0 | I503: =SUM(tab_MP[mp_zuw]) -> 0 | K503: =SUM(Maßnahmenplanung!$K$3:$K$502) -> 0
A504: Bei Bedarf (mehr als 10 Einzelmaßnahmen) können weitere Zeilen eingeblendet werden! Bitte dazu am linken Rand 12//503 markieren und nach Rechtsklick "Einblenden" wählen.

Sheet Antrag
A1: Antrag auf Gewährung einer Zuwendung gemäß der Förderrichtlinie dBIR (regio)
A4: Ausschließlich per E-Mail (als .xlsx-Datei): | F4: Zutreffendes bitte ankreuzen T oder ausfüllen
A5: =IFERROR(VLOOKUP(Antragsteller!$I$1,tab_RBZ[],3,FALSE),"") | F5: Trägerkennziffer
A6: =IFERROR(VLOOKUP(Antragsteller!$I$1,tab_RBZ[],4,FALSE),"bitte Tabellenblatt Antragsteller ausfüllen") -> bitte Tabellenblatt Antragsteller ausfüllen | F6: =IF(Antragsteller!$D$2="Bitte Antragsteller (bzw. Bevollmächtigten) angeben","Bitte Tabellenblatt Antragsteller ausfüllen",Antragsteller!$D$2) -> Bitte Tabellenblatt Antragsteller ausfüllen
B8: (Bewilligungsbehörde)
A9: In Kopie (Cc…) an das Bayerische Staatsministerium für Unterricht und Kultus:
A11: digitalpakt-schule@stmuk.bayern.de | F11: =IF(OR(LEFT($F$6,1)<>Antragsteller!$I$1,$F$6="Wird von der Regierung vergeben"),"Vorsicht, keine gültige Trägerkennziffer!","") -> Vorsicht, keine gültige Trägerkennziffer!
B13: (Zuwendungsgeber)
A15: Anlagen (als Bestandteile der elektronischen Antragsmappe):
A16: 1. | B16: Ausgefülltes und (von allen Antragstellern) gezeichnetes Tabellenblatt "Antragsteller"
A17: 2. | B17: Ausgefüllte und gezeichnete Bestätigung über ein auf die Ziele der Investitionsmaßnahme abgestimmtes Konzept über die Sicherstellung von Betrieb, Wartung und IT-Support
A18: 3. | B18: Ausgefülltes Tabellenblatt "Maßnahmenplanung"
A20: 1. | B20: Hauptantragsteller
B21: Name laut Anlage zur dBIR
B22: =IFERROR(Antragsteller!B8,"") -> Trägerkennziffer gemäß Anlage zur dBIR eingeben.
B23: Straße, Hausnummer | F23: PLZ | G23: Ort
B25: Bankverbindung (IBAN, Geldinstitut)
B27: Auskunft erteilt (ggf. Vertretungsberechtigte/r)
B29: Telefon | D29: E-Mail-Adresse
D30: =IF(Antragsteller!C8<>"",Antragsteller!C8,"Bitte im Tabellenblatt Antragsteller ausfüllen.") -> Bitte im Tabellenblatt Antragsteller ausfüllen.
A32: 2. | B32: Maßnahme (hierzu bitte Tabellenblatt "Maßnahmenplanung" ausfüllen)
B33: =IF(Maßnahmenplanung!$B$503=0,"wird aus der Maßnahmenplanung generiert...",IF(COUNTA(Antragsteller!A14:A63)>0,"Die Antragsteller setzen ","Der Antragsteller setzt ")&Maßnahmenplanung!$B$503&" regionale Maßnahme"&IF(Maßnahmenplanung!$B$503=1,"","n")&" gemäß beiliegender Planung um. Dabei werden "&Antragsteller!$A$2&" Schulen sowie "&Antragsteller!$A$3&" Schülerinnen und Schüler erreicht.") -> wird aus der Maßnahmenplanung generiert...
A35: 3. | B35: Gesamtkosten (hierzu bitte Tabellenblatt "Maßnahmenplanung" ausfüllen)
B36: Hinweis: Wenn der Antragsteller für dieses Vorhaben zum Vorsteuerabzug berechtigt ist, sind die Kosten ohne Umsatzsteuer anzugeben.
B37: Gesamtkosten - gemäß beiligender Maßnahmen- und Investitionsplanung | H37: =SUM(tab_MP[mp_ges]) -> 0
B38: Von den der Finanzierung zugrunde gelegten Kosten sind zuwendungsfähig | H38: =SUM(tab_MP[mp_zuw]) -> 0
A40: 4. | B40: Zu den Gesamtkosten wird hiermit folgende Zuwendung beantragt:
B41: Hiermit wird eine Förderung von regionalen Maßnahmen beantragt gemäß der Richtlinie für die Gewährung von Zuwendungen aus dem Förderprogramm des Bayerischen Staatsministeriums für Unterricht und Kultus – "digitale Bildungsinfrastruktur an bayerischen Schulen (dBIR)" (KMBek vom 5. Oktober 2021, Az. I.7-BS4400.27/330/24).
B42: Bisher bewilligte Zuwendung | H42: =SUM(ABRECHNUNG!C20+ABRECHNUNG!C21+ABRECHNUNG!C22) -> 0
B43: Beantragte Erhöhung der Zuwendung (ohne Beachtung des Förderhöchstbetrags) | H43: =ROUND(0.9*SUM(tab_MP[mp_zuw]),2)-$H$42 -> 0
B44: Neu beantragte Gesamtzuwendung (ohne Beachtung des Förderhöchstbetrags) | H44: =H42+H43 -> 0
A46: 5. | B46: Erklärung zu Maßnahmebeginn und Maßnahmeende
B47: Mit der Umsetzung der Maßnahme wird voraussichtlich / wurde begonnen am
B48: Die Umsetzung der Maßnahme wird voraussichtlich beendet bis zum
A50: 6. | B50: Keine weiteren Zuwendungen
B51: Der Antragsteller versichert, dass die gegenständlichen Maßnahmen, soweit dies die Förderrichtlinien nicht ausdrücklich zulassen, nicht anderweitig aus Förderprogrammen des Bundes oder der Europäischen Union (EU) oder aus Haushaltsmitteln des Freistaats Bayern gefördert wurden oder werden und auch künftig keine anderweitige Förderung beantragt wird.
A53: 7. | B53: Finanzierung
B54: voraussichtliche Zuwendung (unter Beachtung des Höchstbetrags) | H54: =MIN(H43,Antragsteller!A5) -> 0
B55: Zuwendungen von Kommunen
B56: Beiträge Dritter
B57: Darlehen mit Schuldendiensthilfe
B58: Eigene Mittel (gemäß dBIR einschließlich Spenden) | H58: =H59-SUM(H54:H57) -> 0
B59: Gesamtkosten | H59: =H37 -> 0
A61: 8. | B61: Von den Kosten lt. Nr. 3 fallen voraussichtlich an (bzw. sind angefallen)
B62: Zeitraum | G62: Kosten | H62: davon zuwen- dungsfähig
B63: Bereits angefallene Kosten (17.05.2019 bis Antragstellung)
B64: Künftige Kosten (ab Antragstellung bis 16.05.2024) | G64: =IF(G63<>"",H37-G63,0) -> 0 | H64: =IF(H63<>"",H38-H63,0) -> 0
B65: Umsetzungszeitraum (17.05.2019 bis 16.05.2024) | G65: =SUM(G63:G64) -> 0 | H65: =SUM(H63:H64) -> 0
A67: 9. | B67: Maßnahmebeginn
B68: Der Antragsteller erklärt, dass Maßnahmen nicht vor dem 17.05.2019 durch Abschluss eines rechtsverbindlichen Leistungs- oder Lieferungsvertrags begonnen bzw. dass Zuwendungen ausschließlich für selbstständige, fachlich trennbare Abschnitte einer laufenden Investitionsmaßnahme beantragt wurden, die nicht vor dem 17.05.2019 begonnen wurden.
A70: 10. | B70: Erklärung zur Berechtigung zum Vorsteuerabzug
B71: Der Antragsteller erklärt, dass er für die unter Ziffer 5 aufgeführten Vorhaben zum Vorsteuerabzug
B72: berechtigt ist. | E72: nicht berechtigt ist.
A74: 11. | B74: Versicherungen des Zuwendungsempfängers
B75: Der Antragsteller versichert, dass ihm gemäß dBIR Ziffer 7.1 Satz 7 Buchst. h für alle in den Antrag einbezogenen Schulen Bestätigungen der Schulleitung über die Übermittlung der Medienkonzepte an das Staatsministerium für Unterricht und Kultus vorliegen.
B76: Der Antragsteller versichert, dass ihm gemäß dBIR Ziffer 7.1 Satz 7 Buchst. g für alle in den Antrag einbezogenen Schulen Bestätigungen der Schulleitung über die Teilnahme an der aktuellen IT-Umfrage der Akademie für Lehrerfortbildung und Personalführung (ALP) Dillingen vorliegen.
B77: Der Antragsteller versichert, dass er den Eigenanteil gem. dBIR Ziffer 5.4 übernehmen wird.
B78: Der Antragsteller versichert, dass die bewilligten Mittel zweckgebunden verwendet werden. Bei nicht zweckentsprechender Verwendung vor Ablauf der Zweckbindungsfristen nach dBIR Ziffer 4 Sätze 10 und 11 sind die Zuwendungen anteilig zurückzubezahlen.
B79: Der Antragsteller versichert, dass die regionalen Maßnahmen dem Ziel dienen, bei bestehenden Angeboten Leistungsverbesserungen herbeizuführen, die Service-Qualität bestehender Angebote zu steigern oder die Interoperabilität bestehender oder neu zu entwickelnder digitaler Infrastrukturen herzustellen oder zu sichern.
B80: Der Antragsteller versichert, dass die regionalen Maßnahmen dem Erreichen der in den Mediencurricula der in die jeweilige regionale Maßnahme einbezogenen Schulen definierten medienpädagogischen und mediendidaktischen Zielsetzungen dienen.
B81: Der Antragsteller bestätigt, dass die Anforderungen an die Größe einer regionalen Einheit gemäß Nr. 4 Satz 9 dBIR für jede einzelne der im Tabellenblatt Maßnahmenplanung aufgeführten und beantragten Maßnahmen dauerhaft erfüllt sind.
B82: Der Antragsteller erklärt, dass Ausgaben für Miet-, Mietkauf und Leasingverträge nicht aufgrund von Nr. 5.3 Satz 1 Buchst. b Satz 2 dBIR aus der Zuwendungsfähigkeit ausgeschlossen sind.
A84: 12. | B84: Erklärung zu Mitteln aus anderen ergänzenden Fördermaßnahmen
B85: Es wurden ergänzende Fördermaßnahmen des Bundes (z. B. KInvfG, Breitbandförderung) in Anspruch genommen:
B86: nein
B87: ja, und zwar: (Bezeichnung und Förderzweck)
A90: 13. | B90: Abdruck für Rechtsaufsichtsbehörde
B91: Für kommunale Schulaufwandsträger: Der Antragsteller erklärt, dass er der Rechtsaufsichtsbehörde einen Abdruck des Antrags übermittelt hat, soweit diese nicht selbst Bewilligungsbehörde ist.
A93: 14. | B93: Datenschutz
B94: Der Antragsteller erklärt, dass er die auf www.km.bayern.de/digitalpakt eingestellten Hinweise des Staatsministeriums für Unterricht und Kultus zum Datenschutz gelesen hat und mit der Verarbeitung seiner Daten gemäß Art. 13, 14 DSGVO einverstanden ist.
A96: 15. | B96: Elektronische Übermittlung der Bescheide im Fördervollzug
B97: Bescheide im Fördervollzug können elektronisch bekannt gegeben werden, wenn der Zuwendungs-empfänger hierfür einen Zugang eröffnet (Art. 3 Abs. 1 Satz 2 BayEGovG). Der ausschließlich elektronischen Übermittlung der Bescheide an nachfolgende E-Mail-Adresse wird zugestimmt.
B98: ja, und zwar an: (Bitte E-Mail-Adresse angeben) | D98: =IF(D30<>"",D30,"") -> Bitte im Tabellenblatt Antragsteller ausfüllen.
B99: nein
B103: =CONCATENATE(IF(G24<>"",G24,"XYZ"),", den ") -> XYZ, den
D105: Datum | F105: Gezeichnet (Zeichnungsberechtigte(r))
A106: Bitte auch untenstehende Anlage ausfüllen!
A107: Anlage: Bestätigung des Antragstellers über die Sicherstellung von Wartung, Betrieb, IT-Support
A108: gemäß § 6 Absatz 3 der Verwaltungvereinbarung "DigitalPakt Schule 2019 bis 2024"
A110: Hinweis: Mehrfachnennungen sind möglich, aber nicht notwendig.
A112: Level 1: Lösung von Standardproblemen, Problemannahme und qualifizierte Fehlermeldung
A113: Level 1 wird vor Ort sichergestellt durch:
B114: Personal des Landes
B115: Personal des Schulträgers
B116: externe Dritte (
C117: Rahmenvertrag
C118: Einzelauftrag
B119: Sonstige:
A120: Finanzierung:
B121: Personalkosten (Finanzmittel des Landes)
B122: Personalkosten (eigene IT-Angestellte des Schulträgers)
B123: Sachkosten (Vertrag mit öffentlichem Dienstleistungsunternehmen)
B124: Sachkosten (Vertrag mit privatem Dienstleistungsunternehmen)
B125: Sonstiges:
A127: Level 2: Lösung von nicht auf Level 1 gelösten Problemen, z. B. Systemwartung und -pflege, Administration, Fehlerbehebung
B128: Personal des Schulträgers
B129: externe Dritte (
C130: Rahmenvertrag
C131: Einzelauftrag
B132: Sonstige:
...

Sheet MUSTERBEFÜLLUNG
A1: 10 | B1: Fördergegenstand gem. dBIR Nr. 2 [aus DropDown auswählen] | C1: Spezifizierung der Maßnahme [aus DropDown auswählen] | D1: ggf. weitere Spezifizierung der Maßnahme [aus Dropdown auswählen] | E1: Ort der Maßnahmenumsetzung [aus DropDown auswählen] | F1: pädagogisch-technischer Einsatzzweck: konkrete Beschreibung der Nutzung durch die Schulen für unterrichtsbezogene Zwecke [max. 400 Zeichen] | G1: Antrag / Erweiterung | H1: Gesamtkosten geschätzt | I1: … darunter durch den Antragsteller geschätzte zuwendungs-fähige Kosten | J1: Dem Grunde nach zuwendungs-fähig? | K1: zuwendungs- fähige Gesamtkosten (ohne Beachtung Höchstbetrag) | L1: Begründung bei Minderung oder Streichung
A2: mp_nr | B2: mp_gegenstand | C2: mp_kategorie | D2: mp_subkategorie | E2: mp_ort | F2: mp_beschreibung | G2: mp_antragsnr | H2: mp_ges | I2: mp_zuw | J2: prf_mp_janein | K2: prf_mp_ges | L2: prf_mp_grund
A3: =ROW()-2 -> 1 | B3: a) IT-Systeme | C3: Netzwerkspeichersysteme | E3: eigenes Rechenzentrum | F3: Den Schülerinnen und Schülern soll ein Speicherort für audiovisuelle Medien bereitgestellt werden, den sie etwa für Projekt- oder Gruppenarbeiten gemäß Medienkonzept der einzelnen Schule nutzen können. | H3: 12500 | I3: 12500 | J3: ja | K3: =IF(tab_BSP[[#This Row],[prf_mp_janein]]="ja",tab_BSP[[#This Row],[mp_zuw]],IF(tab_BSP[[#This Row],[prf_mp_janein]]="nein",0,IF(tab_BSP[[#This Row],[prf_mp_janein]]="teilweise",-1,""))) -> 12500
A4: =ROW()-2 -> 2 | B4: a) IT-Systeme | C4: Arbeits-/Projektraum | D4: Audiovisuelle Medien (AV-Medien) | E4: kommunales Medienzentrum | F4: Der "Projektraum AV" soll Lehrkräften, Schülerinnen und Schülern zur Verfügung stehen, um etwa in Projektarbeit Videos vor dem Greenscreen drehen und anschließend schneiden und vertonen zu können. | H4: 37500 | I4: 37500 | J4: ja | K4: =IF(tab_BSP[[#This Row],[prf_mp_janein]]="ja",tab_BSP[[#This Row],[mp_zuw]],IF(tab_BSP[[#This Row],[prf_mp_janein]]="nein",0,IF(tab_BSP[[#This Row],[prf_mp_janein]]="teilweise",-1,""))) -> 37500
A5: =ROW()-2 -> 3 | B5: b) digitale Werkzeuge | C5: Audiovisueller Bereich | E5: Rechenzentrum eines Dienstleisters | F5: Um die im "Projektraum AV" erstellten Videos auch lokal in der Schule bearbeiten zu können, wird allen Schulen eine Schnittsoftware mit Onlinezugang bereitgestellt. | H5: 7500 | I5: 7500 | J5: ja | K5: =IF(tab_BSP[[#This Row],[prf_mp_janein]]="ja",tab_BSP[[#This Row],[mp_zuw]],IF(tab_BSP[[#This Row],[prf_mp_janein]]="nein",0,IF(tab_BSP[[#This Row],[prf_mp_janein]]="teilweise",-1,""))) -> 7500
A6: =ROW()-2 -> 4 | B6: d) Strukturen für Wartung und Pflege | C6: Zentrales Identity Management System | E6: eigenes Rechenzentrum | F6: Aufbau eines regionalen Identitätsmanagement-Systems zur schulischen Nutzung der Netzwerkspeichersysteme im regionalen Rechenzentrum. | H6: 5000 | I6: 5000 | J6: ja | K6: =IF(tab_BSP[[#This Row],[prf_mp_janein]]="ja",tab_BSP[[#This Row],[mp_zuw]],IF(tab_BSP[[#This Row],[prf_mp_janein]]="nein",0,IF(tab_BSP[[#This Row],[prf_mp_janein]]="teilweise",-1,""))) -> 5000
A7: =ROW()-2 -> 5 | B7: a) IT-Systeme | C7: zentrale Serverkomponenten | D7: It-Administration (Wartung und Pflege schulischer Systeme) | E7: eigenes Rechenzentrum | F7: Server (inkl. Einrichtung) zum Hosten des regionalen Identitätsmanagement-Systems, das der schulischen Nutzung etwa des Netzwerkspeichersystems dient. So werden den Schulen weitere Möglichkeiten zur Umsetzung des jeweiligen Medienkonzepts eröffnet. | H7: 21000 | I7: 21000 | J7: ja | K7: =IF(tab_BSP[[#This Row],[prf_mp_janein]]="ja",tab_BSP[[#This Row],[mp_zuw]],IF(tab_BSP[[#This Row],[prf_mp_janein]]="nein",0,IF(tab_BSP[[#This Row],[prf_mp_janein]]="teilweise",-1,""))) -> 21000
A8: =ROW()-2 -> 6 | K8: =IF(tab_BSP[[#This Row],[prf_mp_janein]]="ja",tab_BSP[[#This Row],[mp_zuw]],IF(tab_BSP[[#This Row],[prf_mp_janein]]="nein",0,IF(tab_BSP[[#This Row],[prf_mp_janein]]="teilweise",-1,"")))
A9: =ROW()-2 -> 7 | K9: =IF(tab_BSP[[#This Row],[prf_mp_janein]]="ja",tab_BSP[[#This Row],[mp_zuw]],IF(tab_BSP[[#This Row],[prf_mp_janein]]="nein",0,IF(tab_BSP[[#This Row],[prf_mp_janein]]="teilweise",-1,"")))
A10: =ROW()-2 -> 8 | K10: =IF(tab_BSP[[#This Row],[prf_mp_janein]]="ja",tab_BSP[[#This Row],[mp_zuw]],IF(tab_BSP[[#This Row],[prf_mp_janein]]="nein",0,IF(tab_BSP[[#This Row],[prf_mp_janein]]="teilweise",-1,"")))
A11: =ROW()-2 -> 9 | K11: =IF(tab_BSP[[#This Row],[prf_mp_janein]]="ja",tab_BSP[[#This Row],[mp_zuw]],IF(tab_BSP[[#This Row],[prf_mp_janein]]="nein",0,IF(tab_BSP[[#This Row],[prf_mp_janein]]="teilweise",-1,"")))
A12: =ROW()-2 -> 10 | K12: =IF(tab_BSP[[#This Row],[prf_mp_janein]]="ja",tab_BSP[[#This Row],[mp_zuw]],IF(tab_BSP[[#This Row],[prf_mp_janein]]="nein",0,IF(tab_BSP[[#This Row],[prf_mp_janein]]="teilweise",-1,"")))
A13: =ROW()-2 -> 11 | K13: =IF(tab_BSP[[#This Row],[prf_mp_janein]]="ja",tab_BSP[[#This Row],[mp_zuw]],IF(tab_BSP[[#This Row],[prf_mp_janein]]="nein",0,IF(tab_BSP[[#This Row],[prf_mp_janein]]="teilweise",-1,"")))
A14: =ROW()-2 -> 12 | K14: =IF(tab_BSP[[#This Row],[prf_mp_janein]]="ja",tab_BSP[[#This Row],[mp_zuw]],IF(tab_BSP[[#This Row],[prf_mp_janein]]="nein",0,IF(tab_BSP[[#This Row],[prf_mp_janein]]="teilweise",-1,"")))
A15: =ROW()-2 -> 13 | K15: =IF(tab_BSP[[#This Row],[prf_mp_janein]]="ja",tab_BSP[[#This Row],[mp_zuw]],IF(tab_BSP[[#This Row],[prf_mp_janein]]="nein",0,IF(tab_BSP[[#This Row],[prf_mp_janein]]="teilweise",-1,"")))
A16: =ROW()-2 -> 14 | K16: =IF(tab_BSP[[#This Row],[prf_mp_janein]]="ja",tab_BSP[[#This Row],[mp_zuw]],IF(tab_BSP[[#This Row],[prf_mp_janein]]="nein",0,IF(tab_BSP[[#This Row],[prf_mp_janein]]="teilweise",-1,"")))
A17: =ROW()-2 -> 15 | K17: =IF(tab_BSP[[#This Row],[prf_mp_janein]]="ja",tab_BSP[[#This Row],[mp_zuw]],IF(tab_BSP[[#This Row],[prf_mp_janein]]="nein",0,IF(tab_BSP[[#This Row],[prf_mp_janein]]="teilweise",-1,"")))
A18: =ROW()-2 -> 16 | K18: =IF(tab_BSP[[#This Row],[prf_mp_janein]]="ja",tab_BSP[[#This Row],[mp_zuw]],IF(tab_BSP[[#This Row],[prf_mp_janein]]="nein",0,IF(tab_BSP[[#This Row],[prf_mp_janein]]="teilweise",-1,"")))
A19: =ROW()-2 -> 17 | K19: =IF(tab_BSP[[#This Row],[prf_mp_janein]]="ja",tab_BSP[[#This Row],[mp_zuw]],IF(tab_BSP[[#This Row],[prf_mp_janein]]="nein",0,IF(tab_BSP[[#This Row],[prf_mp_janein]]="teilweise",-1,"")))
... A502: =ROW()-2 -> 500 | K502: =IF(tab_BSP[[#This Row],[prf_mp_janein]]="ja",tab_BSP[[#This Row],[mp_zuw]],IF(tab_BSP[[#This Row],[prf_mp_janein]]="nein",0,IF(tab_BSP[[#This Row],[prf_mp_janein]]="teilweise",-1,"")))
F503: =COUNTA(tab_BSP[mp_beschreibung]) -> 5 | H503: =SUM(tab_BSP[mp_ges]) -> 83500 | I503: =SUM(tab_BSP[mp_zuw]) -> 83500 | K503: =SUM(MUSTERBEFÜLLUNG!$K$3:$K$502) -> 83500
A504: Bei Bedarf (mehr als 10 Einzelmaßnahmen) können weitere Zeilen eingeblendet werden! Bitte dazu am linken Rand 12//503 markieren und nach Rechtsklick "Einblenden" wählen.

Sheet Anlage_dBIR
A1: TKZ | B1: SAT | C1: Budget dBIR | D1: iFU-Anteil dBIR | E1: # SuS | F1: # Klassen | G1: Budget/SuS
A2: 1k001 | B2: Adelschlag, Gemeinde | C2: 42533 | D2: 0 | E2: =SUMIFS(tab_SCHULEN[SuS_21-22],tab_SCHULEN[TKZ],tab_ANLAGE[[#This Row],[TKZ]]) -> 149 | F2: =SUMIFS(tab_SCHULEN[Klassen_21-22],tab_SCHULEN[TKZ],tab_ANLAGE[[#This Row],[TKZ]]) -> 8 | G2: =IFERROR(ROUND(0.25*tab_ANLAGE[[#This Row],[Budget dBIR]]/tab_ANLAGE[[#This Row],['# SuS]],2),0) -> 71.36
A3: 1k002 | B3: Ainring, Gemeinde | C3: 189352 | D3: 0 | E3: =SUMIFS(tab_SCHULEN[SuS_21-22],tab_SCHULEN[TKZ],tab_ANLAGE[[#This Row],[TKZ]]) -> 497 | F3: =SUMIFS(tab_SCHULEN[Klassen_21-22],tab_SCHULEN[TKZ],tab_ANLAGE[[#This Row],[TKZ]]) -> 22 | G3: =IFERROR(ROUND(0.25*tab_ANLAGE[[#This Row],[Budget dBIR]]/tab_ANLAGE[[#This Row],['# SuS]],2),0) -> 95.25
A4: 1k003 | B4: Allershausen, Schulverband | C4: 154454 | D4: 0 | E4: =SUMIFS(tab_SCHULEN[SuS_21-22],tab_SCHULEN[TKZ],tab_ANLAGE[[#This Row],[TKZ]]) -> 377 | F4: =SUMIFS(tab_SCHULEN[Klassen_21-22],tab_SCHULEN[TKZ],tab_ANLAGE[[#This Row],[TKZ]]) -> 18 | G4: =IFERROR(ROUND(0.25*tab_ANLAGE[[#This Row],[Budget dBIR]]/tab_ANLAGE[[#This Row],['# SuS]],2),0) -> 102.42
A5: 1k004 | B5: Alling, Gemeinde | C5: 63047 | D5: 0 | E5: =SUMIFS(tab_SCHULEN[SuS_21-22],tab_SCHULEN[TKZ],tab_ANLAGE[[#This Row],[TKZ]]) -> 161 | F5: =SUMIFS(tab_SCHULEN[Klassen_21-22],tab_SCHULEN[TKZ],tab_ANLAGE[[#This Row],[TKZ]]) -> 8 | G5: =IFERROR(ROUND(0.25*tab_ANLAGE[[#This Row],[Budget dBIR]]/tab_ANLAGE[[#This Row],['# SuS]],2),0) -> 97.9
A6: 1k005 | B6: Altenmarkt a.d.Alz, Gemeinde | C6: 39452 | D6: 0 | E6: =SUMIFS(tab_SCHULEN[SuS_21-22],tab_SCHULEN[TKZ],tab_ANLAGE[[#This Row],[TKZ]]) -> 111 | F6: =SUMIFS(tab_SCHULEN[Klassen_21-22],tab_SCHULEN[TKZ],tab_ANLAGE[[#This Row],[TKZ]]) -> 6 | G6: =IFERROR(ROUND(0.25*tab_ANLAGE[[#This Row],[Budget dBIR]]/tab_ANLAGE[[#This Row],['# SuS]],2),0) -> 88.86
A7: 1k006 | B7: Altenstadt (Oberbayern), Gemeinde | C7: 35314 | D7: 0 | E7: =SUMIFS(tab_SCHULEN[SuS_21-22],tab_SCHULEN[TKZ],tab_ANLAGE[[#This Row],[TKZ]]) -> 104 | F7: =SUMIFS(tab_SCHULEN[Klassen_21-22],tab_SCHULEN[TKZ],tab_ANLAGE[[#This Row],[TKZ]]) -> 5 | G7: =IFERROR(ROUND(0.25*tab_ANLAGE[[#This Row],[Budget dBIR]]/tab_ANLAGE[[#This Row],['# SuS]],2),0) -> 84.89
A8: 1k007 | B8: Althegnenberg, Gemeinde | C8: 51830 | D8: 0 | E8: =SUMIFS(tab_SCHULEN[SuS_21-22],tab_SCHULEN[TKZ],tab_ANLAGE[[#This Row],[TKZ]]) -> 150 | F8: =SUMIFS(tab_SCHULEN[Klassen_21-22],tab_SCHULEN[TKZ],tab_ANLAGE[[#This Row],[TKZ]]) -> 8 | G8: =IFERROR(ROUND(0.25*tab_ANLAGE[[#This Row],[Budget dBIR]]/tab_ANLAGE[[#This Row],['# SuS]],2),0) -> 86.38
A9: 1k008 | B9: Altmannstein M., Gemeinde | C9: 149335 | D9: 0 | E9: =SUMIFS(tab_SCHULEN[SuS_21-22],tab_SCHULEN[TKZ],tab_ANLAGE[[#This Row],[TKZ]]) -> 352 | F9: =SUMIFS(tab_SCHULEN[Klassen_21-22],tab_SCHULEN[TKZ],tab_ANLAGE[[#This Row],[TKZ]]) -> 18 | G9: =IFERROR(ROUND(0.25*tab_ANLAGE[[#This Row],[Budget dBIR]]/tab_ANLAGE[[#This Row],['# SuS]],2),0) -> 106.06
A10: 1k009 | B10: Altomünster, Schulverband | C10: 180966 | D10: 0 | E10: =SUMIFS(tab_SCHULEN[SuS_21-22],tab_SCHULEN[TKZ],tab_ANLAGE[[#This Row],[TKZ]]) -> 449 | F10: =SUMIFS(tab_SCHULEN[Klassen_21-22],tab_SCHULEN[TKZ],tab_ANLAGE[[#This Row],[TKZ]]) -> 21 | G10: =IFERROR(ROUND(0.25*tab_ANLAGE[[#This Row],[Budget dBIR]]/tab_ANLAGE[[#This Row],['# SuS]],2),0) -> 100.76
A11: 1k010 | B11: Altötting, Landkreis | C11: 2557900 | D11: 467326 | E11: =SUMIFS(tab_SCHULEN[SuS_21-22],tab_SCHULEN[TKZ],tab_ANLAGE[[#This Row],[TKZ]]) -> 6599 | F11: =SUMIFS(tab_SCHULEN[Klassen_21-22],tab_SCHULEN[TKZ],tab_ANLAGE[[#This Row],[TKZ]]) -> 281 | G11: =IFERROR(ROUND(0.25*tab_ANLAGE[[#This Row],[Budget dBIR]]/tab_ANLAGE[[#This Row],['# SuS]],2),0) -> 96.9
A12: 1k011 | B12: Altötting, St., Gemeinde | C12: 307362 | D12: 0 | E12: =SUMIFS(tab_SCHULEN[SuS_21-22],tab_SCHULEN[TKZ],tab_ANLAGE[[#This Row],[TKZ]]) -> 728 | F12: =SUMIFS(tab_SCHULEN[Klassen_21-22],tab_SCHULEN[TKZ],tab_ANLAGE[[#This Row],[TKZ]]) -> 35 | G12: =IFERROR(ROUND(0.25*tab_ANLAGE[[#This Row],[Budget dBIR]]/tab_ANLAGE[[#This Row],['# SuS]],2),0) -> 105.55
A13: 1k012 | B13: Amerang - Grundschule -, Schulverband | C13: 64594 | D13: 0 | E13: =SUMIFS(tab_SCHULEN[SuS_21-22],tab_SCHULEN[TKZ],tab_ANLAGE[[#This Row],[TKZ]]) -> 183 | F13: =SUMIFS(tab_SCHULEN[Klassen_21-22],tab_SCHULEN[TKZ],tab_ANLAGE[[#This Row],[TKZ]]) -> 8 | G13: =IFERROR(ROUND(0.25*tab_ANLAGE[[#This Row],[Budget dBIR]]/tab_ANLAGE[[#This Row],['# SuS]],2),0) -> 88.24
... A2554: Xx900 | B2554: Freistaat Bayern - Staatsministerium für Ernährung, Landwirtschaft und Forsten | C2554: 229786 | D2554: 81189 | E2554: =SUMIFS(tab_SCHULEN[SuS_21-22],tab_SCHULEN[TKZ],tab_ANLAGE[[#This Row],[TKZ]]) -> 316 | F2554: =SUMIFS(tab_SCHULEN[Klassen_21-22],tab_SCHULEN[TKZ],tab_ANLAGE[[#This Row],[TKZ]]) -> 18 | G2554: =IFERROR(ROUND(0.25*tab_ANLAGE[[#This Row],[Budget dBIR]]/tab_ANLAGE[[#This Row],['# SuS]],2),0) -> 181.79
C2555: =SUBTOTAL(9,tab_ANLAGE[Budget dBIR]) -> 6.5331242e+08 | D2555: =SUBTOTAL(9,tab_ANLAGE[iFU-Anteil dBIR]) -> 63019612

Sheet SCHULLISTE
A1: SNR | B1: Schulart | C1: beruflich | D1: iFU | E1: Art | F1: Schulname | G1: Gebietskörperschaft | H1: SAT | I1: TKZ | J1: Strasse | K1: PLZ | L1: Ort | M1: Gemeinde | N1: Bezirk | O1: Regierungsbezirk | P1: Lkr | Q1: Kreisname | R1: GKZ | S1: oeffentlich | T1: RmbH | U1: Kostenersatz | V1: SuS_21-22 | W1: Klassen_21-22
A2: 0001 | B2: Gymnasium | C2: 0 | D2: 0 | E2: staatlich | F2: Leibniz-Gymnasium Altdorf | G2: Landkreis | H2: Nürnberger Land, Landkreis | I2: 5k114 | J2: Fischbacher Str. 23 | K2: 90518 | L2: Altdorf b.Nürnberg | M2: 112 | N2: 5 | O2: Mittelfranken | P2: 574 | Q2: Nürnberger Land | R2: 09574112 | S2: 1 | T2: 0 | U2: 0 | V2: 860 | W2: 27
A3: 0002 | B3: Gymnasium | C3: 0 | D3: 0 | E3: Staatl. anerkannt | F3: Maria-Ward-Gymnasium Altötting der Maria-Ward-Schulstiftung Passau | G3: freier Schulträger | H3: Maria-Ward-Schulstiftung Passau | I3: 1p142 | J3: Neuöttinger Str. 8 | K3: 84503 | L3: Altötting | M3: 111 | N3: 1 | O3: Oberbayern | P3: 171 | Q3: Altötting | R3: 09171111 | S3: 0 | T3: 0 | U3: 0 | V3: 551 | W3: 18
A4: 0003 | B4: Gymnasium | C4: 0 | D4: 0 | E4: staatlich | F4: Spessart-Gymnasium Alzenau | G4: Landkreis | H4: Aschaffenburg, Landkreis | I4: 6k010 | J4: Brentanostr. 55 | K4: 63755 | L4: Alzenau | M4: 111 | N4: 6 | O4: Unterfranken | P4: 671 | Q4: Aschaffenburg/Land | R4: 09671111 | S4: 1 | T4: 1 | U4: 0 | V4: 1167 | W4: 33
A5: 0004 | B5: Gymnasium | C5: 0 | D5: 0 | E5: staatlich | F5: Erasmus-Gymnasium Amberg | G5: Stadt | H5: Amberg, Kreisfreie Stadt | I5: 3k007 | J5: Gymnasiumstr. 7 | K5: 92224 | L5: Amberg | M5: 000 | N5: 3 | O5: Oberpfalz | P5: 361 | Q5: Amberg | R5: 09361000 | S5: 1 | T5: 1 | U5: 0 | V5: 428 | W5: 16
A6: 0005 | B6: Gymnasium | C6: 0 | D6: 0 | E6: staatlich | F6: Gregor-Mendel-Gymnasium Amberg | G6: Stadt | H6: Amberg, Kreisfreie Stadt | I6: 3k007 | J6: Moritzstr. 1 | K6: 92224 | L6: Amberg | M6: 000 | N6: 3 | O6: Oberpfalz | P6: 361 | Q6: Amberg | R6: 09361000 | S6: 1 | T6: 1 | U6: 0 | V6: 670 | W6: 21
A7: 0006 | B7: Gymnasium | C7: 0 | D7: 0 | E7: staatlich | F7: Max-Reger-Gymnasium Amberg | H7: Freistaat Bayern - Max-Reger-Gymnasium Amberg | I7: 3x900 | J7: Kaiser-Wilhelm-Ring 7 | K7: 92224 | L7: Amberg | M7: 000 | N7: 3 | O7: Oberpfalz | P7: 361 | Q7: Amberg | R7: 09361000 | S7: 1 | T7: 1 | U7: 0 | V7: 411 | W7: 13
A8: 0007 | B8: Gymnasium | C8: 0 | D8: 0 | E8: Staatl. anerkannt | F8: Dr.-Johanna-Decker-Gymnasium Amberg der Schulstiftung der Diözese Regensburg | G8: freier Schulträger | H8: Schulstiftung der Diözese Regensburg | I8: 3p046 | J8: Deutsche Schulgasse 2 | K8: 92224 | L8: Amberg | M8: 000 | N8: 3 | O8: Oberpfalz | P8: 361 | Q8: Amberg | R8: 09361000 | S8: 0 | T8: 1 | U8: 0 | V8: 359 | W8: 11
A9: 0008 | B9: Gymnasium | C9: 0 | D9: 0 | E9: staatlich | F9: Deutschherren-Gymnasium Aichach | G9: Landkreis | H9: Aichach-Friedberg, Landkreis | I9: 7k005 | J9: Ludwigstr. 58 | K9: 86551 | L9: Aichach | M9: 113 | N9: 7 | O9: Schwaben | P9: 771 | Q9: Aichach-Friedberg | R9: 09771113 | S9: 1 | T9: 0 | U9: 0 | V9: 609 | W9: 19
A10: 0009 | B10: Gymnasium | C10: 0 | D10: 0 | E10: staatlich | F10: Karl-Ernst-Gymnasium Amorbach | G10: Landkreis | H10: Miltenberg, Landkreis | I10: 6k148 | J10: Richterstr. 1 | K10: 63916 | L10: Amorbach | M10: 112 | N10: 6 | O10: Unterfranken | P10: 676 | Q10: Miltenberg | R10: 09676112 | S10: 1 | T10: 1 | U10: 0 | V10: 418 | W10: 13
A11: 0010 | B11: Gymnasium | C11: 0 | D11: 0 | E11: staatlich | F11: Gymnasium Carolinum Ansbach | G11: Stadt | H11: Ansbach, Kreisfreie Stadt | I11: 5k010 | J11: Reuterstr. 9 | K11: 91522 | L11: Ansbach | M11: 000 | N11: 5 | O11: Mittelfranken | P11: 561 | Q11: Ansbach/Stadt | R11: 09561000 | S11: 1 | T11: 1 | U11: 0 | V11: 354 | W11: 12
A12: 0011 | B12: Gymnasium | C12: 0 | D12: 0 | E12: staatlich | F12: Platen-Gymnasium Ansbach | G12: Stadt | H12: Ansbach, Kreisfreie Stadt | I12: 5k010 | J12: Bahnhofsplatz 15 | K12: 91522 | L12: Ansbach | M12: 000 | N12: 5 | O12: Mittelfranken | P12: 561 | Q12: Ansbach/Stadt | R12: 09561000 | S12: 1 | T12: 1 | U12: 0 | V12: 612 | W12: 19
A13: 0012 | B13: Gymnasium | C13: 0 | D13: 0 | E13: staatlich | F13: Theresien-Gymnasium Ansbach | G13: Stadt | H13: Ansbach, Kreisfreie Stadt | I13: 5k010 | J13: Schreibmüllerstr. 10 | K13: 91522 | L13: Ansbach | M13: 000 | N13: 5 | O13: Mittelfranken | P13: 561 | Q13: Ansbach/Stadt | R13: 09561000 | S13: 1 | T13: 1 | U13: 0 | V13: 1040 | W13: 32
A14: 0013 | B14: Gymnasium | C14: 0 | D14: 0 | E14: staatlich | F14: Kronberg-Gymnasium Aschaffenburg | G14: Stadt | H14: Aschaffenburg, Kreisfreie Stadt | I14: 6k009 | J14: Fasaneriestr. 33 | K14: 63739 | L14: Aschaffenburg | M14: 000 | N14: 6 | O14: Unterfranken | P14: 661 | Q14: Aschaffenburg/Stadt | R14: 09661000 | S14: 1 | T14: 1 | U14: 0 | V14: 989 | W14: 28
A15: 0014 | B15: Gymnasium | C15: 0 | D15: 0 | E15: staatlich | F15: Friedrich-Dessauer-Gymnasium Aschaffenburg | G15: Stadt | H15: Aschaffenburg, Kreisfreie Stadt | I15: 6k009 | J15: Stadtbadstr. 4 | K15: 63741 | L15: Aschaffenburg | M15: 000 | N15: 6 | O15: Unterfranken | P15: 661 | Q15: Aschaffenburg/Stadt | R15: 09661000 | S15: 1 | T15: 1 | U15: 0 | V15: 1395 | W15: 43
A16: 0015 | B16: Gymnasium | C16: 0 | D16: 0 | E16: staatlich | F16: Karl-Theodor-von-Dalberg-Gymnasium Aschaffenburg | G16: Stadt | H16: Aschaffenburg, Kreisfreie Stadt | I16: 6k009 | J16: Grünewaldstr. 18 | K16: 63739 | L16: Aschaffenburg | M16: 000 | N16: 6 | O16: Unterfranken | P16: 661 | Q16: Aschaffenburg/Stadt | R16: 09661000 | S16: 1 | T16: 1 | U16: 0 | V16: 864 | W16: 27
A17: 0016 | B17: Gymnasium | C17: 0 | D17: 0 | E17: Staatl. anerkannt | F17: Maria-Ward-Schule Mädchengymnasium der Maria-Ward-Stiftung Aschaffenburg | G17: freier Schulträger | H17: Maria-Ward-Stiftung Aschaffenburg | I17: 6p052 | J17: Brentanoplatz 8-10 | K17: 63739 | L17: Aschaffenburg | M17: 000 | N17: 6 | O17: Unterfranken | P17: 661 | Q17: Aschaffenburg/Stadt | R17: 09661000 | S17: 0 | T17: 1 | U17: 0 | V17: 517 | W17: 16
A18: 0017 | B18: Gymnasium | C18: 0 | D18: 0 | E18: staatlich | F18: Gymnasium bei St.Anna Augsburg | G18: Stadt | H18: Augsburg, Kreisfreie Stadt | I18: 7k015 | J18: Schertlinstr. 5-7 | K18: 86159 | L18: Augsburg | M18: 000 | N18: 7 | O18: Schwaben | P18: 761 | Q18: Augsburg/Stadt | R18: 09761000 | S18: 1 | T18: 0 | U18: 0 | V18: 650 | W18: 21
A19: 0018 | B19: Gymnasium | C19: 0 | D19: 0 | E19: staatlich | F19: Gymnasium bei St.Stephan Augsburg | G19: Stadt | H19: Augsburg, Kreisfreie Stadt | I19: 7k015 | J19: Gallusplatz 2 | K19: 86152 | L19: Augsburg | M19: 000 | N19: 7 | O19: Schwaben | P19: 761 | Q19: Augsburg/Stadt | R19: 09761000 | S19: 1 | T19: 0 | U19: 0 | V19: 578 | W19: 22
... A41: 0040 | B41: Gymnasium | C41: 0 | D41: 0 | E41: staatlich | F41: Graf-Münster-Gymnasium Bayreuth | G41: Stadt | H41: Bayreuth, Kreisfreie Stadt | I41: 4k014 | J41: Schützenplatz 12 | K41: 95444 | L41: Bayreuth | M41: 000 | N41: 4 | O41: Oberfranken | P41: 462 | Q41: Bayreuth/Stadt | R41: 09462000 | S41: 1 | T41: 1 | U41: 0 | V41: 978 | W41: 31
A42: 0041 | B42: Gymnasium | C42: 0 | D42: 0 | E42: staatlich | F42: Markgräfin-Wilhelmine-Gymnasium Bayreuth | H42: Freistaat Bayern - Markgräfin-Wilhelmine-Gymnasium Bayreuth | I42: 4x900 | J42: Königsallee 17 | K42: 95448 | L42: Bayreuth | M42: 000 | N42: 4 | O42: Oberfranken | P42: 462 | Q42: Bayreuth/Stadt | R42: 09462000 | S42: 1 | T42: 1 | U42: 0 | V42: 862 | W42: 26
A43: 0042 | B43: Gymnasium | C43: 0 | D43: 0 | E43: staatlich | F43: Richard-Wagner-Gymnasium Bayreuth | G43: Stadt | H43: Bayreuth, Kreisfreie Stadt | I43: 4k014 | J43: Wittelsbacherring 9 | K43: 95444 | L43: Bayreuth | M43: 000 | N43: 4 | O43: Oberfranken | P43: 462 | Q43: Bayreuth/Stadt | R43: 09462000 | S43: 1 | T43: 1 | U43: 0 | V43: 814 | W43: 27
A44: 0043 | B44: Gymnasium | C44: 0 | D44: 0 | E44: kommunal | F44: Städt. Wirtschaftswissenschaftl. Gymnasium Bayreuth | G44: Stadt | H44: Bayreuth, Kreisfreie Stadt | I44: 4k014 | J44: Am Sportpark 1 | K44: 95448 | L44: Bayreuth | M44: 000 | N44: 4 | O44: Oberfranken | P44: 462 | Q44: Bayreuth/Stadt | R44: 09462000 | S44: 1 | T44: 1 | U44: 0 | V44: 853 | W44: 28
A45: 0044 | B45: Gymnasium | C45: 0 | D45: 0 | E45: staatlich | F45: Gymnasium Berchtesgaden | G45: Landkreis | H45: Berchtesgadener Land, Landkreis | I45: 1k050 | J45: Am Anzenbachfeld 1 | K45: 83471 | L45: Berchtesgaden | M45: 116 | N45: 1 | O45: Oberbayern | P45: 172 | Q45: Berchtesgadener Land | R45: 09172116 | S45: 1 | T45: 0 | U45: 0 | V45: 434 | W45: 17
A46: 0045 | B46: Gymnasium | C46: 0 | D46: 0 | E46: Staatl. anerkannt | F46: CJD Christophorusschulen Berchtesgaden - Gymnasium d.CJD in Schönau am Königssee | G46: freier Schulträger | H46: Christl. Jugenddorfwerk Deutschlands, e.V. | I46: 1p027 | J46: Am Dürreck 4 | K46: 83471 | L46: Schönau a.Königssee | M46: 132 | N46: 1 | O46: Oberbayern | P46: 172 | Q46: Berchtesgadener Land | R46: 09172132 | S46: 0 | T46: 0 | U46: 0 | V46: 254 | W46: 10
A47: 0046 | B47: Gymnasium | C47: 0 | D47: 0 | E47: staatlich | F47: Gymnasium Burgkunstadt | G47: Landkreis | H47: Lichtenfels, Landkreis | I47: 4k100 | J47: Kirchleiner Str. 18 | K47: 96224 | L47: Burgkunstadt | M47: 116 | N47: 4 | O47: Oberfranken | P47: 478 | Q47: Lichtenfels | R47: 09478116 | S47: 1 | T47: 1 | U47: 0 | V47: 660 | W47: 22
A48: 0047 | B48: Gymnasium | C48: 0 | D48: 0 | E48: staatlich | F48: Staatl. Gymnasium Lappersdorf | G48: Landkreis | H48: Regensburg, Landkreis | I48: 3k148 | J48: Am Sportzentrum 2 | K48: 93138 | L48: Lappersdorf | M48: 165 | N48: 3 | O48: Oberpfalz | P48: 375 | Q48: Regensburg/Land | R48: 09375165 | S48: 1 | T48: 0 | U48: 0 | V48: 818 | W48: 24
A49: 0048 | B49: Gymnasium | C49: 0 | D49: 0 | E49: staatlich | F49: Kurfürst-Maximilian-Gymnasium Burghausen | G49: Landkreis | H49: Altötting, Landkreis | I49: 1k010 | J49: Kanzelmüllerstr. 90 1/2 | K49: 84489 | L49: Burghausen | M49: 112 | N49: 1 | O49: Oberbayern | P49: 171 | Q49: Altötting | R49: 09171112 | S49: 1 | T49: 0 | U49: 0 | V49: 384 | W49: 12
A50: 0049 | B50: Gymnasium | C50: 0 | D50: 0 | E50: staatlich | F50: Aventinus-Gymnasium Burghausen | G50: Landkreis | H50: Altötting, Landkreis | I50: 1k010 | J50: Adalbert-Stifter-Str. 2 | K50: 84489 | L50: Burghausen | M50: 112 | N50: 1 | O50: Oberbayern | P50: 171 | Q50: Altötting | R50: 09171112 | S50: 1 | T50: 0 | U50: 0 | V50: 583 | W50: 18
A51: 0050 | B51: Gymnasium | C51: 0 | D51: 0 | E51: staatlich | F51: Johann-Michael-Fischer-Gymnasium Burglengenfeld | G51: Landkreis | H51: Schwandorf, Landkreis | I51: 3k167 | J51: Johannes-Kepler-Str. 4 | K51: 93133 | L51: Burglengenfeld | M51: 119 | N51: 3 | O51: Oberpfalz | P51: 376 | Q51: Schwandorf | R51: 09376119 | S51: 1 | T51: 1 | U51: 0 | V51: 872 | W51: 27
A52: 0051 | B52: Gymnasium | C52: 0 | D52: 0 | E52: Staatl. anerkannt | F52: Marianum Buxheim Gymnasium des Schulwerks der Diözese Augsburg | G52: freier Schulträger | H52: Schulwerk der Diözese Augsburg | I52: 7p062 | J52: An der Kartause 3 | K52: 87740 | L52: Buxheim | M52: 123 | N52: 7 | O52: Schwaben | P52: 778 | Q52: Unterallgäu | R52: 09778123 | S52: 0 | T52: 0 | U52: 0 | V52: 377 | W52: 12
A53: 0052 | B53: Gymnasium | C53: 0 | D53: 0 | E53: staatlich | F53: Robert-Schuman-Gymnasium Cham | G53: Landkreis | H53: Cham, Landkreis | I53: 3k034 | J53: Pfarrer-Lukas-Str. 36 | K53: 93413 | L53: Cham | M53: 116 | N53: 3 | O53: Oberpfalz | P53: 372 | Q53: Cham | R53: 09372116 | S53: 1 | T53: 1 | U53: 0 | V53: 597 | W53: 20
A54: 0053 | B54: Gymnasium | C54: 0 | D54: 0 | E54: staatlich | F54: Joseph-von-Fraunhofer-Gymnasium Cham | G54: Landkreis | H54: Cham, Landkreis | I54: 3k034 | J54: Dr.-Muggenthaler-Str. 32 | K54: 93413 | L54: Cham | M54: 116 | N54: 3 | O54: Oberpfalz | P54: 372 | Q54: Cham | R54: 09372116 | S54: 1 | T54: 1 | U54: 0 | V54: 903 | W54: 29
... A59: 0058 | B59: Gymnasium | C59: 0 | D59: 0 | E59: staatlich | F59: Josef-Effner-Gymnasium Dachau | G59: Landkreis | H59: Dachau, Landkreis | I59: 1k079 | J59: Erich-Ollenhauer-Str. 12 | K59: 85221 | L59: Dachau | M59: 115 | N59: 1 | O59: Oberbayern | P59: 174 | Q59: Dachau | R59: 09174115 | S59: 1 | T59: 0 | U59: 0 | V59: 1403 | W59: 41
A60: 0059 | B60: Gymnasium | C60: 0 | D60: 0 | E60: staatlich | F60: Comenius-Gymnasium Deggendorf | H60: Freistaat Bayern - Comenius-Gymnasium Deggendorf | I60: 2x900 | J60: Jahnstr. 8 | K60: 94469 | L60: Deggendorf | M60: 119 | N60: 2 | O60: Niederbayern | P60: 271 | Q60: Deggendorf | R60: 09271119 | S60: 1 | T60: 0 | U60: 0 | V60: 664 | W60: 24
A61: 0060 | B61: Gymnasium | C61: 0 | D61: 0 | E61: staatlich | F61: Johann-Michael-Sailer-Gymnasium Dillingen | G61: Landkreis | H61: Dillingen an der Donau, Landkreis | I61: 7k059 | J61: Ziegelstr. 8 | K61: 89407 | L61: Dillingen a.d.Donau | M61: 125 | N61: 7 | O61: Schwaben | P61: 773 | Q61: Dillingen a.d.Donau | R61: 09773125 | S61: 1 | T61: 1 | U61: 0 | V61: 709 | W61: 24
A62: 0061 | B62: Gymnasium | C62: 0 | D62: 0 | E62: Staatl. anerkannt | F62: St.-Bonaventura-Gymnasium Dillingen des Schulwerks der Diözese Augsburg | G62: freier Schulträger | H62: Schulwerk der Diözese Augsburg | I62: 7p062 | J62: Konviktstr. 11a | K62: 89407 | L62: Dillingen a.d.Donau | M62: 125 | N62: 7 | O62: Schwaben | P62: 773 | Q62: Dillingen a.d.Donau | R62: 09773125 | S62: 0 | T62: 1 | U62: 0 | V62: 403 | W62: 12
A63: 0062 | B63: Gymnasium | C63: 0 | D63: 0 | E63: staatlich | F63: Gymnasium Dingolfing | G63: Landkreis | H63: Dingolfing-Landau, Landkreis | I63: 2k044 | J63: Kerschensteinerstr. 6 | K63: 84130 | L63: Dingolfing | M63: 112 | N63: 2 | O63: Niederbayern | P63: 279 | Q63: Dingolfing-Landau | R63: 09279112 | S63: 1 | T63: 0 | U63: 0 | V63: 872 | W63: 27
A64: 0063 | B64: Gymnasium | C64: 0 | D64: 0 | E64: staatlich | F64: Gymnasium Dinkelsbühl | G64: Landkreis | H64: Ansbach, Landkreis | I64: 5k011 | J64: Ulmer Weg 5 | K64: 91550 | L64: Dinkelsbühl | M64: 136 | N64: 5 | O64: Mittelfranken | P64: 571 | Q64: Ansbach/Land | R64: 09571136 | S64: 1 | T64: 1 | U64: 0 | V64: 487 | W64: 15
A65: 0064 | B65: Gymnasium | C65: 0 | D65: 0 | E65: staatlich | F65: Gymnasium Donauwörth | G65: Landkreis | H65: Donau-Ries, Landkreis | I65: 7k063 | J65: Pyrkstockstr. 1 | K65: 86609 | L65: Donauwörth | M65: 131 | N65: 7 | O65: Schwaben | P65: 779 | Q65: Donau-Ries | R65: 09779131 | S65: 1 | T65: 0 | U65: 0 | V65: 1044 | W65: 32
A66: 0065 | B66: Gymnasium | C66: 0 | D66: 0 | E66: staatlich | F66: Friedrich-Rückert-Gymnasium Ebern | G66: Landkreis | H66: Haßberge, Landkreis | I66: 6k089 | J66: Gymnasiumstr. 4 | K66: 96106 | L66: Ebern | M66: 130 | N66: 6 | O66: Unterfranken | P66: 674 | Q66: Haßberge | R66: 09674130 | S66: 1 | T66: 1 | U66: 0 | V66: 595 | W66: 19
A67: 0066 | B67: Gymnasium | C67: 0 | D67: 0 | E67: staatlich | F67: Karl-von-Closen-Gymnasium Eggenfelden | G67: Landkreis | H67: Rottal-Inn, Landkreis | I67: 2k196 | J67: Gerner Allee 1 | K67: 84307 | L67: Eggenfelden | M67: 116 | N67: 2 | O67: Niederbayern | P67: 277 | Q67: Rottal-Inn | R67: 09277116 | S67: 1 | T67: 1 | U67: 0 | V67: 705 | W67: 24
A68: 0067 | B68: Gymnasium | C68: 0 | D68: 0 | E68: staatlich | F68: Willibald-Gymnasium Eichstätt | G68: Zweck- oder Schulverband | H68: Schulzentrum Eichstätt-Schottenau, Zweckverband | I68: 1k394 | J68: Schottenau 16 | K68: 85072 | L68: Eichstätt | M68: 123 | N68: 1 | O68: Oberbayern | P68: 176 | Q68: Eichstätt | R68: 09176123 | S68: 1 | T68: 0 | U68: 0 | V68: 691 | W68: 24
A69: 0068 | B69: Gymnasium | C69: 0 | D69: 0 | E69: staatlich | F69: Gabrieli-Gymnasium Eichstätt | H69: Freistaat Bayern - Gabrieli-Gymnasium Eichstätt | I69: 1x904 | J69: Luitpoldstr. 40 | K69: 85072 | L69: Eichstätt | M69: 123 | N69: 1 | O69: Oberbayern | P69: 176 | Q69: Eichstätt | R69: 09176123 | S69: 1 | T69: 0 | U69: 0 | V69: 589 | W69: 16
A70: 0069 | B70: Gymnasium | C70: 0 | D70: 0 | E70: staatlich | F70: Schmuttertal-Gymnasium Diedorf | G70: Landkreis | H70: Augsburg, Landkreis | I70: 7k016 | J70: Schmetterlingsplatz 1 | K70: 86420 | L70: Diedorf | M70: 130 | N70: 7 | O70: Schwaben | P70: 772 | Q70: Augsburg/Land | R70: 09772130 | S70: 1 | T70: 0 | U70: 0 | V70: 781 | W70: 25
A71: 0070 | B71: Gymnasium | C71: 0 | D71: 0 | E71: staatlich | F71: Anne-Frank-Gymnasium Erding | G71: Landkreis | H71: Erding, Landkreis | I71: 1k106 | J71: Heilig Blut 8 | K71: 85435 | L71: Erding | M71: 117 | N71: 1 | O71: Oberbayern | P71: 177 | Q71: Erding | R71: 09177117 | S71: 1 | T71: 0 | U71: 0 | V71: 1042 | W71: 33
A72: 0071 | B72: Gymnasium | C72: 0 | D72: 0 | E72: staatlich | F72: Gymnasium Fridericianum Erlangen | G72: Stadt | H72: Erlangen, Kreisfreie Stadt | I72: 5k045 | J72: Sebaldusstr. 37 | K72: 91058 | L72: Erlangen | M72: 000 | N72: 5 | O72: Mittelfranken | P72: 562 | Q72: Erlangen | R72: 09562000 | S72: 1 | T72: 0 | U72: 0 | V72: 454 | W72: 16
A73: 0072 | B73: Gymnasium | C73: 0 | D73: 0 | E73: staatlich | F73: Albert-Schweitzer-Gymnasium Erlangen | G73: Stadt | H73: Erlangen, Kreisfreie Stadt | I73: 5k045 | J73: Dompfaffstr. 111 | K73: 91056 | L73: Erlangen | M73: 000 | N73: 5 | O73: Mittelfranken | P73: 562 | Q73: Erlangen | R73: 09562000 | S73: 1 | T73: 0 | U73: 0 | V73: 905 | W73: 27
A74: 0073 | B74: Gymnasium | C74: 0 | D74: 0 | E74: staatlich | F74: Ohm-Gymnasium Erlangen | G74: Stadt | H74: Erlangen, Kreisfreie Stadt | I74: 5k045 | J74: Am Röthelheim 6 | K74: 91052 | L74: Erlangen | M74: 000 | N74: 5 | O74: Mittelfranken | P74: 562 | Q74: Erlangen | R74: 09562000 | S74: 1 | T74: 0 | U74: 0 | V74: 1257 | W74: 35
A75: 0074 | B75: Gymnasium | C75: 0 | D75: 0 | E75: staatlich | F75: Christian-Ernst-Gymnasium Erlangen | G75: Stadt | H75: Erlangen, Kreisfreie Stadt | I75: 5k045 | J75: Langemarckplatz 2 | K75: 91054 | L75: Erlangen | M75: 000 | N75: 5 | O75: Mittelfranken | P75: 562 | Q75: Erlangen | R75: 09562000 | S75: 1 | T75: 0 | U75: 0 | V75: 768 | W75: 22
A76: 0075 | B76: Gymnasium | C76: 0 | D76: 0 | E76: kommunal | F76: Städtisches Marie-Therese- Gymnasium Erlangen | G76: Stadt | H76: Erlangen, Kreisfreie Stadt | I76: 5k045 | J76: Schillerstr. 12 | K76: 91054 | L76: Erlangen | M76: 000 | N76: 5 | O76: Mittelfranken | P76: 562 | Q76: Erlangen | R76: 09562000 | S76: 1 | T76: 0 | U76: 0 | V76: 806 | W76: 25
A77: 0076 | B77: Gymnasium | C77: 0 | D77: 0 | E77: staatlich | F77: Hermann-Staudinger-Gymnasium Erlenbach a.Main | G77: Landkreis | H77: Miltenberg, Landkreis | I77: 6k148 | J77: Elsenfelder Str. 55 | K77: 63906 | L77: Erlenbach a.Main | M77: 122 | N77: 6 | O77: Unterfranken | P77: 676 | Q77: Miltenberg | R77: 09676122 | S77: 1 | T77: 1 | U77: 0 | V77: 703 | W77: 22
A78: 0077 | B78: Gymnasium | C78: 0 | D78: 0 | E78: staatlich | F78: Gymnasium Eschenbach | G78: Landkreis | H78: Neustadt an der Waldnaab, Landkreis | I78: 3k118 | J78: Dr.-Friedrich-Arnold-Str. 2 | K78: 92676 | L78: Eschenbach i.d.OPf. | M78: 117 | N78: 3 | O78: Oberpfalz | P78: 374 | Q78: Neustadt a.d.Waldnaab | R78: 09374117 | S78: 1 | T78: 1 | U78: 0 | V78: 697 | W78: 23
A79: 0078 | B79: Gymnasium | C79: 0 | D79: 0 | E79: Staatl. anerkannt | F79: Benediktinergymnasium Ettal | G79: freier Schulträger | H79: Benediktinerabtei Ettal | I79: 1p010 | J79: Kaiser-Ludwig-Platz 1 | K79: 82488 | L79: Ettal | M79: 115 | N79: 1 | O79: Oberbayern | P79: 180 | Q79: Garmisch-Partenkirchen | R79: 09180115 | S79: 0 | T79: 1 | U79: 0 | V79: 220 | W79: 10
A80: 0079 | B80: Gymnasium | C80: 0 | D80: 0 | E80: Staatl. genehmigt | F80: KISSori-Gymnasium Bad Kissingen Priv. naturwiss. -techn. Gymnasium der KISSori-Lernzentrum gGmbH | G80: freier Schulträger | H80: Kissori-Lernzentrum gemeinnützige GmbH | I80: 6p037 | J80: Salinenstr. 32 | K80: 97688 | L80: Bad Kissingen | M80: 114 | N80: 6 | O80: Unterfranken | P80: 672 | Q80: Bad Kissingen | R80: 09672114 | S80: 0 | T80: 1 | U80: 0 | V80: 32 | W80: 6
A81: 0080 | B81: Gymnasium | C81: 0 | D81: 0 | E81: staatlich | F81: Gymnasium Feuchtwangen | G81: Landkreis | H81: Ansbach, Landkreis | I81: 5k011 | J81: Dr.-Hans-Güthlein-Weg 10 | K81: 91555 | L81: Feuchtwangen | M81: 145 | N81: 5 | O81: Mittelfranken | P81: 571 | Q81: Ansbach/Land | R81: 09571145 | S81: 1 | T81: 1 | U81: 0 | V81: 656 | W81: 21
... A119: 0118 | B119: Gymnasium | C119: 0 | D119: 0 | E119: Staatl. anerkannt | F119: Erzbischöfliches St.-Ursula-Gymnasium Schloss Hohenburg Lenggries | G119: freier Schulträger | H119: Erzdiözese München und Freising | I119: 1p044 | J119: Schloss Hohenburg | K119: 83661 | L119: Lenggries | M119: 135 | N119: 1 | O119: Oberbayern | P119: 173 | Q119: Bad Tölz-Wolfratshausen | R119: 09173135 | S119: 0 | T119: 0 | U119: 0 | V119: 358 | W119: 12
A120: 0119 | B120: Gymnasium | C120: 0 | D120: 0 | E120: staatlich | F120: Gymnasium Hohenschwangau | H120: Freistaat Bayern - Gymnasium Hohenschwangau | I120: 7x900 | J120: Colomanstr. 10 | K120: 87645 | L120: Schwangau | M120: 169 | N120: 7 | O120: Schwaben | P120: 777 | Q120: Ostallgäu | R120: 09777169 | S120: 1 | T120: 0 | U120: 0 | V120: 779 | W120: 25
A121: 0120 | B121: Gymnasium | C121: 0 | D121: 0 | E121: staatlich | F121: Rainer-Maria-Rilke-Gymnasium Icking | G121: Landkreis | H121: Bad Tölz-Wolfratshausen, Landkreis | I121: 1k039 | J121: Ulrichstr. 1-7 | K121: 82057 | L121: Icking | M121: 130 | N121: 1 | O121: Oberbayern | P121: 173 | Q121: Bad Tölz-Wolfratshausen | R121: 09173130 | S121: 1 | T121: 0 | U121: 0 | V121: 784 | W121: 25
A122: 0121 | B122: Gymnasium | C122: 0 | D122: 0 | E122: Staatl. anerkannt | F122: Kolleg der Schulbrüder Illertissen - Gymnasium - des Schulwerks der Diözese Augsburg | G122: freier Schulträger | H122: Schulwerk der Diözese Augsburg | I122: 7p062 | J122: Dietenheimer Str. 70 | K122: 89257 | L122: Illertissen | M122: 129 | N122: 7 | O122: Schwaben | P122: 775 | Q122: Neu-Ulm | R122: 09775129 | S122: 0 | T122: 0 | U122: 0 | V122: 820 | W122: 24
A123: 0122 | B123: Gymnasium | C123: 0 | D123: 0 | E123: staatlich | F123: Gymnasium Ergolding | G123: Landkreis | H123: Landshut, Landkreis | I123: 2k118 | J123: Am Sportpark 8 | K123: 84030 | L123: Ergolding | M123: 126 | N123: 2 | O123: Niederbayern | P123: 274 | Q123: Landshut/Land | R123: 09274126 | S123: 1 | T123: 0 | U123: 0 | V123: 816 | W123: 25
A124: 0123 | B124: Gymnasium | C124: 0 | D124: 0 | E124: staatlich | F124: Reuchlin-Gymnasium Ingolstadt | G124: Stadt | H124: Ingolstadt, Kreisfreie Stadt | I124: 1k205 | J124: Gymnasiumstr. 15 | K124: 85049 | L124: Ingolstadt | M124: 000 | N124: 1 | O124: Oberbayern | P124: 161 | Q124: Ingolstadt | R124: 09161000 | S124: 1 | T124: 0 | U124: 0 | V124: 637 | W124: 19
A125: 0124 | B125: Gymnasium | C125: 0 | D125: 0 | E125: staatlich | F125: Christoph-Scheiner-Gymnasium Ingolstadt | G125: Stadt | H125: Ingolstadt, Kreisfreie Stadt | I125: 1k205 | J125: Hartmannplatz 1 | K125: 85049 | L125: Ingolstadt | M125: 000 | N125: 1 | O125: Oberbayern | P125: 161 | Q125: Ingolstadt | R125: 09161000 | S125: 1 | T125: 0 | U125: 0 | V125: 973 | W125: 31
A126: 0125 | B126: Gymnasium | C126: 0 | D126: 0 | E126: staatlich | F126: Katharinen-Gymnasium Ingolstadt | G126: Stadt | H126: Ingolstadt, Kreisfreie Stadt | I126: 1k205 | J126: Jesuitenstr. 10 | K126: 85049 | L126: Ingolstadt | M126: 000 | N126: 1 | O126: Oberbayern | P126: 161 | Q126: Ingolstadt | R126: 09161000 | S126: 1 | T126: 0 | U126: 0 | V126: 1110 | W126: 34
A127: 0126 | B127: Gymnasium | C127: 0 | D127: 0 | E127: Staatl. anerkannt | F127: Gnadenthal-Gymnasium Ingolstadt der Diözese Eichstätt | G127: freier Schulträger | H127: Diözese Eichstätt | I127: 1p036 | J127: Kupferstr. 23 | K127: 85049 | L127: Ingolstadt | M127: 000 | N127: 1 | O127: Oberbayern | P127: 161 | Q127: Ingolstadt | R127: 09161000 | S127: 0 | T127: 0 | U127: 0 | V127: 676 | W127: 21
A128: 0127 | B128: Gymnasium | C128: 0 | D128: 0 | E128: kommunal | F128: Landschulheim Schloß Ising am Chiemsee des Zweckverbands Bayer. Landschulheime - Gymnasium | G128: Zweck- oder Schulverband | H128: Bayerische Landschulheime, Zweckverband | I128: 1k044 | J128: Schloßstr. 3 | K128: 83339 | L128: Chieming | M128: 114 | N128: 1 | O128: Oberbayern | P128: 189 | Q128: Traunstein | R128: 09189114 | S128: 1 | T128: 0 | U128: 0 | V128: 414 | W128: 14
A129: 0129 | B129: Gymnasium | C129: 0 | D129: 0 | E129: staatlich | F129: Jakob-Brucker-Gymnasium Kaufbeuren | G129: Stadt | H129: Kaufbeuren, Kreisfreie Stadt | I129: 7k128 | J129: Neugablonzer Str. 38 | K129: 87600 | L129: Kaufbeuren | M129: 000 | N129: 7 | O129: Schwaben | P129: 762 | Q129: Kaufbeuren | R129: 09762000 | S129: 1 | T129: 1 | U129: 0 | V129: 976 | W129: 29
A130: 0130 | B130: Gymnasium | C130: 0 | D130: 0 | E130: Staatl. anerkannt | F130: Marien-Gymnasium Kaufbeuren d. Schulwerks d. Diözese Augsburg | G130: freier Schulträger | H130: Schulwerk der Diözese Augsburg | I130: 7p062 | J130: Kemnater Str. 19 | K130: 87600 | L130: Kaufbeuren | M130: 000 | N130: 7 | O130: Schwaben | P130: 762 | Q130: Kaufbeuren | R130: 09762000 | S130: 0 | T130: 1 | U130: 0 | V130: 535 | W130: 15
A131: 0131 | B131: Gymnasium | C131: 0 | D131: 0 | E131: staatlich | F131: Donau-Gymnasium Kelheim | G131: Landkreis | H131: Kelheim, Landkreis | I131: 2k101 | J131: Rennweg 61 | K131: 93309 | L131: Kelheim | M131: 137 | N131: 2 | O131: Niederbayern | P131: 273 | Q131: Kelheim | R131: 09273137 | S131: 1 | T131: 0 | U131: 0 | V131: 870 | W131: 26
A132: 0132 | B132: Gymnasium | C132: 0 | D132: 0 | E132: kommunal | F132: Landschulheim Kempfenhausen des Zweckverbandes Bayerische Landschulheime - Gymnasium - | G132: Zweck- oder Schulverband | H132: Bayerische Landschulheime, Zweckverband | I132: 1k044 | J132: Münchner Str. 49 - 63 | K132: 82335 | L132: Berg | M132: 113 | N132: 1 | O132: Oberbayern | P132: 188 | Q132: Starnberg | R132: 09188113 | S132: 1 | T132: 0 | U132: 0 | V132: 705 | W132: 21
... A159: 0159 | B159: Gymnasium | C159: 0 | D159: 0 | E159: staatlich | F159: Gymnasium Marktbreit | G159: Landkreis | H159: Kitzingen, Landkreis | I159: 6k112 | J159: Neue Obernbreiter Str. 21 | K159: 97340 | L159: Marktbreit | M159: 147 | N159: 6 | O159: Unterfranken | P159: 675 | Q159: Kitzingen | R159: 09675147 | S159: 1 | T159: 1 | U159: 0 | V159: 617 | W159: 19
A160: 0160 | B160: Gymnasium | C160: 0 | D160: 0 | E160: staatlich | F160: Gymnasium Marktoberdorf | H160: Freistaat Bayern - Gymnasium Marktoberdorf | I160: 7x901 | J160: Mühlsteig 23 | K160: 87616 | L160: Marktoberdorf | M160: 151 | N160: 7 | O160: Schwaben | P160: 777 | Q160: Ostallgäu | R160: 09777151 | S160: 1 | T160: 0 | U160: 0 | V160: 772 | W160: 24
A161: 0161 | B161: Gymnasium | C161: 0 | D161: 0 | E161: staatlich | F161: Otto-Hahn-Gymnasium Marktredwitz | G161: Landkreis | H161: Wunsiedel im Fichtelgebirge, Landkreis | I161: 4k200 | J161: Schulstr. 10 | K161: 95615 | L161: Marktredwitz | M161: 136 | N161: 4 | O161: Oberfranken | P161: 479 | Q161: Wunsiedel i.Fichtelgebirge | R161: 09479136 | S161: 1 | T161: 1 | U161: 0 | V161: 634 | W161: 21
A162: 0162 | B162: Gymnasium | C162: 0 | D162: 0 | E162: staatlich | F162: Gymnasium Landschulheim Marquartstein | H162: Freistaat Bayern - Gymnasium Landschulheim Marquartstein | I162: 1x906 | J162: Neues Schloß 1 | K162: 83250 | L162: Marquartstein | M162: 129 | N162: 1 | O162: Oberbayern | P162: 189 | Q162: Traunstein | R162: 09189129 | S162: 1 | T162: 0 | U162: 0 | V162: 668 | W162: 20
A163: 0163 | B163: Gymnasium | C163: 0 | D163: 0 | E163: staatlich | F163: Martin-Pollich-Gymnasium Mellrichstadt | G163: Landkreis | H163: Rhön-Grabfeld, Landkreis | I163: 6k177 | J163: Sonnenlandstr. 21 | K163: 97638 | L163: Mellrichstadt | M163: 142 | N163: 6 | O163: Unterfranken | P163: 673 | Q163: Rhön-Grabfeld | R163: 09673142 | S163: 1 | T163: 1 | U163: 0 | V163: 432 | W163: 14
A164: 0164 | B164: Gymnasium | C164: 0 | D164: 0 | E164: staatlich | F164: Bernhard-Strigel-Gymnasium Memmingen | G164: Stadt | H164: Memmingen, Kreisfreie Stadt | I164: 7k167 | J164: Wielandstr. 6 | K164: 87700 | L164: Memmingen | M164: 000 | N164: 7 | O164: Schwaben | P164: 764 | Q164: Memmingen | R164: 09764000 | S164: 1 | T164: 0 | U164: 0 | V164: 700 | W164: 23
A165: 0165 | B165: Gymnasium | C165: 0 | D165: 0 | E165: staatlich | F165: Vöhlin-Gymnasium Memmingen | G165: Stadt | H165: Memmingen, Kreisfreie Stadt | I165: 7k167 | J165: Kaisergraben 21 | K165: 87700 | L165: Memmingen | M165: 000 | N165: 7 | O165: Schwaben | P165: 764 | Q165: Memmingen | R165: 09764000 | S165: 1 | T165: 0 | U165: 0 | V165: 777 | W165: 24
A166: 0166 | B166: Gymnasium | C166: 0 | D166: 0 | E166: Staatl. anerkannt | F166: St.-Michaels-Gymnasium der Benediktiner Metten | G166: freier Schulträger | H166: Benediktinerabtei Metten | I166: 2p007 | J166: Abteistr. 3 | K166: 94526 | L166: Metten | M166: 132 | N166: 2 | O166: Niederbayern | P166: 271 | Q166: Deggendorf | R166: 09271132 | S166: 0 | T166: 0 | U166: 0 | V166: 432 | W166: 14
A167: 0167 | B167: Gymnasium | C167: 0 | D167: 0 | E167: staatlich | F167: Gymnasium Miesbach | G167: Landkreis | H167: Miesbach, Landkreis | I167: 1k267 | J167: Haidmühlstr. 36 | K167: 83714 | L167: Miesbach | M167: 125 | N167: 1 | O167: Oberbayern | P167: 182 | Q167: Miesbach | R167: 09182125 | S167: 1 | T167: 0 | U167: 0 | V167: 976 | W167: 29
A168: 0168 | B168: Gymnasium | C168: 0 | D168: 0 | E168: staatlich | F168: Johannes-Butzbach-Gymnasium Miltenberg | G168: Landkreis | H168: Miltenberg, Landkreis | I168: 6k148 | J168: Martin-Vierengel-Str. 4 | K168: 63897 | L168: Miltenberg | M168: 139 | N168: 6 | O168: Unterfranken | P168: 676 | Q168: Miltenberg | R168: 09676139 | S168: 1 | T168: 1 | U168: 0 | V168: 716 | W168: 24
A169: 0169 | B169: Gymnasium | C169: 0 | D169: 0 | E169: Staatl. anerkannt | F169: Maristenkolleg Mindelheim - Gymnasium - des Schulwerks der Diözese Augsburg | G169: freier Schulträger | H169: Schulwerk der Diözese Augsburg | I169: 7p062 | J169: Champagnatplatz 1 | K169: 87719 | L169: Mindelheim | M169: 173 | N169: 7 | O169: Schwaben | P169: 778 | Q169: Unterallgäu | R169: 09778173 | S169: 0 | T169: 0 | U169: 0 | V169: 626 | W169: 18
A170: 0170 | B170: Gymnasium | C170: 0 | D170: 0 | E170: staatlich | F170: Ignaz-Taschner-Gymnasium Dachau | G170: Landkreis | H170: Dachau, Landkreis | I170: 1k079 | J170: Landsberger Str. 1 | K170: 85221 | L170: Dachau | M170: 115 | N170: 1 | O170: Oberbayern | P170: 174 | Q170: Dachau | R170: 09174115 | S170: 1 | T170: 0 | U170: 0 | V170: 1201 | W170: 31
A171: 0171 | B171: Gymnasium | C171: 0 | D171: 0 | E171: staatlich | F171: Christoph-Probst-Gymnasium Gilching | G171: Zweck- oder Schulverband | H171: weiterführende Schulen im westlichen Teil des Landkreises Starnberg, Zweckverband | I171: 1k482 | J171: Talhofstr. 7 | K171: 82205 | L171: Gilching | M171: 121 | N171: 1 | O171: Oberbayern | P171: 188 | Q171: Starnberg | R171: 09188121 | S171: 1 | T171: 0 | U171: 0 | V171: 1454 | W171: 42
A172: 0172 | B172: Gymnasium | C172: 0 | D172: 0 | E172: staatlich | F172: Ruperti-Gymnasium Mühldorf a.Inn | G172: Landkreis | H172: Mühldorf am Inn, Landkreis | I172: 1k276 | J172: Herzog-Friedrich-Str. 16 - 18 | K172: 84453 | L172: Mühldorf a.Inn | M172: 128 | N172: 1 | O172: Oberbayern | P172: 183 | Q172: Mühldorf a.Inn | R172: 09183128 | S172: 1 | T172: 1 | U172: 0 | V172: 877 | W172: 29
A173: 0173 | B173: Gymnasium | C173: 0 | D173: 0 | E173: staatlich | F173: Gymnasium Münchberg | G173: Landkreis | H173: Hof, Landkreis | I173: 4k076 | J173: Hofer Str. 41 | K173: 95213 | L173: Münchberg | M173: 154 | N173: 4 | O173: Oberfranken | P173: 475 | Q173: Hof/Land | R173: 09475154 | S173: 1 | T173: 1 | U173: 0 | V173: 553 | W173: 18
A174: 0174 | B174: Gymnasium | C174: 0 | D174: 0 | E174: staatlich | F174: Karlsgymnasium München-Pasing | G174: Stadt | H174: München, Landeshauptstadt, Kreisfreie Stadt | I174: 1k277 | J174: Am Stadtpark 21 | K174: 81243 | L174: München | M174: 000 | N174: 1 | O174: Oberbayern | P174: 162 | Q174: München/Stadt | R174: 09162000 | S174: 1 | T174: 0 | U174: 0 | V174: 706 | W174: 24
... A190: 0190 | B190: Gymnasium | C190: 0 | D190: 0 | E190: staatlich | F190: Pestalozzi-Gymnasium München | G190: Stadt | H190: München, Landeshauptstadt, Kreisfreie Stadt | I190: 1k277 | J190: Eduard-Schmid-Str. 1 | K190: 81541 | L190: München | M190: 000 | N190: 1 | O190: Oberbayern | P190: 162 | Q190: München/Stadt | R190: 09162000 | S190: 1 | T190: 0 | U190: 0 | V190: 880 | W190: 24
A191: 0191 | B191: Gymnasium | C191: 0 | D191: 0 | E191: staatlich | F191: Max-Josef-Stift München | H191: Freistaat Bayern - Max-Josef-Stift München | I191: 1x905 | J191: Mühlbaurstr. 15 | K191: 81677 | L191: München | M191: 000 | N191: 1 | O191: Oberbayern | P191: 162 | Q191: München/Stadt | R191: 09162000 | S191: 1 | T191: 0 | U191: 0 | V191: 578 | W191: 19
A192: 0192 | B192: Gymnasium | C192: 0 | D192: 0 | E192: kommunal | F192: Städtisches Luisengymnasium München | G192: Stadt | H192: München, Landeshauptstadt, Kreisfreie Stadt | I192: 1k277 | J192: Luisenstr. 7 | K192: 80333 | L192: München | M192: 000 | N192: 1 | O192: Oberbayern | P192: 162 | Q192: München/Stadt | R192: 09162000 | S192: 1 | T192: 0 | U192: 0 | V192: 819 | W192: 24
A193: 0193 | B193: Gymnasium | C193: 0 | D193: 0 | E193: kommunal | F193: Städtisches Elsa-Brändström- Gymnasium München | G193: Stadt | H193: München, Landeshauptstadt, Kreisfreie Stadt | I193: 1k277 | J193: Ebenböckstr. 1 | K193: 81241 | L193: München | M193: 000 | N193: 1 | O193: Oberbayern | P193: 162 | Q193: München/Stadt | R193: 09162000 | S193: 1 | T193: 0 | U193: 0 | V193: 756 | W193: 23
A194: 0194 | B194: Gymnasium | C194: 0 | D194: 0 | E194: kommunal | F194: Städtisches Louise-Schroeder Gymnasium München | G194: Stadt | H194: München, Landeshauptstadt, Kreisfreie Stadt | I194: 1k277 | J194: Pfarrer-Grimm-Str. 1 | K194: 80999 | L194: München | M194: 000 | N194: 1 | O194: Oberbayern | P194: 162 | Q194: München/Stadt | R194: 09162000 | S194: 1 | T194: 0 | U194: 0 | V194: 1118 | W194: 34
A195: 0195 | B195: Gymnasium | C195: 0 | D195: 0 | E195: kommunal | F195: Städtisches Sophie-Scholl-Gymnasium München | G195: Stadt | H195: München, Landeshauptstadt, Kreisfreie Stadt | I195: 1k277 | J195: Karl-Theodor-Str. 92 | K195: 80796 | L195: München | M195: 000 | N195: 1 | O195: Oberbayern | P195: 162 | Q195: München/Stadt | R195: 09162000 | S195: 1 | T195: 0 | U195: 0 | V195: 620 | W195: 17
A196: 0196 | B196: Gymnasium | C196: 0 | D196: 0 | E196: kommunal | F196: Städtisches Theodolinden-Gymnasium München | G196: Stadt | H196: München, Landeshauptstadt, Kreisfreie Stadt | I196: 1k277 | J196: Am Staudengarten 2 | K196: 81547 | L196: München | M196: 000 | N196: 1 | O196: Oberbayern | P196: 162 | Q196: München/Stadt | R196: 09162000 | S196: 1 | T196: 0 | U196: 0 | V196: 1017 | W196: 31
A197: 0197 | B197: Gymnasium | C197: 0 | D197: 0 | E197: kommunal | F197: Städtisches Willi-Graf-Gymnasium München | G197: Stadt | H197: München, Landeshauptstadt, Kreisfreie Stadt | I197: 1k277 | J197: Borschtallee 26 | K197: 80804 | L197: München | M197: 000 | N197: 1 | O197: Oberbayern | P197: 162 | Q197: München/Stadt | R197: 09162000 | S197: 1 | T197: 0 | U197: 0 | V197: 1132 | W197: 34
A198: 0198 | B198: Gymnasium | C198: 0 | D198: 0 | E198: kommunal | F198: Städtisches Thomas-Mann-Gymnasium München | G198: Stadt | H198: München, Landeshauptstadt, Kreisfreie Stadt | I198: 1k277 | J198: Drygalski-Allee 2 | K198: 81477 | L198: München | M198: 000 | N198: 1 | O198: Oberbayern | P198: 162 | Q198: München/Stadt | R198: 09162000 | S198: 1 | T198: 0 | U198: 0 | V198: 1041 | W198: 33
A199: 0199 | B199: Gymnasium | C199: 0 | D199: 0 | E199: kommunal | F199: Städtisches St.-Anna-Gymnasium München | G199: Stadt | H199: München, Landeshauptstadt, Kreisfreie Stadt | I199: 1k277 | J199: St.-Anna-Str. 20 | K199: 80538 | L199: München | M199: 000 | N199: 1 | O199: Oberbayern | P199: 162 | Q199: München/Stadt | R199: 09162000 | S199: 1 | T199: 0 | U199: 0 | V199: 688 | W199: 18
A200: 0200 | B200: Gymnasium | C200: 0 | D200: 0 | E200: staatlich | F200: Michaeli-Gymnasium München | G200: Stadt | H200: München, Landeshauptstadt, Kreisfreie Stadt | I200: 1k277 | J200: Hachinger-Bach-Str. 25 | K200: 81671 | L200: München | M200: 000 | N200: 1 | O200: Oberbayern | P200: 162 | Q200: München/Stadt | R200: 09162000 | S200: 1 | T200: 0 | U200: 0 | V200: 1622 | W200: 46
A201: 0201 | B201: Gymnasium | C201: 0 | D201: 0 | E201: kommunal | F201: Städtisches Adolf-Weber-Gymnasium München | G201: Stadt | H201: München, Landeshauptstadt, Kreisfreie Stadt | I201: 1k277 | J201: Kapschstr. 4 | K201: 80636 | L201: München | M201: 000 | N201: 1 | O201: Oberbayern | P201: 162 | Q201: München/Stadt | R201: 09162000 | S201: 1 | T201: 0 | U201: 0 | V201: 843 | W201: 25
A202: 0202 | B202: Gymnasium | C202: 0 | D202: 0 | E202: kommunal | F202: Städtisches Käthe-Kollwitz- Gymnasium München | G202: Stadt | H202: München, Landeshauptstadt, Kreisfreie Stadt | I202: 1k277 | J202: Nibelungenstr. 51 a | K202: 80639 | L202: München | M202: 000 | N202: 1 | O202: Oberbayern | P202: 162 | Q202: München/Stadt | R202: 09162000 | S202: 1 | T202: 0 | U202: 0 | V202: 1214 | W202: 33
A203: 0203 | B203: Gymnasium | C203: 0 | D203: 0 | E203: kommunal | F203: Städtisches Bertolt-Brecht- Gymnasium München | G203: Stadt | H203: München, Landeshauptstadt, Kreisfreie Stadt | I203: 1k277 | J203: Peslmüllerstr. 6 | K203: 81243 | L203: München | M203: 000 | N203: 1 | O203: Oberbayern | P203: 162 | Q203: München/Stadt | R203: 09162000 | S203: 1 | T203: 0 | U203: 0 | V203: 503 | W203: 17
...

Sheet Diverses
A1: RBZ | B1: Name | C1: Regierung | D1: Mail | E1: Maximalbudget der SAT im Antrag | F1: zuständig? | G1: RBZ2 | J1: Kategorie | K1: ID_kat | M1: Subkategorie | N1: ID_subkat | P1: Subkategorie | Q1: ID_subkat
A2: 1 | B2: Oberbayern | C2: Regierung von Oberbayern | D2: digitalpakt-schule@reg-ob.bayern.de | E2: =IF(LEFT(tab_HAUPT[TKZ],1)=tab_RBZ[[#This Row],[RBZ]],tab_HAUPT[Budget*)],0)+SUMIFS(tab_MIT[Budget*)],tab_MIT[RBZ],tab_RBZ[[#This Row],[RBZ]]) -> 0 | F2: =IF(AND(tab_RBZ[[#This Row],[Maximalbudget der SAT im Antrag]]>0,tab_RBZ[[#This Row],[Maximalbudget der SAT im Antrag]]=MAX(tab_RBZ[Maximalbudget der SAT im Antrag])),"x","") | G2: =tab_RBZ[[#This Row],[RBZ]] -> 1 | J2: zentrale Serverkomponenten | K2: 1 | M2: Robotik/Coding | N2: 1 | P2: Unterrichtlicher Einsatz (Werkzeuge und Dienste) | Q2: 1
A3: 2 | B3: Niederbayern | C3: Regierung von Niederbayern | D3: digitalpakt-schule@reg-nb.bayern.de | E3: =IF(LEFT(tab_HAUPT[TKZ],1)=tab_RBZ[[#This Row],[RBZ]],tab_HAUPT[Budget*)],0)+SUMIFS(tab_MIT[Budget*)],tab_MIT[RBZ],tab_RBZ[[#This Row],[RBZ]]) -> 0 | F3: =IF(AND(tab_RBZ[[#This Row],[Maximalbudget der SAT im Antrag]]>0,tab_RBZ[[#This Row],[Maximalbudget der SAT im Antrag]]=MAX(tab_RBZ[Maximalbudget der SAT im Antrag])),"x","") | G3: =tab_RBZ[[#This Row],[RBZ]] -> 2 | J3: Netzwerkspeichersysteme | K3: 2 | M3: Virtuelle oder erweiterte Realität (VR/AR) | N3: 2 | P3: It-Administration (Wartung und Pflege schulischer Systeme) | Q3: 2
A4: 3 | B4: Oberpfalz | C4: Regierung der Oberpfalz | D4: digitalpakt-schule@reg-opf.bayern.de | E4: =IF(LEFT(tab_HAUPT[TKZ],1)=tab_RBZ[[#This Row],[RBZ]],tab_HAUPT[Budget*)],0)+SUMIFS(tab_MIT[Budget*)],tab_MIT[RBZ],tab_RBZ[[#This Row],[RBZ]]) -> 0 | F4: =IF(AND(tab_RBZ[[#This Row],[Maximalbudget der SAT im Antrag]]>0,tab_RBZ[[#This Row],[Maximalbudget der SAT im Antrag]]=MAX(tab_RBZ[Maximalbudget der SAT im Antrag])),"x","") | G4: =tab_RBZ[[#This Row],[RBZ]] -> 3 | J4: Vernetzung innerhalb der reg. Einheit | K4: 3 | M4: Künstliche Intelligenz (KI) | N4: 3
A5: 4 | B5: Oberfranken | C5: Regierung von Oberfranken | D5: digitalpakt-schule@reg-ofr.bayern.de | E5: =IF(LEFT(tab_HAUPT[TKZ],1)=tab_RBZ[[#This Row],[RBZ]],tab_HAUPT[Budget*)],0)+SUMIFS(tab_MIT[Budget*)],tab_MIT[RBZ],tab_RBZ[[#This Row],[RBZ]]) -> 0 | F5: =IF(AND(tab_RBZ[[#This Row],[Maximalbudget der SAT im Antrag]]>0,tab_RBZ[[#This Row],[Maximalbudget der SAT im Antrag]]=MAX(tab_RBZ[Maximalbudget der SAT im Antrag])),"x","") | G5: =tab_RBZ[[#This Row],[RBZ]] -> 4 | J5: Arbeits-/Projektraum | K5: 4 | M5: Audiovisuelle Medien (AV-Medien) | N5: 4
A6: 5 | B6: Mittelfranken | C6: Regierung von Mittelfranken | D6: digitalpakt-schule@reg-mfr.bayern.de | E6: =IF(LEFT(tab_HAUPT[TKZ],1)=tab_RBZ[[#This Row],[RBZ]],tab_HAUPT[Budget*)],0)+SUMIFS(tab_MIT[Budget*)],tab_MIT[RBZ],tab_RBZ[[#This Row],[RBZ]]) -> 0 | F6: =IF(AND(tab_RBZ[[#This Row],[Maximalbudget der SAT im Antrag]]>0,tab_RBZ[[#This Row],[Maximalbudget der SAT im Antrag]]=MAX(tab_RBZ[Maximalbudget der SAT im Antrag])),"x","") | G6: =tab_RBZ[[#This Row],[RBZ]] -> 5 | J6: Musterklassenzimmer/Showroom | K6: 5 | M6: Fertigungsbereich (CAD, 3D-Druck) | N6: 5
A7: 6 | B7: Unterfranken | C7: Regierung von Unterfranken | D7: digitalpakt-schule@reg-ufr.bayern.de | E7: =IF(LEFT(tab_HAUPT[TKZ],1)=tab_RBZ[[#This Row],[RBZ]],tab_HAUPT[Budget*)],0)+SUMIFS(tab_MIT[Budget*)],tab_MIT[RBZ],tab_RBZ[[#This Row],[RBZ]]) -> 0 | F7: =IF(AND(tab_RBZ[[#This Row],[Maximalbudget der SAT im Antrag]]>0,tab_RBZ[[#This Row],[Maximalbudget der SAT im Antrag]]=MAX(tab_RBZ[Maximalbudget der SAT im Antrag])),"x","") | G7: =tab_RBZ[[#This Row],[RBZ]] -> 6 | J7: Sonstiges | K7: 6 | M7: Zukunftstechnologien | N7: 6
A8: 7 | B8: Schwaben | C8: Regierung von Schwaben | D8: digitalpakt-schule@reg-schw.bayern.de | E8: =IF(LEFT(tab_HAUPT[TKZ],1)=tab_RBZ[[#This Row],[RBZ]],tab_HAUPT[Budget*)],0)+SUMIFS(tab_MIT[Budget*)],tab_MIT[RBZ],tab_RBZ[[#This Row],[RBZ]]) -> 0 | F8: =IF(AND(tab_RBZ[[#This Row],[Maximalbudget der SAT im Antrag]]>0,tab_RBZ[[#This Row],[Maximalbudget der SAT im Antrag]]=MAX(tab_RBZ[Maximalbudget der SAT im Antrag])),"x","") | G8: =tab_RBZ[[#This Row],[RBZ]] -> 7
A9: x | B9: Freistaat Bayern | C9: Freistaat Bayern | D9: digitalpakt-schule@stmuk.bayern.de | E9: =IF(LEFT(tab_HAUPT[TKZ],1)=tab_RBZ[[#This Row],[RBZ]],tab_HAUPT[Budget*)],0)+SUMIFS(tab_MIT[Budget*)],tab_MIT[RBZ],tab_RBZ[[#This Row],[RBZ]]) -> 0 | F9: =IF(AND(tab_RBZ[[#This Row],[Maximalbudget der SAT im Antrag]]>0,tab_RBZ[[#This Row],[Maximalbudget der SAT im Antrag]]=MAX(tab_RBZ[Maximalbudget der SAT im Antrag])),"x","") | G9: =tab_RBZ[[#This Row],[RBZ]] -> x
J10: Kategorie | K10: ID_kat
J11: Kollaborative Bearbeitung digitaler Lerninhalte | K11: 1
A12: Fördergegenstände im Gesamtinvestitionsvolumen für digitale Bildungsinfrastruktur in diesem Antrag gemäß Maßnahmenplanung | B12: geplante Kosten laut Antrag | C12: Anteil am Investitionsvolumen | D12: ID_geg | E12: Anzahl | G12: =1+COUNTIFS(tab_MIT[Budget*)],">0") -> 1 | J12: (gemeinsame) Content-Entwicklung | K12: 2
A13: a) IT-Systeme | B13: 0 | C13: =IFERROR(tab_GEGENSTAND[[#This Row],[geplante Kosten laut Antrag]]/tab_GEGENSTAND[[#Totals],[geplante Kosten laut Antrag]],"") | D13: 1 | E13: =COUNTIFS(tab_MP[ID_geg],tab_GEGENSTAND[[#This Row],[ID_geg]],tab_MP[mp_zuw],">0") -> 0 | G13: =COUNTIFS(tab_MP[mp_zuw],">0") -> 0 | J13: Lernmanagement-System | K13: 3
A14: b) digitale Werkzeuge | B14: 0 | C14: =IFERROR(tab_GEGENSTAND[[#This Row],[geplante Kosten laut Antrag]]/tab_GEGENSTAND[[#Totals],[geplante Kosten laut Antrag]],"") | D14: 2 | E14: =COUNTIFS(tab_MP[ID_geg],tab_GEGENSTAND[[#This Row],[ID_geg]],tab_MP[mp_zuw],">0") -> 0 | J14: Audiovisueller Bereich | K14: 4
A15: c) digitale Dienste | B15: 0 | C15: =IFERROR(tab_GEGENSTAND[[#This Row],[geplante Kosten laut Antrag]]/tab_GEGENSTAND[[#Totals],[geplante Kosten laut Antrag]],"") | D15: 3 | E15: =COUNTIFS(tab_MP[ID_geg],tab_GEGENSTAND[[#This Row],[ID_geg]],tab_MP[mp_zuw],">0") -> 0 | G15: frühestes Rechnungsdatum: | J15: Virtuelle oder erweiterte Realität | K15: 5
A16: d) Strukturen für Wartung und Pflege | B16: 0 | C16: =IFERROR(tab_GEGENSTAND[[#This Row],[geplante Kosten laut Antrag]]/tab_GEGENSTAND[[#Totals],[geplante Kosten laut Antrag]],"") | D16: 4 | E16: =COUNTIFS(tab_MP[ID_geg],tab_GEGENSTAND[[#This Row],[ID_geg]],tab_MP[mp_zuw],">0") -> 0 | G16: =MIN(tab_MD[md_rechnungsdatum]) -> 0 | J16: Programmierung/Coding | K16: 6
A17: Summe | B17: =SUM(tab_GEGENSTAND[geplante Kosten laut Antrag]) -> 0 | C17: =SUM(tab_GEGENSTAND[Anteil am Investitionsvolumen]) -> 0 | E17: =SUBTOTAL(9,tab_GEGENSTAND[Anzahl]) -> 0 | G17: spätestes Rechnungsdatum: | J17: Sonstiges | K17: 7
G18: =MAX(tab_MD[md_rechnungsdatum]) -> 0
A20: Ort | B20: ID_ort | C20: Anzahl | D20: Bezug | E20: Antragsteller | J20: Kategorie | K20: ID_kat
A21: Rathaus | B21: 1 | C21: =COUNTIFS(tab_MP[mp_zuw],">0",tab_MP[mp_ort],tab_ORT[[#This Row],[Ort]]) -> 0 | D21: Im Rathaus | J21: Zugang zu digitalen Medien (ohne Content) | K21: 1
A22: Landratsamt | B22: 2 | C22: =COUNTIFS(tab_MP[mp_zuw],">0",tab_MP[mp_ort],tab_ORT[[#This Row],[Ort]]) -> 0 | D22: Im Landratsamt | J22: Bereitstellung von Lerninhalten (ohne Content) | K22: 2
A23: kommunales Medienzentrum | B23: 3 | C23: =COUNTIFS(tab_MP[mp_zuw],">0",tab_MP[mp_ort],tab_ORT[[#This Row],[Ort]]) -> 0 | D23: Im kommunalen Medienzentrum | E23: =IF(zahl_antragsteller>1,"der Antragsteller ","des Antragstellers ") -> des Antragstellers | J23: asynchrone Kommunikation (z. B. Mail) | K23: 3
A24: eigenes Rechenzentrum | B24: 4 | C24: =COUNTIFS(tab_MP[mp_zuw],">0",tab_MP[mp_ort],tab_ORT[[#This Row],[Ort]]) -> 0 | D24: In einem eigenen Rechenzentrum | E24: =IF(zahl_antragsteller>1,"der Antragsteller ","des Antragstellers ") -> des Antragstellers | J24: synchrone Kommunikation (z. B. Messenger) | K24: 4
A25: Rechenzentrum eines Dienstleisters | B25: 5 | C25: =COUNTIFS(tab_MP[mp_zuw],">0",tab_MP[mp_ort],tab_ORT[[#This Row],[Ort]]) -> 0 | D25: In einem Rechenzentrum eines externen Diensteleisters | J25: Streamingdienste | K25: 5
A26: sonstige Einrichtung der Antragsteller | B26: 6 | C26: =COUNTIFS(tab_MP[mp_zuw],">0",tab_MP[mp_ort],tab_ORT[[#This Row],[Ort]]) -> 0 | D26: In einer sonstigen Einrichtung der Antragsteller | E26: =IF(zahl_antragsteller>1,"der Antragsteller ","des Antragstellers ") -> des Antragstellers | J26: Jugendschutzfilter | K26: 6
A27: Schule | B27: 7 | C27: =COUNTIFS(tab_MP[mp_zuw],">0",tab_MP[mp_ort],tab_ORT[[#This Row],[Ort]]) -> 0 | D27: In einer Schule | E27: =IF(zahl_antragsteller>1,"der Antragsteller ","des Antragstellers ") -> des Antragstellers | J27: Sonstiges | K27: 7
J30: Kategorie | K30: ID_kat
J31: Zentrales Identity Management System | K31: 1
A32: Versicherungen: | J32: Systeme zur Ferndiagnose und -wartung | K32: 2
A33: Weitere Zuwendungen | B33: FALSE | J33: zentrale Gerätemanagementsysteme | K33: 3
A34: Maßnahmebeginn | B34: FALSE | J34: Softwareverteilungssysteme | K34: 4
A35: Vorsteuerabzug | B35: =OR(AND(C35=TRUE,D35=FALSE),AND(D35=TRUE,C35=FALSE)) -> FALSE | C35: FALSE | D35: FALSE | J35: Lizenzmanagementsysteme | K35: 5
A36: Medienkonzepte | B36: FALSE | J36: Schutzsoftware/Datensicherung | K36: 6
A37: IT-Umfrage | B37: FALSE | J37: Sonstiges | K37: 7
A38: Eigenanteil | B38: FALSE
A39: Zweckgebundene Verwendung | B39: FALSE
A40: Ziel der reg. Maßnahmen | B40: FALSE
A41: Mediencurricula | B41: FALSE
A42: Größe reg. Einheit | B42: FALSE
A43: Ergänzende Fördermaßnahmen | B43: =OR(AND(C43=TRUE,D43=FALSE),AND(D43=TRUE,C43=FALSE)) -> TRUE | C43: TRUE | D43: FALSE
A44: elektr. Übermittlung | B44: =OR(AND(C44=TRUE,D44=FALSE),AND(D44=TRUE,C44=FALSE)) -> TRUE | C44: TRUE | D44: FALSE
